Workbook

Sheet PREV TRESO
A3: Previsionnel tresorerie | B3: septembre | C3: octobre | D3: novembre | E3: decembre | F3: janvier | G3: fevrier | H3: mars | I3: avril | J3: mai | K3: juin | L3: juillet | M3: aout
A4: solde initial | D4: =C29 -> 78706 | E4: =D29 -> 69756.66 | F4: =E29 -> 77666.55 | G4: =F29 -> 69342.76 | H4: =G29 -> 68788.95 | I4: =H29 -> 61201.75 | J4: =I29 -> 50168.9 | K4: =J29 -> 53412.12 | ... M4: =L29 -> 33779.28
A5: cotis,cours,badges, invitations,stages | D5: =Feuil2!F18 -> 0 | E5: =Feuil2!G18 -> 0 | F5: =Feuil2!H18 -> 0 | G5: =Feuil2!I18 -> 0 | H5: =Feuil2!J18 -> 0 | I5: =Feuil2!K18 -> 0 | J5: =Feuil2!L18 -> 0 | K5: =Feuil2!M18 -> 1190 | ... M5: =Feuil2!O18 -> 6910.2
A6: tournois et matches | D6: =Feuil2!F27 -> 0 | E6: =Feuil2!G27 -> 1026 | F6: =Feuil2!H27 -> 0 | G6: =Feuil2!I27 -> 127 | H6: =Feuil2!J27 -> 0 | I6: =Feuil2!K27 -> 0 | J6: =Feuil2!L27 -> 4310 | K6: =Feuil2!M27 -> 0 | ... M6: =Feuil2!O27 -> 3048
A7: animations | D7: =Feuil2!F36 -> 2317 | E7: =Feuil2!G36 -> 0 | F7: =Feuil2!H36 -> 0 | G7: =Feuil2!I36 -> 0 | H7: =Feuil2!J36 -> 0 | I7: =Feuil2!K36 -> 0 | J7: =Feuil2!L36 -> 0 | K7: =Feuil2!M36 -> 1350 | ... M7: =Feuil2!O36 -> 0
A8: subventions | D8: =Feuil2!F46 -> 0 | E8: =Feuil2!G46 -> 0 | F8: =Feuil2!H46 -> 0 | G8: =Feuil2!I46 -> 0 | H8: =Feuil2!J46 -> 3233 | I8: =Feuil2!K46 -> 2814 | J8: =Feuil2!L46 -> 8000 | K8: =Feuil2!M46 -> 0 | ... M8: =Feuil2!O46 -> 0
A9: Autres produits | D9: =Feuil2!F52 -> 0 | E9: =Feuil2!G52 -> 638.39 | F9: =Feuil2!H52 -> 0 | G9: =Feuil2!I52 -> 2280.83 | H9: =Feuil2!J52 -> 0 | I9: =Feuil2!K52 -> 0 | J9: =Feuil2!L52 -> 0 | K9: =Feuil2!M52 -> 0 | ... M9: =Feuil2!O52 -> 1858.61
A10: Remises cheques a venir | E10: 11500 | F10: 7020 | G10: 2049 | H10: 315
A12: Total recettes | D12: =SUM(D5:D11) -> 2317 | E12: =SUM(E5:E11) -> 13164.39 | F12: =SUM(F5:F11) -> 7020 | G12: =SUM(G5:G11) -> 4456.83 | H12: =SUM(H5:H11) -> 3548 | I12: =SUM(I5:I11) -> 2814 | J12: =SUM(J5:J11) -> 12310 | K12: =SUM(K5:K11) -> 2540 | ... M12: =SUM(M5:M11) -> 11816.81
A14: balles | D14: =Feuil2!F66 -> -1501.5 | E14: =Feuil2!G66 -> 0 | F14: =Feuil2!H66 -> 0 | G14: =Feuil2!I66 -> 0 | H14: =Feuil2!J66 -> -1544.4 | I14: =Feuil2!K66 -> 0 | J14: =Feuil2!L66 -> 0 | K14: =Feuil2!M66 -> -1544.4 | ... M14: =Feuil2!O66 -> 0
A15: Frais alimentaires | D15: =Feuil2!F82 -> -606.69 | E15: =Feuil2!G82 -> -269.97 | F15: =Feuil2!H82 -> 0 | G15: =Feuil2!I82 -> 0 | H15: =Feuil2!J82 -> -41.73 | I15: =Feuil2!K82 -> -43.35 | J15: =Feuil2!L82 -> -117.01 | K15: =Feuil2!M82 -> -2020.85 | ... M15: =Feuil2!O82 -> -78.41
A16: Achats récompenses, lots et divers | D16: =Feuil2!F98 -> -96 | E16: =Feuil2!G98 -> -35.49 | F16: =Feuil2!H98 -> -111.5 | G16: =Feuil2!I98 -> -100 | H16: =Feuil2!J98 -> 0 | I16: =Feuil2!K98 -> -1979.5 | J16: =Feuil2!L98 -> 0 | K16: =Feuil2!M98 -> -225.07 | ... M16: =Feuil2!O98 -> -400
A17: Entretiens | D17: =Feuil2!F106 -> 0 | E17: =Feuil2!G106 -> 0 | F17: =Feuil2!H106 -> -21.95 | G17: =Feuil2!I106 -> 0 | H17: =Feuil2!J106 -> -1229.86 | I17: =Feuil2!K106 -> -36 | J17: =Feuil2!L106 -> 0 | K17: =Feuil2!M106 -> -116 | ... M17: =Feuil2!O106 -> 0
A18: Frais fonctionnement et bureau | D18: =Feuil2!F118 -> -107.08 | E18: =Feuil2!G118 -> -197.88 | F18: =Feuil2!H118 -> -130.18 | G18: =Feuil2!I118 -> -218.52 | H18: =Feuil2!J118 -> -1509.51 | I18: =Feuil2!K118 -> -112.88 | J18: =Feuil2!L118 -> -441.66 | K18: =Feuil2!M118 -> -375.32 | ... M18: =Feuil2!O118 -> -617.22
A19: Reversement licence et divers | D19: =Feuil2!F125 -> -1898 | E19: =Feuil2!G125 -> -174 | F19: =Feuil2!H125 -> -390 | G19: =Feuil2!I125 -> -55 | H19: =Feuil2!J125 -> 0 | I19: =Feuil2!K125 -> -58 | J19: =Feuil2!L125 -> -171 | K19: =Feuil2!M125 -> 0 | ... M19: =Feuil2!O125 -> -1095
A20: Matchs équipe (ME) | D20: =Feuil2!F131 -> -132 | E20: =Feuil2!G131 -> -92 | F20: =Feuil2!H131 -> -92 | G20: =Feuil2!I131 -> -157 | H20: =Feuil2!J131 -> -138 | I20: =Feuil2!K131 -> -432 | J20: =Feuil2!L131 -> -590 | K20: =Feuil2!M131 -> -48 | ... M20: =Feuil2!O131 -> 0
A21: Tournois Frais juge arbitre | D21: =Feuil2!F139 -> 0 | E21: =Feuil2!G139 -> 0 | F21: =Feuil2!H139 -> 0 | G21: =Feuil2!I139 -> 0 | H21: =Feuil2!J139 -> 0 | I21: =Feuil2!K139 -> -529 | J21: =Feuil2!L139 -> 0 | K21: =Feuil2!M139 -> 0 | ... M21: =Feuil2!O139 -> 0
A22: Frais divers animations | D22: =Feuil2!F146 -> -2600 | E22: =Feuil2!G146 -> 0 | F22: =Feuil2!H146 -> 0 | G22: =Feuil2!I146 -> 0 | H22: =Feuil2!J146 -> 0 | I22: =Feuil2!K146 -> 0 | J22: =Feuil2!L146 -> 0 | K22: =Feuil2!M146 -> 0 | ... M22: =Feuil2!O146 -> 0
A23: Formation | D23: =Feuil2!F153 -> 0 | E23: =Feuil2!G153 -> -160 | F23: =Feuil2!H153 -> -60 | G23: =Feuil2!I153 -> 0 | H23: =Feuil2!J153 -> -1138 | I23: =Feuil2!K153 -> 0 | J23: =Feuil2!L153 -> -100 | K23: =Feuil2!M153 -> 0 | ... M23: =Feuil2!O153 -> -100
A24: Salaires | D24: =Feuil2!F157 -> -4325.07 | E24: =Feuil2!G157 -> -4325.16 | F24: =Feuil2!H157 -> -4325.16 | G24: =Feuil2!I157 -> -4480.12 | H24: =Feuil2!J157 -> -4550.36 | I24: =Feuil2!K157 -> -4480.12 | J24: =Feuil2!L157 -> -4558.11 | K24: =Feuil2!M157 -> -5298.12 | ... M24: =Feuil2!O157 -> -3877.44
A25: Charges | D25: =Feuil2!F161 -> 0 | E25: =Feuil2!G161 -> 0 | F25: =Feuil2!H161 -> -10213 | G25: =Feuil2!I161 -> 0 | H25: =Feuil2!J161 -> -983.34 | I25: =Feuil2!K161 -> -6176 | J25: =Feuil2!L161 -> -3089 | K25: =Feuil2!M161 -> -3089 | ... M25: =Feuil2!O161 -> -3432
A27: Total depenses | D27: =SUM(D14:D26) -> -11266.34 | E27: =SUM(E14:E26) -> -5254.5 | F27: =SUM(F14:F26) -> -15343.79 | G27: =SUM(G14:G26) -> -5010.64 | H27: =SUM(H14:H26) -> -11135.2 | I27: =SUM(I14:I26) -> -13846.85 | J27: =SUM(J14:J26) -> -9066.78 | K27: =SUM(K14:K26) -> -12716.76 | ... M27: =SUM(M14:M26) -> -9600.07
A29: solde final | C29: 78706 | D29: =D4+D12+D27 -> 69756.66 | E29: =E4+E12+E27 -> 77666.55 | F29: =F4+F12+F27 -> 69342.76 | G29: =G4+G12+G27 -> 68788.95 | H29: =H4+H12+H27 -> 61201.75 | I29: =I4+I12+I27 -> 50168.9 | J29: =J4+J12+J27 -> 53412.12 | K29: =K4+K12+K27 -> 43235.36 | ... M29: =M4+M12+M27 -> 35996.02

Sheet Feuil1
A1: 606400 | B1: Fournitures de bureau | C1: 42868 | D1: Cartouches C4001344 | E1: 242.78 | F1: 0 | G1: =F1-E1 -> -242.78 | H1: 0 | I1: =G1+(G1*H1) -> -242.78
A2: 606400 | B2: Fournitures de bureau | C2: 42808 | D2: Cartouches | E2: 70.39 | F2: 0 | G2: =F2-E2 -> -70.39 | H2: 0 | I2: =G2+(G2*H2) -> -70.39
A3: 606400 | B3: Fournitures de bureau | C3: 42975 | D3: 500 cartes & pochettes | E3: 505.2 | F3: 0 | G3: =F3-E3 -> -505.2 | H3: 0 | I3: =G3+(G3*H3) -> -505.2
A4: 606400 | B4: Fournitures de bureau | C4: 42915 | D4: Fournitures | E4: 23.98 | F4: 0 | G4: =F4-E4 -> -23.98 | H4: 0 | I4: =G4+(G4*H4) -> -23.98
A5: 606510 | B5: Balles tournoi open avril | C5: 42818 | D5: Balles | E5: 1544.4 | F5: 0 | G5: =F5-E5 -> -1544.4 | H5: 0 | I5: =G5+(G5*H5) -> -1544.4
A6: 606520 | B6: Balles tournoi open juillet | C6: 42915 | D6: Balles teccnifibre | E6: 1544.4 | F6: 0 | G6: =F6-E6 -> -1544.4 | H6: 0 | I6: =G6+(G6*H6) -> -1544.4
A7: 606550 | B7: Balles entraînements (CCA & école de tennis) | C7: 42677 | D7: Balles Technifibre - Matchs/équipe | E7: 1501.5 | F7: 0 | G7: =F7-E7 -> -1501.5 | H7: 0 | I7: =G7+(G7*H7) -> -1501.5
A8: 606550 | B8: Balles entraînements (CCA & école de tennis) | C8: 42635 | D8: Balles technifibre mini tennis & babolat | E8: 830.2 | F8: 0 | G8: =F8-E8 -> -830.2 | H8: 0 | I8: =G8+(G8*H8) -> -830.2
A9: 606612 | B9: Soirée diverse (Bowling…) | C9: 42696 | D9: C4001505 Soirée Beaujolais | E9: 291.19 | F9: 0 | G9: =F9-E9 -> -291.19 | H9: 0 | I9: =G9+(G9*H9) -> -291.19
A10: 606612 | B10: Soirée diverse (Bowling…) | C10: 42734 | D10: Galettes C4001506 | E10: 99 | F10: 0 | G10: =F10-E10 -> -99 | H10: 0 | I10: =G10+(G10*H10) -> -99
A11: 606614 | B11: Fête école de tennis & barbecue | C11: 42910 | D11: Barbecue | E11: 395.74 | F11: 0 | G11: =F11-E11 -> -395.74 | H11: 0 | I11: =G11+(G11*H11) -> -395.74
A12: 606615 | B12: Pot de l'AG & Soirées bureau | C12: 42630 | D12: Pot AG N-1 | E12: 73.95 | F12: 0 | G12: =F12-E12 -> -73.95 | H12: 0 | I12: =G12+(G12*H12) -> -73.95
... A119: 624120 | B119: REC - Tournoi open juillet | C119: 42977 | D119: Finaliste dames C4240014 | E119: 150 | F119: 0 | G119: =F119-E119 -> -150 | H119: 0 | I119: =G119+(G119*H119) -> -150
A120: 625110 | B120: Soirée Gala | C120: 42675 | I120: -2600
A121: 625150 | B121: Frais de transport, carburant | C121: 42646 | D121: Carburant C4001421 | E121: 38.44 | F121: 0 | G121: =F121-E121 -> -38.44 | H121: 0 | I121: =G121+(G121*H121) -> -38.44
A122: 626100 | B122: Affranchissement | C122: 42795 | D122: lettres prioritaires | E122: 1.7 | F122: 0 | G122: =F122-E122 -> -1.7 | H122: 0 | I122: =G122+(G122*H122) -> -1.7
A123: 626100 | B123: Affranchissement | C123: 42949 | D123: 1 lettre verte | E123: 3.4 | F123: 0 | G123: =F123-E123 -> -3.4 | H123: 0 | I123: =G123+(G123*H123) -> -3.4
A124: 626100 | B124: Affranchissement | C124: 42803 | D124: lettres prioritaires | E124: 3.4 | F124: 0 | G124: =F124-E124 -> -3.4 | H124: 0 | I124: =G124+(G124*H124) -> -3.4
A125: 626100 | B125: Affranchissement | C125: 42900 | D125: C4001438 lettre / La poste | E125: 3.2 | F125: 0 | G125: =F125-E125 -> -3.2 | H125: 0 | I125: =G125+(G125*H125) -> -3.2
A126: 626100 | B126: Affranchissement | C126: 42781 | D126: 2 lettres prioritaires | E126: 1.7 | F126: 0 | G126: =F126-E126 -> -1.7 | H126: 0 | I126: =G126+(G126*H126) -> -1.7
A127: 626100 | B127: Affranchissement | C127: 42901 | D127: lettres prioritaires | E127: 8.15 | F127: 0 | G127: =F127-E127 -> -8.15 | H127: 0 | I127: =G127+(G127*H127) -> -8.15
A128: 626100 | B128: Affranchissement | C128: 42963 | D128: lettre prioritaire | E128: 1.7 | F128: 0 | G128: =F128-E128 -> -1.7 | H128: 0 | I128: =G128+(G128*H128) -> -1.7
A129: 626100 | B129: Affranchissement | C129: 42843 | D129: 1 lettre recommandée | E129: 5.6 | F129: 0 | G129: =F129-E129 -> -5.6 | H129: 0 | I129: =G129+(G129*H129) -> -5.6
A130: 626100 | B130: Affranchissement | C130: 42843 | D130: 2 lettres prioritaires | E130: 3.4 | F130: 0 | G130: =F130-E130 -> -3.4 | H130: 0 | I130: =G130+(G130*H130) -> -3.4
A131: 626100 | B131: Affranchissement | C131: 42696 | D131: 1 lettre prioritaire | E131: 3.2 | F131: 0 | G131: =F131-E131 -> -3.2 | H131: 0 | I131: =G131+(G131*H131) -> -3.2
A132: 626100 | B132: Affranchissement | C132: 42760 | D132: 1 lettre | E132: 6.3 | F132: 0 | G132: =F132-E132 -> -6.3 | H132: 0 | I132: =G132+(G132*H132) -> -6.3
... A311: 706100 | B311: Invitations | C311: 42978 | D311: Recettes 2016/2017 | E311: 0 | F311: 256 | G311: =F311-E311 -> 256 | H311: -0.3 | I311: =G311+(G311*H311) -> 179.2
A312: 708110 | B312: Soirée Gala | C312: 42675 | D312: Soirée gala | I312: 2317
A313: 708140 | B313: Fête école de tennis | C313: 42943 | D313: Barbecue 06/17 | E313: 0 | F313: 399 | G313: =F313-E313 -> 399 | H313: 0 | I313: =G313+(G313*H313) -> 399
A314: 708150 | B314: Soirée Equipes | C314: 42907 | D314: Soirée équipes | E314: 0 | F314: 1350 | G314: =F314-E314 -> 1350 | H314: 0 | I314: =G314+(G314*H314) -> 1350
A315: 708210 | B315: Tournoi open avril | C315: 42871 | D315: Tournoi avril | E315: 0 | F315: 4310 | G315: =F315-E315 -> 4310 | H315: 0 | I315: =G315+(G315*H315) -> 4310
A316: 708220 | B316: Tournoi open juillet | C316: 42965 | D316: Tournoi Open 07/17 Inscriptions | E316: 0 | F316: 462 | G316: =F316-E316 -> 462 | H316: 0 | I316: =G316+(G316*H316) -> 462
A317: 708220 | B317: Tournoi open juillet | C317: 42965 | D317: Tournoi Open 07/17 Inscriptions | E317: 0 | F317: 1030 | G317: =F317-E317 -> 1030 | H317: 0 | I317: =G317+(G317*H317) -> 1030
A318: 708220 | B318: Tournoi open juillet | C318: 42965 | D318: Tournoi Open 07/17 Inscriptions | E318: 0 | F318: 1319 | G318: =F318-E318 -> 1319 | H318: 0 | I318: =G318+(G318*H318) -> 1319
A319: 708230 | B319: Tournoi interne | C319: 42767 | D319: Tournoi double | E319: 0 | F319: 127 | G319: =F319-E319 -> 127 | H319: 0 | I319: =G319+(G319*H319) -> 127
A320: 708230 | B320: Tournoi interne | C320: 42965 | D320: Tournoi interne Inscriptions | E320: 0 | F320: 237 | G320: =F320-E320 -> 237 | H320: 0 | I320: =G320+(G320*H320) -> 237
A321: 708240 | B321: Tournoi Galaxie | C321: 42943 | D321: Tournois Galaxie Inscription | E321: 0 | F321: 195 | G321: =F321-E321 -> 195 | H321: 0 | I321: =G321+(G321*H321) -> 195
A322: 708250 | B322: Tournoi Trophée Chatrier | C322: 42709 | D322: Trophée Chatrier | E322: 0 | F322: 1026 | G322: =F322-E322 -> 1026 | H322: 0 | I322: =G322+(G322*H322) -> 1026
A323: 709100 | B323: Remises accordées sur cotisation | C323: 42978 | D323: Recettes 2016/2017 | E323: 634.43 | F323: 0 | G323: =F323-E323 -> -634.43 | H323: -1 | I323: =G323+(G323*H323) -> 0
A324: 740100 | B324: Subvention Mairie | C324: 42627 | D324: Subvention mairie - solde | E324: 0 | F324: 8000 | G324: =F324-E324 -> 8000 | H324: 0 | I324: =G324+(G324*H324) -> 8000
... A344: 770000 | B344: Autres produits | C344: 42978 | D344: Ecritures antérieures non débitées => ... | E344: 0 | F344: 1858.61 | G344: =F344-E344 -> 1858.61 | H344: 0 | I344: =G344+(G344*H344) -> 1858.61

Sheet Feuil2
B2: RECETTES | D2: P09 | E2: P10 | F2: P11 | G2: P12 | H2: P01 | I2: P02 | J2: P03 | K2: P04 | L2: P05 | M2: P06 | N2: P07 | O2: P08
A4: 706010 | B4: Stages | D4: =SUMPRODUCT((Feuil1!$C:$C>=DATEVALUE("01/09/2016"))*((Feuil1!$C:$C<=DATEVALUE("30/09/2016"))*(Feuil1!$A:$A=$A4)*Feuil1!$I:$I)) -> 0 | E4: =SUMPRODUCT((Feuil1!$C:$C>=DATEVALUE("01/10/2016"))*((Feuil1!$C:$C<=DATEVALUE("31/10/2016"))*(Feuil1!$A:$A=$A4)*Feuil1!$I:$I)) -> 0 | F4: =SUMPRODUCT((Feuil1!$C:$C>=DATEVALUE("01/11/2016"))*((Feuil1!$C:$C<=DATEVALUE("30/11/2016"))*(Feuil1!$A:$A=$A4)*Feuil1!$I:$I)) -> 0 | G4: =SUMPRODUCT((Feuil1!$C:$C>=DATEVALUE("01/12/2016"))*((Feuil1!$C:$C<=DATEVALUE("31/12/2016"))*(Feuil1!$A:$A=$A4)*Feuil1!$I:$I)) -> 0 | H4: =SUMPRODUCT((Feuil1!$C:$C>=DATEVALUE("01/01/2017"))*((Feuil1!$C:$C<=DATEVALUE("31/01/2017"))*(Feuil1!$A:$A=$A4)*Feuil1!$I:$I)) -> 0 | I4: =SUMPRODUCT((Feuil1!$C:$C>=DATEVALUE("01/02/2017"))*((Feuil1!$C:$C<=DATEVALUE("28/02/2017"))*(Feuil1!$A:$A=$A4)*Feuil1!$I:$I)) -> 0 | J4: =SUMPRODUCT((Feuil1!$C:$C>=DATEVALUE("01/03/2017"))*((Feuil1!$C:$C<=DATEVALUE("31/03/2017"))*(Feuil1!$A:$A=$A4)*Feuil1!$I:$I)) -> 0 | K4: =SUMPRODUCT((Feuil1!$C:$C>=DATEVALUE("01/04/2017"))*((Feuil1!$C:$C<=DATEVALUE("30/04/2017"))*(Feuil1!$A:$A=$A4)*Feuil1!$I:$I)) -> 0 | L4: =SUMPRODUCT((Feuil1!$C:$C>=DATEVALUE("01/05/2017"))*((Feuil1!$C:$C<=DATEVALUE("31/05/2017"))*(Feuil1!$A:$A=$A4)*Feuil1!$I:$I)) -> 0 | M4: =SUMPRODUCT((Feuil1!$C:$C>=DATEVALUE("01/06/2017"))*((Feuil1!$C:$C<=DATEVALUE("30/06/2017"))*(Feuil1!$A:$A=$A4)*Feuil1!$I:$I)) -> 1190 | N4: =SUMPRODUCT((Feuil1!$C:$C>=DATEVALUE("01/07/2017"))*((Feuil1!$C:$C<=DATEVALUE("31/07/2017"))*(Feuil1!$A:$A=$A4)*Feuil1!$I:$I)) -> -70 | O4: =SUMPRODUCT((Feuil1!$C:$C>=DATEVALUE("01/08/2017"))*((Feuil1!$C:$C<=DATEVALUE("31/08/2017"))*(Feuil1!$A:$A=$A4)*Feuil1!$I:$I)) -> 5788
A5: 706020 | B5: Ecole de tennis | D5: =SUMPRODUCT((Feuil1!$C:$C>=DATEVALUE("01/09/2016"))*((Feuil1!$C:$C<=DATEVALUE("30/09/2016"))*(Feuil1!$A:$A=$A5)*Feuil1!$I:$I)) -> 0 | E5: =SUMPRODUCT((Feuil1!$C:$C>=DATEVALUE("01/10/2016"))*((Feuil1!$C:$C<=DATEVALUE("31/10/2016"))*(Feuil1!$A:$A=$A5)*Feuil1!$I:$I)) -> 0 | F5: =SUMPRODUCT((Feuil1!$C:$C>=DATEVALUE("01/11/2016"))*((Feuil1!$C:$C<=DATEVALUE("30/11/2016"))*(Feuil1!$A:$A=$A5)*Feuil1!$I:$I)) -> 0 | G5: =SUMPRODUCT((Feuil1!$C:$C>=DATEVALUE("01/12/2016"))*((Feuil1!$C:$C<=DATEVALUE("31/12/2016"))*(Feuil1!$A:$A=$A5)*Feuil1!$I:$I)) -> 0 | H5: =SUMPRODUCT((Feuil1!$C:$C>=DATEVALUE("01/01/2017"))*((Feuil1!$C:$C<=DATEVALUE("31/01/2017"))*(Feuil1!$A:$A=$A5)*Feuil1!$I:$I)) -> 0 | I5: =SUMPRODUCT((Feuil1!$C:$C>=DATEVALUE("01/02/2017"))*((Feuil1!$C:$C<=DATEVALUE("28/02/2017"))*(Feuil1!$A:$A=$A5)*Feuil1!$I:$I)) -> 0 | J5: =SUMPRODUCT((Feuil1!$C:$C>=DATEVALUE("01/03/2017"))*((Feuil1!$C:$C<=DATEVALUE("31/03/2017"))*(Feuil1!$A:$A=$A5)*Feuil1!$I:$I)) -> 0 | K5: =SUMPRODUCT((Feuil1!$C:$C>=DATEVALUE("01/04/2017"))*((Feuil1!$C:$C<=DATEVALUE("30/04/2017"))*(Feuil1!$A:$A=$A5)*Feuil1!$I:$I)) -> 0 | L5: =SUMPRODUCT((Feuil1!$C:$C>=DATEVALUE("01/05/2017"))*((Feuil1!$C:$C<=DATEVALUE("31/05/2017"))*(Feuil1!$A:$A=$A5)*Feuil1!$I:$I)) -> 0 | M5: =SUMPRODUCT((Feuil1!$C:$C>=DATEVALUE("01/06/2017"))*((Feuil1!$C:$C<=DATEVALUE("30/06/2017"))*(Feuil1!$A:$A=$A5)*Feuil1!$I:$I)) -> 0 | N5: =SUMPRODUCT((Feuil1!$C:$C>=DATEVALUE("01/07/2017"))*((Feuil1!$C:$C<=DATEVALUE("31/07/2017"))*(Feuil1!$A:$A=$A5)*Feuil1!$I:$I)) -> 0 | O5: =SUMPRODUCT((Feuil1!$C:$C>=DATEVALUE("01/08/2017"))*((Feuil1!$C:$C<=DATEVALUE("31/08/2017"))*(Feuil1!$A:$A=$A5)*Feuil1!$I:$I)) -> 0
A6: 706030 | B6: Cours cadets junior | D6: =SUMPRODUCT((Feuil1!$C:$C>=DATEVALUE("01/09/2016"))*((Feuil1!$C:$C<=DATEVALUE("30/09/2016"))*(Feuil1!$A:$A=$A6)*Feuil1!$I:$I)) -> 0 | E6: =SUMPRODUCT((Feuil1!$C:$C>=DATEVALUE("01/10/2016"))*((Feuil1!$C:$C<=DATEVALUE("31/10/2016"))*(Feuil1!$A:$A=$A6)*Feuil1!$I:$I)) -> 0 | F6: =SUMPRODUCT((Feuil1!$C:$C>=DATEVALUE("01/11/2016"))*((Feuil1!$C:$C<=DATEVALUE("30/11/2016"))*(Feuil1!$A:$A=$A6)*Feuil1!$I:$I)) -> 0 | G6: =SUMPRODUCT((Feuil1!$C:$C>=DATEVALUE("01/12/2016"))*((Feuil1!$C:$C<=DATEVALUE("31/12/2016"))*(Feuil1!$A:$A=$A6)*Feuil1!$I:$I)) -> 0 | H6: =SUMPRODUCT((Feuil1!$C:$C>=DATEVALUE("01/01/2017"))*((Feuil1!$C:$C<=DATEVALUE("31/01/2017"))*(Feuil1!$A:$A=$A6)*Feuil1!$I:$I)) -> 0 | I6: =SUMPRODUCT((Feuil1!$C:$C>=DATEVALUE("01/02/2017"))*((Feuil1!$C:$C<=DATEVALUE("28/02/2017"))*(Feuil1!$A:$A=$A6)*Feuil1!$I:$I)) -> 0 | J6: =SUMPRODUCT((Feuil1!$C:$C>=DATEVALUE("01/03/2017"))*((Feuil1!$C:$C<=DATEVALUE("31/03/2017"))*(Feuil1!$A:$A=$A6)*Feuil1!$I:$I)) -> 0 | K6: =SUMPRODUCT((Feuil1!$C:$C>=DATEVALUE("01/04/2017"))*((Feuil1!$C:$C<=DATEVALUE("30/04/2017"))*(Feuil1!$A:$A=$A6)*Feuil1!$I:$I)) -> 0 | L6: =SUMPRODUCT((Feuil1!$C:$C>=DATEVALUE("01/05/2017"))*((Feuil1!$C:$C<=DATEVALUE("31/05/2017"))*(Feuil1!$A:$A=$A6)*Feuil1!$I:$I)) -> 0 | M6: =SUMPRODUCT((Feuil1!$C:$C>=DATEVALUE("01/06/2017"))*((Feuil1!$C:$C<=DATEVALUE("30/06/2017"))*(Feuil1!$A:$A=$A6)*Feuil1!$I:$I)) -> 0 | N6: =SUMPRODUCT((Feuil1!$C:$C>=DATEVALUE("01/07/2017"))*((Feuil1!$C:$C<=DATEVALUE("31/07/2017"))*(Feuil1!$A:$A=$A6)*Feuil1!$I:$I)) -> 0 | O6: =SUMPRODUCT((Feuil1!$C:$C>=DATEVALUE("01/08/2017"))*((Feuil1!$C:$C<=DATEVALUE("31/08/2017"))*(Feuil1!$A:$A=$A6)*Feuil1!$I:$I)) -> 0
A7: 706040 | B7: Entrainements Jeunes | D7: =SUMPRODUCT((Feuil1!$C:$C>=DATEVALUE("01/09/2016"))*((Feuil1!$C:$C<=DATEVALUE("30/09/2016"))*(Feuil1!$A:$A=$A7)*Feuil1!$I:$I)) -> 0 | E7: =SUMPRODUCT((Feuil1!$C:$C>=DATEVALUE("01/10/2016"))*((Feuil1!$C:$C<=DATEVALUE("31/10/2016"))*(Feuil1!$A:$A=$A7)*Feuil1!$I:$I)) -> 0 | F7: =SUMPRODUCT((Feuil1!$C:$C>=DATEVALUE("01/11/2016"))*((Feuil1!$C:$C<=DATEVALUE("30/11/2016"))*(Feuil1!$A:$A=$A7)*Feuil1!$I:$I)) -> 0 | G7: =SUMPRODUCT((Feuil1!$C:$C>=DATEVALUE("01/12/2016"))*((Feuil1!$C:$C<=DATEVALUE("31/12/2016"))*(Feuil1!$A:$A=$A7)*Feuil1!$I:$I)) -> 0 | H7: =SUMPRODUCT((Feuil1!$C:$C>=DATEVALUE("01/01/2017"))*((Feuil1!$C:$C<=DATEVALUE("31/01/2017"))*(Feuil1!$A:$A=$A7)*Feuil1!$I:$I)) -> 0 | I7: =SUMPRODUCT((Feuil1!$C:$C>=DATEVALUE("01/02/2017"))*((Feuil1!$C:$C<=DATEVALUE("28/02/2017"))*(Feuil1!$A:$A=$A7)*Feuil1!$I:$I)) -> 0 | J7: =SUMPRODUCT((Feuil1!$C:$C>=DATEVALUE("01/03/2017"))*((Feuil1!$C:$C<=DATEVALUE("31/03/2017"))*(Feuil1!$A:$A=$A7)*Feuil1!$I:$I)) -> 0 | K7: =SUMPRODUCT((Feuil1!$C:$C>=DATEVALUE("01/04/2017"))*((Feuil1!$C:$C<=DATEVALUE("30/04/2017"))*(Feuil1!$A:$A=$A7)*Feuil1!$I:$I)) -> 0 | L7: =SUMPRODUCT((Feuil1!$C:$C>=DATEVALUE("01/05/2017"))*((Feuil1!$C:$C<=DATEVALUE("31/05/2017"))*(Feuil1!$A:$A=$A7)*Feuil1!$I:$I)) -> 0 | M7: =SUMPRODUCT((Feuil1!$C:$C>=DATEVALUE("01/06/2017"))*((Feuil1!$C:$C<=DATEVALUE("30/06/2017"))*(Feuil1!$A:$A=$A7)*Feuil1!$I:$I)) -> 0 | N7: =SUMPRODUCT((Feuil1!$C:$C>=DATEVALUE("01/07/2017"))*((Feuil1!$C:$C<=DATEVALUE("31/07/2017"))*(Feuil1!$A:$A=$A7)*Feuil1!$I:$I)) -> 0 | O7: =SUMPRODUCT((Feuil1!$C:$C>=DATEVALUE("01/08/2017"))*((Feuil1!$C:$C<=DATEVALUE("31/08/2017"))*(Feuil1!$A:$A=$A7)*Feuil1!$I:$I)) -> 0
A8: 706050 | B8: Cours Collectif Adultes | D8: =SUMPRODUCT((Feuil1!$C:$C>=DATEVALUE("01/09/2016"))*((Feuil1!$C:$C<=DATEVALUE("30/09/2016"))*(Feuil1!$A:$A=$A8)*Feuil1!$I:$I)) -> 0 | E8: =SUMPRODUCT((Feuil1!$C:$C>=DATEVALUE("01/10/2016"))*((Feuil1!$C:$C<=DATEVALUE("31/10/2016"))*(Feuil1!$A:$A=$A8)*Feuil1!$I:$I)) -> 0 | F8: =SUMPRODUCT((Feuil1!$C:$C>=DATEVALUE("01/11/2016"))*((Feuil1!$C:$C<=DATEVALUE("30/11/2016"))*(Feuil1!$A:$A=$A8)*Feuil1!$I:$I)) -> 0 | G8: =SUMPRODUCT((Feuil1!$C:$C>=DATEVALUE("01/12/2016"))*((Feuil1!$C:$C<=DATEVALUE("31/12/2016"))*(Feuil1!$A:$A=$A8)*Feuil1!$I:$I)) -> 0 | H8: =SUMPRODUCT((Feuil1!$C:$C>=DATEVALUE("01/01/2017"))*((Feuil1!$C:$C<=DATEVALUE("31/01/2017"))*(Feuil1!$A:$A=$A8)*Feuil1!$I:$I)) -> 0 | I8: =SUMPRODUCT((Feuil1!$C:$C>=DATEVALUE("01/02/2017"))*((Feuil1!$C:$C<=DATEVALUE("28/02/2017"))*(Feuil1!$A:$A=$A8)*Feuil1!$I:$I)) -> 0 | J8: =SUMPRODUCT((Feuil1!$C:$C>=DATEVALUE("01/03/2017"))*((Feuil1!$C:$C<=DATEVALUE("31/03/2017"))*(Feuil1!$A:$A=$A8)*Feuil1!$I:$I)) -> 0 | K8: =SUMPRODUCT((Feuil1!$C:$C>=DATEVALUE("01/04/2017"))*((Feuil1!$C:$C<=DATEVALUE("30/04/2017"))*(Feuil1!$A:$A=$A8)*Feuil1!$I:$I)) -> 0 | L8: =SUMPRODUCT((Feuil1!$C:$C>=DATEVALUE("01/05/2017"))*((Feuil1!$C:$C<=DATEVALUE("31/05/2017"))*(Feuil1!$A:$A=$A8)*Feuil1!$I:$I)) -> 0 | M8: =SUMPRODUCT((Feuil1!$C:$C>=DATEVALUE("01/06/2017"))*((Feuil1!$C:$C<=DATEVALUE("30/06/2017"))*(Feuil1!$A:$A=$A8)*Feuil1!$I:$I)) -> 0 | N8: =SUMPRODUCT((Feuil1!$C:$C>=DATEVALUE("01/07/2017"))*((Feuil1!$C:$C<=DATEVALUE("31/07/2017"))*(Feuil1!$A:$A=$A8)*Feuil1!$I:$I)) -> 0 | O8: =SUMPRODUCT((Feuil1!$C:$C>=DATEVALUE("01/08/2017"))*((Feuil1!$C:$C<=DATEVALUE("31/08/2017"))*(Feuil1!$A:$A=$A8)*Feuil1!$I:$I)) -> 0
A9: 706060 | B9: Entrainement joueurs équipes | D9: =SUMPRODUCT((Feuil1!$C:$C>=DATEVALUE("01/09/2016"))*((Feuil1!$C:$C<=DATEVALUE("30/09/2016"))*(Feuil1!$A:$A=$A9)*Feuil1!$I:$I)) -> 0 | E9: =SUMPRODUCT((Feuil1!$C:$C>=DATEVALUE("01/10/2016"))*((Feuil1!$C:$C<=DATEVALUE("31/10/2016"))*(Feuil1!$A:$A=$A9)*Feuil1!$I:$I)) -> 0 | F9: =SUMPRODUCT((Feuil1!$C:$C>=DATEVALUE("01/11/2016"))*((Feuil1!$C:$C<=DATEVALUE("30/11/2016"))*(Feuil1!$A:$A=$A9)*Feuil1!$I:$I)) -> 0 | G9: =SUMPRODUCT((Feuil1!$C:$C>=DATEVALUE("01/12/2016"))*((Feuil1!$C:$C<=DATEVALUE("31/12/2016"))*(Feuil1!$A:$A=$A9)*Feuil1!$I:$I)) -> 0 | H9: =SUMPRODUCT((Feuil1!$C:$C>=DATEVALUE("01/01/2017"))*((Feuil1!$C:$C<=DATEVALUE("31/01/2017"))*(Feuil1!$A:$A=$A9)*Feuil1!$I:$I)) -> 0 | I9: =SUMPRODUCT((Feuil1!$C:$C>=DATEVALUE("01/02/2017"))*((Feuil1!$C:$C<=DATEVALUE("28/02/2017"))*(Feuil1!$A:$A=$A9)*Feuil1!$I:$I)) -> 0 | J9: =SUMPRODUCT((Feuil1!$C:$C>=DATEVALUE("01/03/2017"))*((Feuil1!$C:$C<=DATEVALUE("31/03/2017"))*(Feuil1!$A:$A=$A9)*Feuil1!$I:$I)) -> 0 | K9: =SUMPRODUCT((Feuil1!$C:$C>=DATEVALUE("01/04/2017"))*((Feuil1!$C:$C<=DATEVALUE("30/04/2017"))*(Feuil1!$A:$A=$A9)*Feuil1!$I:$I)) -> 0 | L9: =SUMPRODUCT((Feuil1!$C:$C>=DATEVALUE("01/05/2017"))*((Feuil1!$C:$C<=DATEVALUE("31/05/2017"))*(Feuil1!$A:$A=$A9)*Feuil1!$I:$I)) -> 0 | M9: =SUMPRODUCT((Feuil1!$C:$C>=DATEVALUE("01/06/2017"))*((Feuil1!$C:$C<=DATEVALUE("30/06/2017"))*(Feuil1!$A:$A=$A9)*Feuil1!$I:$I)) -> 0 | N9: =SUMPRODUCT((Feuil1!$C:$C>=DATEVALUE("01/07/2017"))*((Feuil1!$C:$C<=DATEVALUE("31/07/2017"))*(Feuil1!$A:$A=$A9)*Feuil1!$I:$I)) -> 0 | O9: =SUMPRODUCT((Feuil1!$C:$C>=DATEVALUE("01/08/2017"))*((Feuil1!$C:$C<=DATEVALUE("31/08/2017"))*(Feuil1!$A:$A=$A9)*Feuil1!$I:$I)) -> 0
A10: 706070 | B10: Club Junior | D10: =SUMPRODUCT((Feuil1!$C:$C>=DATEVALUE("01/09/2016"))*((Feuil1!$C:$C<=DATEVALUE("30/09/2016"))*(Feuil1!$A:$A=$A10)*Feuil1!$I:$I)) -> 0 | E10: =SUMPRODUCT((Feuil1!$C:$C>=DATEVALUE("01/10/2016"))*((Feuil1!$C:$C<=DATEVALUE("31/10/2016"))*(Feuil1!$A:$A=$A10)*Feuil1!$I:$I)) -> 0 | F10: =SUMPRODUCT((Feuil1!$C:$C>=DATEVALUE("01/11/2016"))*((Feuil1!$C:$C<=DATEVALUE("30/11/2016"))*(Feuil1!$A:$A=$A10)*Feuil1!$I:$I)) -> 0 | G10: =SUMPRODUCT((Feuil1!$C:$C>=DATEVALUE("01/12/2016"))*((Feuil1!$C:$C<=DATEVALUE("31/12/2016"))*(Feuil1!$A:$A=$A10)*Feuil1!$I:$I)) -> 0 | H10: =SUMPRODUCT((Feuil1!$C:$C>=DATEVALUE("01/01/2017"))*((Feuil1!$C:$C<=DATEVALUE("31/01/2017"))*(Feuil1!$A:$A=$A10)*Feuil1!$I:$I)) -> 0 | I10: =SUMPRODUCT((Feuil1!$C:$C>=DATEVALUE("01/02/2017"))*((Feuil1!$C:$C<=DATEVALUE("28/02/2017"))*(Feuil1!$A:$A=$A10)*Feuil1!$I:$I)) -> 0 | J10: =SUMPRODUCT((Feuil1!$C:$C>=DATEVALUE("01/03/2017"))*((Feuil1!$C:$C<=DATEVALUE("31/03/2017"))*(Feuil1!$A:$A=$A10)*Feuil1!$I:$I)) -> 0 | K10: =SUMPRODUCT((Feuil1!$C:$C>=DATEVALUE("01/04/2017"))*((Feuil1!$C:$C<=DATEVALUE("30/04/2017"))*(Feuil1!$A:$A=$A10)*Feuil1!$I:$I)) -> 0 | L10: =SUMPRODUCT((Feuil1!$C:$C>=DATEVALUE("01/05/2017"))*((Feuil1!$C:$C<=DATEVALUE("31/05/2017"))*(Feuil1!$A:$A=$A10)*Feuil1!$I:$I)) -> 0 | M10: =SUMPRODUCT((Feuil1!$C:$C>=DATEVALUE("01/06/2017"))*((Feuil1!$C:$C<=DATEVALUE("30/06/2017"))*(Feuil1!$A:$A=$A10)*Feuil1!$I:$I)) -> 0 | N10: =SUMPRODUCT((Feuil1!$C:$C>=DATEVALUE("01/07/2017"))*((Feuil1!$C:$C<=DATEVALUE("31/07/2017"))*(Feuil1!$A:$A=$A10)*Feuil1!$I:$I)) -> 0 | O10: =SUMPRODUCT((Feuil1!$C:$C>=DATEVALUE("01/08/2017"))*((Feuil1!$C:$C<=DATEVALUE("31/08/2017"))*(Feuil1!$A:$A=$A10)*Feuil1!$I:$I)) -> 0
A11: 706080 | B11: Entraînement physique | D11: =SUMPRODUCT((Feuil1!$C:$C>=DATEVALUE("01/09/2016"))*((Feuil1!$C:$C<=DATEVALUE("30/09/2016"))*(Feuil1!$A:$A=$A11)*Feuil1!$I:$I)) -> 0 | E11: =SUMPRODUCT((Feuil1!$C:$C>=DATEVALUE("01/10/2016"))*((Feuil1!$C:$C<=DATEVALUE("31/10/2016"))*(Feuil1!$A:$A=$A11)*Feuil1!$I:$I)) -> 0 | F11: =SUMPRODUCT((Feuil1!$C:$C>=DATEVALUE("01/11/2016"))*((Feuil1!$C:$C<=DATEVALUE("30/11/2016"))*(Feuil1!$A:$A=$A11)*Feuil1!$I:$I)) -> 0 | G11: =SUMPRODUCT((Feuil1!$C:$C>=DATEVALUE("01/12/2016"))*((Feuil1!$C:$C<=DATEVALUE("31/12/2016"))*(Feuil1!$A:$A=$A11)*Feuil1!$I:$I)) -> 0 | H11: =SUMPRODUCT((Feuil1!$C:$C>=DATEVALUE("01/01/2017"))*((Feuil1!$C:$C<=DATEVALUE("31/01/2017"))*(Feuil1!$A:$A=$A11)*Feuil1!$I:$I)) -> 0 | I11: =SUMPRODUCT((Feuil1!$C:$C>=DATEVALUE("01/02/2017"))*((Feuil1!$C:$C<=DATEVALUE("28/02/2017"))*(Feuil1!$A:$A=$A11)*Feuil1!$I:$I)) -> 0 | J11: =SUMPRODUCT((Feuil1!$C:$C>=DATEVALUE("01/03/2017"))*((Feuil1!$C:$C<=DATEVALUE("31/03/2017"))*(Feuil1!$A:$A=$A11)*Feuil1!$I:$I)) -> 0 | K11: =SUMPRODUCT((Feuil1!$C:$C>=DATEVALUE("01/04/2017"))*((Feuil1!$C:$C<=DATEVALUE("30/04/2017"))*(Feuil1!$A:$A=$A11)*Feuil1!$I:$I)) -> 0 | L11: =SUMPRODUCT((Feuil1!$C:$C>=DATEVALUE("01/05/2017"))*((Feuil1!$C:$C<=DATEVALUE("31/05/2017"))*(Feuil1!$A:$A=$A11)*Feuil1!$I:$I)) -> 0 | M11: =SUMPRODUCT((Feuil1!$C:$C>=DATEVALUE("01/06/2017"))*((Feuil1!$C:$C<=DATEVALUE("30/06/2017"))*(Feuil1!$A:$A=$A11)*Feuil1!$I:$I)) -> 0 | N11: =SUMPRODUCT((Feuil1!$C:$C>=DATEVALUE("01/07/2017"))*((Feuil1!$C:$C<=DATEVALUE("31/07/2017"))*(Feuil1!$A:$A=$A11)*Feuil1!$I:$I)) -> 0 | O11: =SUMPRODUCT((Feuil1!$C:$C>=DATEVALUE("01/08/2017"))*((Feuil1!$C:$C<=DATEVALUE("31/08/2017"))*(Feuil1!$A:$A=$A11)*Feuil1!$I:$I)) -> 0
A12: 706090 | B12: Gymtennis | D12: =SUMPRODUCT((Feuil1!$C:$C>=DATEVALUE("01/09/2016"))*((Feuil1!$C:$C<=DATEVALUE("30/09/2016"))*(Feuil1!$A:$A=$A12)*Feuil1!$I:$I)) -> 0 | E12: =SUMPRODUCT((Feuil1!$C:$C>=DATEVALUE("01/10/2016"))*((Feuil1!$C:$C<=DATEVALUE("31/10/2016"))*(Feuil1!$A:$A=$A12)*Feuil1!$I:$I)) -> 0 | F12: =SUMPRODUCT((Feuil1!$C:$C>=DATEVALUE("01/11/2016"))*((Feuil1!$C:$C<=DATEVALUE("30/11/2016"))*(Feuil1!$A:$A=$A12)*Feuil1!$I:$I)) -> 0 | G12: =SUMPRODUCT((Feuil1!$C:$C>=DATEVALUE("01/12/2016"))*((Feuil1!$C:$C<=DATEVALUE("31/12/2016"))*(Feuil1!$A:$A=$A12)*Feuil1!$I:$I)) -> 0 | H12: =SUMPRODUCT((Feuil1!$C:$C>=DATEVALUE("01/01/2017"))*((Feuil1!$C:$C<=DATEVALUE("31/01/2017"))*(Feuil1!$A:$A=$A12)*Feuil1!$I:$I)) -> 0 | I12: =SUMPRODUCT((Feuil1!$C:$C>=DATEVALUE("01/02/2017"))*((Feuil1!$C:$C<=DATEVALUE("28/02/2017"))*(Feuil1!$A:$A=$A12)*Feuil1!$I:$I)) -> 0 | J12: =SUMPRODUCT((Feuil1!$C:$C>=DATEVALUE("01/03/2017"))*((Feuil1!$C:$C<=DATEVALUE("31/03/2017"))*(Feuil1!$A:$A=$A12)*Feuil1!$I:$I)) -> 0 | K12: =SUMPRODUCT((Feuil1!$C:$C>=DATEVALUE("01/04/2017"))*((Feuil1!$C:$C<=DATEVALUE("30/04/2017"))*(Feuil1!$A:$A=$A12)*Feuil1!$I:$I)) -> 0 | L12: =SUMPRODUCT((Feuil1!$C:$C>=DATEVALUE("01/05/2017"))*((Feuil1!$C:$C<=DATEVALUE("31/05/2017"))*(Feuil1!$A:$A=$A12)*Feuil1!$I:$I)) -> 0 | M12: =SUMPRODUCT((Feuil1!$C:$C>=DATEVALUE("01/06/2017"))*((Feuil1!$C:$C<=DATEVALUE("30/06/2017"))*(Feuil1!$A:$A=$A12)*Feuil1!$I:$I)) -> 0 | N12: =SUMPRODUCT((Feuil1!$C:$C>=DATEVALUE("01/07/2017"))*((Feuil1!$C:$C<=DATEVALUE("31/07/2017"))*(Feuil1!$A:$A=$A12)*Feuil1!$I:$I)) -> 0 | O12: =SUMPRODUCT((Feuil1!$C:$C>=DATEVALUE("01/08/2017"))*((Feuil1!$C:$C<=DATEVALUE("31/08/2017"))*(Feuil1!$A:$A=$A12)*Feuil1!$I:$I)) -> 943
A13: 706100 | B13: Invitations | D13: =SUMPRODUCT((Feuil1!$C:$C>=DATEVALUE("01/09/2016"))*((Feuil1!$C:$C<=DATEVALUE("30/09/2016"))*(Feuil1!$A:$A=$A13)*Feuil1!$I:$I)) -> 0 | E13: =SUMPRODUCT((Feuil1!$C:$C>=DATEVALUE("01/10/2016"))*((Feuil1!$C:$C<=DATEVALUE("31/10/2016"))*(Feuil1!$A:$A=$A13)*Feuil1!$I:$I)) -> 0 | F13: =SUMPRODUCT((Feuil1!$C:$C>=DATEVALUE("01/11/2016"))*((Feuil1!$C:$C<=DATEVALUE("30/11/2016"))*(Feuil1!$A:$A=$A13)*Feuil1!$I:$I)) -> 0 | G13: =SUMPRODUCT((Feuil1!$C:$C>=DATEVALUE("01/12/2016"))*((Feuil1!$C:$C<=DATEVALUE("31/12/2016"))*(Feuil1!$A:$A=$A13)*Feuil1!$I:$I)) -> 0 | H13: =SUMPRODUCT((Feuil1!$C:$C>=DATEVALUE("01/01/2017"))*((Feuil1!$C:$C<=DATEVALUE("31/01/2017"))*(Feuil1!$A:$A=$A13)*Feuil1!$I:$I)) -> 0 | I13: =SUMPRODUCT((Feuil1!$C:$C>=DATEVALUE("01/02/2017"))*((Feuil1!$C:$C<=DATEVALUE("28/02/2017"))*(Feuil1!$A:$A=$A13)*Feuil1!$I:$I)) -> 0 | J13: =SUMPRODUCT((Feuil1!$C:$C>=DATEVALUE("01/03/2017"))*((Feuil1!$C:$C<=DATEVALUE("31/03/2017"))*(Feuil1!$A:$A=$A13)*Feuil1!$I:$I)) -> 0 | K13: =SUMPRODUCT((Feuil1!$C:$C>=DATEVALUE("01/04/2017"))*((Feuil1!$C:$C<=DATEVALUE("30/04/2017"))*(Feuil1!$A:$A=$A13)*Feuil1!$I:$I)) -> 0 | L13: =SUMPRODUCT((Feuil1!$C:$C>=DATEVALUE("01/05/2017"))*((Feuil1!$C:$C<=DATEVALUE("31/05/2017"))*(Feuil1!$A:$A=$A13)*Feuil1!$I:$I)) -> 0 | M13: =SUMPRODUCT((Feuil1!$C:$C>=DATEVALUE("01/06/2017"))*((Feuil1!$C:$C<=DATEVALUE("30/06/2017"))*(Feuil1!$A:$A=$A13)*Feuil1!$I:$I)) -> 0 | N13: =SUMPRODUCT((Feuil1!$C:$C>=DATEVALUE("01/07/2017"))*((Feuil1!$C:$C<=DATEVALUE("31/07/2017"))*(Feuil1!$A:$A=$A13)*Feuil1!$I:$I)) -> 0 | O13: =SUMPRODUCT((Feuil1!$C:$C>=DATEVALUE("01/08/2017"))*((Feuil1!$C:$C<=DATEVALUE("31/08/2017"))*(Feuil1!$A:$A=$A13)*Feuil1!$I:$I)) -> 179.2
A14: 709100 | B14: Remises accordées sur cotisation | D14: =SUMPRODUCT((Feuil1!$C:$C>=DATEVALUE("01/09/2016"))*((Feuil1!$C:$C<=DATEVALUE("30/09/2016"))*(Feuil1!$A:$A=$A14)*Feuil1!$I:$I)) -> 0 | E14: =SUMPRODUCT((Feuil1!$C:$C>=DATEVALUE("01/10/2016"))*((Feuil1!$C:$C<=DATEVALUE("31/10/2016"))*(Feuil1!$A:$A=$A14)*Feuil1!$I:$I)) -> 0 | F14: =SUMPRODUCT((Feuil1!$C:$C>=DATEVALUE("01/11/2016"))*((Feuil1!$C:$C<=DATEVALUE("30/11/2016"))*(Feuil1!$A:$A=$A14)*Feuil1!$I:$I)) -> 0 | G14: =SUMPRODUCT((Feuil1!$C:$C>=DATEVALUE("01/12/2016"))*((Feuil1!$C:$C<=DATEVALUE("31/12/2016"))*(Feuil1!$A:$A=$A14)*Feuil1!$I:$I)) -> 0 | H14: =SUMPRODUCT((Feuil1!$C:$C>=DATEVALUE("01/01/2017"))*((Feuil1!$C:$C<=DATEVALUE("31/01/2017"))*(Feuil1!$A:$A=$A14)*Feuil1!$I:$I)) -> 0 | I14: =SUMPRODUCT((Feuil1!$C:$C>=DATEVALUE("01/02/2017"))*((Feuil1!$C:$C<=DATEVALUE("28/02/2017"))*(Feuil1!$A:$A=$A14)*Feuil1!$I:$I)) -> 0 | J14: =SUMPRODUCT((Feuil1!$C:$C>=DATEVALUE("01/03/2017"))*((Feuil1!$C:$C<=DATEVALUE("31/03/2017"))*(Feuil1!$A:$A=$A14)*Feuil1!$I:$I)) -> 0 | K14: =SUMPRODUCT((Feuil1!$C:$C>=DATEVALUE("01/04/2017"))*((Feuil1!$C:$C<=DATEVALUE("30/04/2017"))*(Feuil1!$A:$A=$A14)*Feuil1!$I:$I)) -> 0 | L14: =SUMPRODUCT((Feuil1!$C:$C>=DATEVALUE("01/05/2017"))*((Feuil1!$C:$C<=DATEVALUE("31/05/2017"))*(Feuil1!$A:$A=$A14)*Feuil1!$I:$I)) -> 0 | M14: =SUMPRODUCT((Feuil1!$C:$C>=DATEVALUE("01/06/2017"))*((Feuil1!$C:$C<=DATEVALUE("30/06/2017"))*(Feuil1!$A:$A=$A14)*Feuil1!$I:$I)) -> 0 | N14: =SUMPRODUCT((Feuil1!$C:$C>=DATEVALUE("01/07/2017"))*((Feuil1!$C:$C<=DATEVALUE("31/07/2017"))*(Feuil1!$A:$A=$A14)*Feuil1!$I:$I)) -> 0 | O14: =SUMPRODUCT((Feuil1!$C:$C>=DATEVALUE("01/08/2017"))*((Feuil1!$C:$C<=DATEVALUE("31/08/2017"))*(Feuil1!$A:$A=$A14)*Feuil1!$I:$I)) -> 0
A15: 756000 | B15: Cotisations brutes | D15: =SUMPRODUCT((Feuil1!$C:$C>=DATEVALUE("01/09/2016"))*((Feuil1!$C:$C<=DATEVALUE("30/09/2016"))*(Feuil1!$A:$A=$A15)*Feuil1!$I:$I)) -> 0 | E15: =SUMPRODUCT((Feuil1!$C:$C>=DATEVALUE("01/10/2016"))*((Feuil1!$C:$C<=DATEVALUE("31/10/2016"))*(Feuil1!$A:$A=$A15)*Feuil1!$I:$I)) -> 0 | F15: =SUMPRODUCT((Feuil1!$C:$C>=DATEVALUE("01/11/2016"))*((Feuil1!$C:$C<=DATEVALUE("30/11/2016"))*(Feuil1!$A:$A=$A15)*Feuil1!$I:$I)) -> 0 | G15: =SUMPRODUCT((Feuil1!$C:$C>=DATEVALUE("01/12/2016"))*((Feuil1!$C:$C<=DATEVALUE("31/12/2016"))*(Feuil1!$A:$A=$A15)*Feuil1!$I:$I)) -> 0 | H15: =SUMPRODUCT((Feuil1!$C:$C>=DATEVALUE("01/01/2017"))*((Feuil1!$C:$C<=DATEVALUE("31/01/2017"))*(Feuil1!$A:$A=$A15)*Feuil1!$I:$I)) -> 0 | I15: =SUMPRODUCT((Feuil1!$C:$C>=DATEVALUE("01/02/2017"))*((Feuil1!$C:$C<=DATEVALUE("28/02/2017"))*(Feuil1!$A:$A=$A15)*Feuil1!$I:$I)) -> 0 | J15: =SUMPRODUCT((Feuil1!$C:$C>=DATEVALUE("01/03/2017"))*((Feuil1!$C:$C<=DATEVALUE("31/03/2017"))*(Feuil1!$A:$A=$A15)*Feuil1!$I:$I)) -> 0 | K15: =SUMPRODUCT((Feuil1!$C:$C>=DATEVALUE("01/04/2017"))*((Feuil1!$C:$C<=DATEVALUE("30/04/2017"))*(Feuil1!$A:$A=$A15)*Feuil1!$I:$I)) -> 0 | L15: =SUMPRODUCT((Feuil1!$C:$C>=DATEVALUE("01/05/2017"))*((Feuil1!$C:$C<=DATEVALUE("31/05/2017"))*(Feuil1!$A:$A=$A15)*Feuil1!$I:$I)) -> 0 | M15: =SUMPRODUCT((Feuil1!$C:$C>=DATEVALUE("01/06/2017"))*((Feuil1!$C:$C<=DATEVALUE("30/06/2017"))*(Feuil1!$A:$A=$A15)*Feuil1!$I:$I)) -> 0 | N15: =SUMPRODUCT((Feuil1!$C:$C>=DATEVALUE("01/07/2017"))*((Feuil1!$C:$C<=DATEVALUE("31/07/2017"))*(Feuil1!$A:$A=$A15)*Feuil1!$I:$I)) -> 0 | O15: =SUMPRODUCT((Feuil1!$C:$C>=DATEVALUE("01/08/2017"))*((Feuil1!$C:$C<=DATEVALUE("31/08/2017"))*(Feuil1!$A:$A=$A15)*Feuil1!$I:$I)) -> 0
A16: 756010 | B16: Badges | D16: =SUMPRODUCT((Feuil1!$C:$C>=DATEVALUE("01/09/2016"))*((Feuil1!$C:$C<=DATEVALUE("30/09/2016"))*(Feuil1!$A:$A=$A16)*Feuil1!$I:$I)) -> 0 | E16: =SUMPRODUCT((Feuil1!$C:$C>=DATEVALUE("01/10/2016"))*((Feuil1!$C:$C<=DATEVALUE("31/10/2016"))*(Feuil1!$A:$A=$A16)*Feuil1!$I:$I)) -> 0 | F16: =SUMPRODUCT((Feuil1!$C:$C>=DATEVALUE("01/11/2016"))*((Feuil1!$C:$C<=DATEVALUE("30/11/2016"))*(Feuil1!$A:$A=$A16)*Feuil1!$I:$I)) -> 0 | G16: =SUMPRODUCT((Feuil1!$C:$C>=DATEVALUE("01/12/2016"))*((Feuil1!$C:$C<=DATEVALUE("31/12/2016"))*(Feuil1!$A:$A=$A16)*Feuil1!$I:$I)) -> 0 | H16: =SUMPRODUCT((Feuil1!$C:$C>=DATEVALUE("01/01/2017"))*((Feuil1!$C:$C<=DATEVALUE("31/01/2017"))*(Feuil1!$A:$A=$A16)*Feuil1!$I:$I)) -> 0 | I16: =SUMPRODUCT((Feuil1!$C:$C>=DATEVALUE("01/02/2017"))*((Feuil1!$C:$C<=DATEVALUE("28/02/2017"))*(Feuil1!$A:$A=$A16)*Feuil1!$I:$I)) -> 0 | J16: =SUMPRODUCT((Feuil1!$C:$C>=DATEVALUE("01/03/2017"))*((Feuil1!$C:$C<=DATEVALUE("31/03/2017"))*(Feuil1!$A:$A=$A16)*Feuil1!$I:$I)) -> 0 | K16: =SUMPRODUCT((Feuil1!$C:$C>=DATEVALUE("01/04/2017"))*((Feuil1!$C:$C<=DATEVALUE("30/04/2017"))*(Feuil1!$A:$A=$A16)*Feuil1!$I:$I)) -> 0 | L16: =SUMPRODUCT((Feuil1!$C:$C>=DATEVALUE("01/05/2017"))*((Feuil1!$C:$C<=DATEVALUE("31/05/2017"))*(Feuil1!$A:$A=$A16)*Feuil1!$I:$I)) -> 0 | M16: =SUMPRODUCT((Feuil1!$C:$C>=DATEVALUE("01/06/2017"))*((Feuil1!$C:$C<=DATEVALUE("30/06/2017"))*(Feuil1!$A:$A=$A16)*Feuil1!$I:$I)) -> 0 | N16: =SUMPRODUCT((Feuil1!$C:$C>=DATEVALUE("01/07/2017"))*((Feuil1!$C:$C<=DATEVALUE("31/07/2017"))*(Feuil1!$A:$A=$A16)*Feuil1!$I:$I)) -> 0 | O16: =SUMPRODUCT((Feuil1!$C:$C>=DATEVALUE("01/08/2017"))*((Feuil1!$C:$C<=DATEVALUE("31/08/2017"))*(Feuil1!$A:$A=$A16)*Feuil1!$I:$I)) -> 0
A18: cotis,cours,badges, invitations,stages | D18: =SUM(D4:D17) -> 0 | E18: =SUM(E4:E17) -> 0 | F18: =SUM(F4:F17) -> 0 | G18: =SUM(G4:G17) -> 0 | H18: =SUM(H4:H17) -> 0 | I18: =SUM(I4:I17) -> 0 | J18: =SUM(J4:J17) -> 0 | K18: =SUM(K4:K17) -> 0 | ... O18: =SUM(O4:O17) -> 6910.2
A20: 708200 | B20: Tournois inscriptions | D20: =SUMPRODUCT((Feuil1!$C:$C>=DATEVALUE("01/09/2016"))*((Feuil1!$C:$C<=DATEVALUE("30/09/2016"))*(Feuil1!$A:$A=$A20)*Feuil1!$I:$I)) -> 0 | E20: =SUMPRODUCT((Feuil1!$C:$C>=DATEVALUE("01/10/2016"))*((Feuil1!$C:$C<=DATEVALUE("31/10/2016"))*(Feuil1!$A:$A=$A20)*Feuil1!$I:$I)) -> 0 | F20: =SUMPRODUCT((Feuil1!$C:$C>=DATEVALUE("01/11/2016"))*((Feuil1!$C:$C<=DATEVALUE("30/11/2016"))*(Feuil1!$A:$A=$A20)*Feuil1!$I:$I)) -> 0 | G20: =SUMPRODUCT((Feuil1!$C:$C>=DATEVALUE("01/12/2016"))*((Feuil1!$C:$C<=DATEVALUE("31/12/2016"))*(Feuil1!$A:$A=$A20)*Feuil1!$I:$I)) -> 0 | H20: =SUMPRODUCT((Feuil1!$C:$C>=DATEVALUE("01/01/2017"))*((Feuil1!$C:$C<=DATEVALUE("31/01/2017"))*(Feuil1!$A:$A=$A20)*Feuil1!$I:$I)) -> 0 | I20: =SUMPRODUCT((Feuil1!$C:$C>=DATEVALUE("01/02/2017"))*((Feuil1!$C:$C<=DATEVALUE("28/02/2017"))*(Feuil1!$A:$A=$A20)*Feuil1!$I:$I)) -> 0 | J20: =SUMPRODUCT((Feuil1!$C:$C>=DATEVALUE("01/03/2017"))*((Feuil1!$C:$C<=DATEVALUE("31/03/2017"))*(Feuil1!$A:$A=$A20)*Feuil1!$I:$I)) -> 0 | K20: =SUMPRODUCT((Feuil1!$C:$C>=DATEVALUE("01/04/2017"))*((Feuil1!$C:$C<=DATEVALUE("30/04/2017"))*(Feuil1!$A:$A=$A20)*Feuil1!$I:$I)) -> 0 | L20: =SUMPRODUCT((Feuil1!$C:$C>=DATEVALUE("01/05/2017"))*((Feuil1!$C:$C<=DATEVALUE("31/05/2017"))*(Feuil1!$A:$A=$A20)*Feuil1!$I:$I)) -> 0 | M20: =SUMPRODUCT((Feuil1!$C:$C>=DATEVALUE("01/06/2017"))*((Feuil1!$C:$C<=DATEVALUE("30/06/2017"))*(Feuil1!$A:$A=$A20)*Feuil1!$I:$I)) -> 0 | N20: =SUMPRODUCT((Feuil1!$C:$C>=DATEVALUE("01/07/2017"))*((Feuil1!$C:$C<=DATEVALUE("31/07/2017"))*(Feuil1!$A:$A=$A20)*Feuil1!$I:$I)) -> 0 | O20: =SUMPRODUCT((Feuil1!$C:$C>=DATEVALUE("01/08/2017"))*((Feuil1!$C:$C<=DATEVALUE("31/08/2017"))*(Feuil1!$A:$A=$A20)*Feuil1!$I:$I)) -> 0
A21: 708210 | B21: Tournoi open avril | D21: =SUMPRODUCT((Feuil1!$C:$C>=DATEVALUE("01/09/2016"))*((Feuil1!$C:$C<=DATEVALUE("30/09/2016"))*(Feuil1!$A:$A=$A21)*Feuil1!$I:$I)) -> 0 | E21: =SUMPRODUCT((Feuil1!$C:$C>=DATEVALUE("01/10/2016"))*((Feuil1!$C:$C<=DATEVALUE("31/10/2016"))*(Feuil1!$A:$A=$A21)*Feuil1!$I:$I)) -> 0 | F21: =SUMPRODUCT((Feuil1!$C:$C>=DATEVALUE("01/11/2016"))*((Feuil1!$C:$C<=DATEVALUE("30/11/2016"))*(Feuil1!$A:$A=$A21)*Feuil1!$I:$I)) -> 0 | G21: =SUMPRODUCT((Feuil1!$C:$C>=DATEVALUE("01/12/2016"))*((Feuil1!$C:$C<=DATEVALUE("31/12/2016"))*(Feuil1!$A:$A=$A21)*Feuil1!$I:$I)) -> 0 | H21: =SUMPRODUCT((Feuil1!$C:$C>=DATEVALUE("01/01/2017"))*((Feuil1!$C:$C<=DATEVALUE("31/01/2017"))*(Feuil1!$A:$A=$A21)*Feuil1!$I:$I)) -> 0 | I21: =SUMPRODUCT((Feuil1!$C:$C>=DATEVALUE("01/02/2017"))*((Feuil1!$C:$C<=DATEVALUE("28/02/2017"))*(Feuil1!$A:$A=$A21)*Feuil1!$I:$I)) -> 0 | J21: =SUMPRODUCT((Feuil1!$C:$C>=DATEVALUE("01/03/2017"))*((Feuil1!$C:$C<=DATEVALUE("31/03/2017"))*(Feuil1!$A:$A=$A21)*Feuil1!$I:$I)) -> 0 | K21: =SUMPRODUCT((Feuil1!$C:$C>=DATEVALUE("01/04/2017"))*((Feuil1!$C:$C<=DATEVALUE("30/04/2017"))*(Feuil1!$A:$A=$A21)*Feuil1!$I:$I)) -> 0 | L21: =SUMPRODUCT((Feuil1!$C:$C>=DATEVALUE("01/05/2017"))*((Feuil1!$C:$C<=DATEVALUE("31/05/2017"))*(Feuil1!$A:$A=$A21)*Feuil1!$I:$I)) -> 4310 | M21: =SUMPRODUCT((Feuil1!$C:$C>=DATEVALUE("01/06/2017"))*((Feuil1!$C:$C<=DATEVALUE("30/06/2017"))*(Feuil1!$A:$A=$A21)*Feuil1!$I:$I)) -> 0 | N21: =SUMPRODUCT((Feuil1!$C:$C>=DATEVALUE("01/07/2017"))*((Feuil1!$C:$C<=DATEVALUE("31/07/2017"))*(Feuil1!$A:$A=$A21)*Feuil1!$I:$I)) -> 0 | O21: =SUMPRODUCT((Feuil1!$C:$C>=DATEVALUE("01/08/2017"))*((Feuil1!$C:$C<=DATEVALUE("31/08/2017"))*(Feuil1!$A:$A=$A21)*Feuil1!$I:$I)) -> 0
A22: 708220 | B22: Tournoi open juillet | D22: =SUMPRODUCT((Feuil1!$C:$C>=DATEVALUE("01/09/2016"))*((Feuil1!$C:$C<=DATEVALUE("30/09/2016"))*(Feuil1!$A:$A=$A22)*Feuil1!$I:$I)) -> 0 | E22: =SUMPRODUCT((Feuil1!$C:$C>=DATEVALUE("01/10/2016"))*((Feuil1!$C:$C<=DATEVALUE("31/10/2016"))*(Feuil1!$A:$A=$A22)*Feuil1!$I:$I)) -> 0 | F22: =SUMPRODUCT((Feuil1!$C:$C>=DATEVALUE("01/11/2016"))*((Feuil1!$C:$C<=DATEVALUE("30/11/2016"))*(Feuil1!$A:$A=$A22)*Feuil1!$I:$I)) -> 0 | G22: =SUMPRODUCT((Feuil1!$C:$C>=DATEVALUE("01/12/2016"))*((Feuil1!$C:$C<=DATEVALUE("31/12/2016"))*(Feuil1!$A:$A=$A22)*Feuil1!$I:$I)) -> 0 | H22: =SUMPRODUCT((Feuil1!$C:$C>=DATEVALUE("01/01/2017"))*((Feuil1!$C:$C<=DATEVALUE("31/01/2017"))*(Feuil1!$A:$A=$A22)*Feuil1!$I:$I)) -> 0 | I22: =SUMPRODUCT((Feuil1!$C:$C>=DATEVALUE("01/02/2017"))*((Feuil1!$C:$C<=DATEVALUE("28/02/2017"))*(Feuil1!$A:$A=$A22)*Feuil1!$I:$I)) -> 0 | J22: =SUMPRODUCT((Feuil1!$C:$C>=DATEVALUE("01/03/2017"))*((Feuil1!$C:$C<=DATEVALUE("31/03/2017"))*(Feuil1!$A:$A=$A22)*Feuil1!$I:$I)) -> 0 | K22: =SUMPRODUCT((Feuil1!$C:$C>=DATEVALUE("01/04/2017"))*((Feuil1!$C:$C<=DATEVALUE("30/04/2017"))*(Feuil1!$A:$A=$A22)*Feuil1!$I:$I)) -> 0 | L22: =SUMPRODUCT((Feuil1!$C:$C>=DATEVALUE("01/05/2017"))*((Feuil1!$C:$C<=DATEVALUE("31/05/2017"))*(Feuil1!$A:$A=$A22)*Feuil1!$I:$I)) -> 0 | M22: =SUMPRODUCT((Feuil1!$C:$C>=DATEVALUE("01/06/2017"))*((Feuil1!$C:$C<=DATEVALUE("30/06/2017"))*(Feuil1!$A:$A=$A22)*Feuil1!$I:$I)) -> 0 | N22: =SUMPRODUCT((Feuil1!$C:$C>=DATEVALUE("01/07/2017"))*((Feuil1!$C:$C<=DATEVALUE("31/07/2017"))*(Feuil1!$A:$A=$A22)*Feuil1!$I:$I)) -> 0 | O22: =SUMPRODUCT((Feuil1!$C:$C>=DATEVALUE("01/08/2017"))*((Feuil1!$C:$C<=DATEVALUE("31/08/2017"))*(Feuil1!$A:$A=$A22)*Feuil1!$I:$I)) -> 2811
A23: 708230 | B23: Tournoi interne | D23: =SUMPRODUCT((Feuil1!$C:$C>=DATEVALUE("01/09/2016"))*((Feuil1!$C:$C<=DATEVALUE("30/09/2016"))*(Feuil1!$A:$A=$A23)*Feuil1!$I:$I)) -> 0 | E23: =SUMPRODUCT((Feuil1!$C:$C>=DATEVALUE("01/10/2016"))*((Feuil1!$C:$C<=DATEVALUE("31/10/2016"))*(Feuil1!$A:$A=$A23)*Feuil1!$I:$I)) -> 0 | F23: =SUMPRODUCT((Feuil1!$C:$C>=DATEVALUE("01/11/2016"))*((Feuil1!$C:$C<=DATEVALUE("30/11/2016"))*(Feuil1!$A:$A=$A23)*Feuil1!$I:$I)) -> 0 | G23: =SUMPRODUCT((Feuil1!$C:$C>=DATEVALUE("01/12/2016"))*((Feuil1!$C:$C<=DATEVALUE("31/12/2016"))*(Feuil1!$A:$A=$A23)*Feuil1!$I:$I)) -> 0 | H23: =SUMPRODUCT((Feuil1!$C:$C>=DATEVALUE("01/01/2017"))*((Feuil1!$C:$C<=DATEVALUE("31/01/2017"))*(Feuil1!$A:$A=$A23)*Feuil1!$I:$I)) -> 0 | I23: =SUMPRODUCT((Feuil1!$C:$C>=DATEVALUE("01/02/2017"))*((Feuil1!$C:$C<=DATEVALUE("28/02/2017"))*(Feuil1!$A:$A=$A23)*Feuil1!$I:$I)) -> 127 | J23: =SUMPRODUCT((Feuil1!$C:$C>=DATEVALUE("01/03/2017"))*((Feuil1!$C:$C<=DATEVALUE("31/03/2017"))*(Feuil1!$A:$A=$A23)*Feuil1!$I:$I)) -> 0 | K23: =SUMPRODUCT((Feuil1!$C:$C>=DATEVALUE("01/04/2017"))*((Feuil1!$C:$C<=DATEVALUE("30/04/2017"))*(Feuil1!$A:$A=$A23)*Feuil1!$I:$I)) -> 0 | L23: =SUMPRODUCT((Feuil1!$C:$C>=DATEVALUE("01/05/2017"))*((Feuil1!$C:$C<=DATEVALUE("31/05/2017"))*(Feuil1!$A:$A=$A23)*Feuil1!$I:$I)) -> 0 | M23: =SUMPRODUCT((Feuil1!$C:$C>=DATEVALUE("01/06/2017"))*((Feuil1!$C:$C<=DATEVALUE("30/06/2017"))*(Feuil1!$A:$A=$A23)*Feuil1!$I:$I)) -> 0 | N23: =SUMPRODUCT((Feuil1!$C:$C>=DATEVALUE("01/07/2017"))*((Feuil1!$C:$C<=DATEVALUE("31/07/2017"))*(Feuil1!$A:$A=$A23)*Feuil1!$I:$I)) -> 0 | O23: =SUMPRODUCT((Feuil1!$C:$C>=DATEVALUE("01/08/2017"))*((Feuil1!$C:$C<=DATEVALUE("31/08/2017"))*(Feuil1!$A:$A=$A23)*Feuil1!$I:$I)) -> 237
A24: 708240 | B24: Tournoi Galaxie | D24: =SUMPRODUCT((Feuil1!$C:$C>=DATEVALUE("01/09/2016"))*((Feuil1!$C:$C<=DATEVALUE("30/09/2016"))*(Feuil1!$A:$A=$A24)*Feuil1!$I:$I)) -> 0 | E24: =SUMPRODUCT((Feuil1!$C:$C>=DATEVALUE("01/10/2016"))*((Feuil1!$C:$C<=DATEVALUE("31/10/2016"))*(Feuil1!$A:$A=$A24)*Feuil1!$I:$I)) -> 0 | F24: =SUMPRODUCT((Feuil1!$C:$C>=DATEVALUE("01/11/2016"))*((Feuil1!$C:$C<=DATEVALUE("30/11/2016"))*(Feuil1!$A:$A=$A24)*Feuil1!$I:$I)) -> 0 | G24: =SUMPRODUCT((Feuil1!$C:$C>=DATEVALUE("01/12/2016"))*((Feuil1!$C:$C<=DATEVALUE("31/12/2016"))*(Feuil1!$A:$A=$A24)*Feuil1!$I:$I)) -> 0 | H24: =SUMPRODUCT((Feuil1!$C:$C>=DATEVALUE("01/01/2017"))*((Feuil1!$C:$C<=DATEVALUE("31/01/2017"))*(Feuil1!$A:$A=$A24)*Feuil1!$I:$I)) -> 0 | I24: =SUMPRODUCT((Feuil1!$C:$C>=DATEVALUE("01/02/2017"))*((Feuil1!$C:$C<=DATEVALUE("28/02/2017"))*(Feuil1!$A:$A=$A24)*Feuil1!$I:$I)) -> 0 | J24: =SUMPRODUCT((Feuil1!$C:$C>=DATEVALUE("01/03/2017"))*((Feuil1!$C:$C<=DATEVALUE("31/03/2017"))*(Feuil1!$A:$A=$A24)*Feuil1!$I:$I)) -> 0 | K24: =SUMPRODUCT((Feuil1!$C:$C>=DATEVALUE("01/04/2017"))*((Feuil1!$C:$C<=DATEVALUE("30/04/2017"))*(Feuil1!$A:$A=$A24)*Feuil1!$I:$I)) -> 0 | L24: =SUMPRODUCT((Feuil1!$C:$C>=DATEVALUE("01/05/2017"))*((Feuil1!$C:$C<=DATEVALUE("31/05/2017"))*(Feuil1!$A:$A=$A24)*Feuil1!$I:$I)) -> 0 | M24: =SUMPRODUCT((Feuil1!$C:$C>=DATEVALUE("01/06/2017"))*((Feuil1!$C:$C<=DATEVALUE("30/06/2017"))*(Feuil1!$A:$A=$A24)*Feuil1!$I:$I)) -> 0 | N24: =SUMPRODUCT((Feuil1!$C:$C>=DATEVALUE("01/07/2017"))*((Feuil1!$C:$C<=DATEVALUE("31/07/2017"))*(Feuil1!$A:$A=$A24)*Feuil1!$I:$I)) -> 195 | O24: =SUMPRODUCT((Feuil1!$C:$C>=DATEVALUE("01/08/2017"))*((Feuil1!$C:$C<=DATEVALUE("31/08/2017"))*(Feuil1!$A:$A=$A24)*Feuil1!$I:$I)) -> 0
A25: 708250 | B25: Tournoi Trophée Chatrier | D25: =SUMPRODUCT((Feuil1!$C:$C>=DATEVALUE("01/09/2016"))*((Feuil1!$C:$C<=DATEVALUE("30/09/2016"))*(Feuil1!$A:$A=$A25)*Feuil1!$I:$I)) -> 0 | E25: =SUMPRODUCT((Feuil1!$C:$C>=DATEVALUE("01/10/2016"))*((Feuil1!$C:$C<=DATEVALUE("31/10/2016"))*(Feuil1!$A:$A=$A25)*Feuil1!$I:$I)) -> 0 | F25: =SUMPRODUCT((Feuil1!$C:$C>=DATEVALUE("01/11/2016"))*((Feuil1!$C:$C<=DATEVALUE("30/11/2016"))*(Feuil1!$A:$A=$A25)*Feuil1!$I:$I)) -> 0 | G25: =SUMPRODUCT((Feuil1!$C:$C>=DATEVALUE("01/12/2016"))*((Feuil1!$C:$C<=DATEVALUE("31/12/2016"))*(Feuil1!$A:$A=$A25)*Feuil1!$I:$I)) -> 1026 | H25: =SUMPRODUCT((Feuil1!$C:$C>=DATEVALUE("01/01/2017"))*((Feuil1!$C:$C<=DATEVALUE("31/01/2017"))*(Feuil1!$A:$A=$A25)*Feuil1!$I:$I)) -> 0 | I25: =SUMPRODUCT((Feuil1!$C:$C>=DATEVALUE("01/02/2017"))*((Feuil1!$C:$C<=DATEVALUE("28/02/2017"))*(Feuil1!$A:$A=$A25)*Feuil1!$I:$I)) -> 0 | J25: =SUMPRODUCT((Feuil1!$C:$C>=DATEVALUE("01/03/2017"))*((Feuil1!$C:$C<=DATEVALUE("31/03/2017"))*(Feuil1!$A:$A=$A25)*Feuil1!$I:$I)) -> 0 | K25: =SUMPRODUCT((Feuil1!$C:$C>=DATEVALUE("01/04/2017"))*((Feuil1!$C:$C<=DATEVALUE("30/04/2017"))*(Feuil1!$A:$A=$A25)*Feuil1!$I:$I)) -> 0 | L25: =SUMPRODUCT((Feuil1!$C:$C>=DATEVALUE("01/05/2017"))*((Feuil1!$C:$C<=DATEVALUE("31/05/2017"))*(Feuil1!$A:$A=$A25)*Feuil1!$I:$I)) -> 0 | M25: =SUMPRODUCT((Feuil1!$C:$C>=DATEVALUE("01/06/2017"))*((Feuil1!$C:$C<=DATEVALUE("30/06/2017"))*(Feuil1!$A:$A=$A25)*Feuil1!$I:$I)) -> 0 | N25: =SUMPRODUCT((Feuil1!$C:$C>=DATEVALUE("01/07/2017"))*((Feuil1!$C:$C<=DATEVALUE("31/07/2017"))*(Feuil1!$A:$A=$A25)*Feuil1!$I:$I)) -> 0 | O25: =SUMPRODUCT((Feuil1!$C:$C>=DATEVALUE("01/08/2017"))*((Feuil1!$C:$C<=DATEVALUE("31/08/2017"))*(Feuil1!$A:$A=$A25)*Feuil1!$I:$I)) -> 0
A27: tournois et matches | D27: =SUM(D20:D26) -> 0 | E27: =SUM(E20:E26) -> 0 | F27: =SUM(F20:F26) -> 0 | G27: =SUM(G20:G26) -> 1026 | H27: =SUM(H20:H26) -> 0 | I27: =SUM(I20:I26) -> 127 | J27: =SUM(J20:J26) -> 0 | K27: =SUM(K20:K26) -> 0 | ... O27: =SUM(O20:O26) -> 3048
A29: 708100 | B29: Animation du Club | D29: =SUMPRODUCT((Feuil1!$C:$C>=DATEVALUE("01/09/2016"))*((Feuil1!$C:$C<=DATEVALUE("30/09/2016"))*(Feuil1!$A:$A=$A29)*Feuil1!$I:$I)) -> 0 | E29: =SUMPRODUCT((Feuil1!$C:$C>=DATEVALUE("01/10/2016"))*((Feuil1!$C:$C<=DATEVALUE("31/10/2016"))*(Feuil1!$A:$A=$A29)*Feuil1!$I:$I)) -> 0 | F29: =SUMPRODUCT((Feuil1!$C:$C>=DATEVALUE("01/11/2016"))*((Feuil1!$C:$C<=DATEVALUE("30/11/2016"))*(Feuil1!$A:$A=$A29)*Feuil1!$I:$I)) -> 0 | G29: =SUMPRODUCT((Feuil1!$C:$C>=DATEVALUE("01/12/2016"))*((Feuil1!$C:$C<=DATEVALUE("31/12/2016"))*(Feuil1!$A:$A=$A29)*Feuil1!$I:$I)) -> 0 | H29: =SUMPRODUCT((Feuil1!$C:$C>=DATEVALUE("01/01/2017"))*((Feuil1!$C:$C<=DATEVALUE("31/01/2017"))*(Feuil1!$A:$A=$A29)*Feuil1!$I:$I)) -> 0 | I29: =SUMPRODUCT((Feuil1!$C:$C>=DATEVALUE("01/02/2017"))*((Feuil1!$C:$C<=DATEVALUE("28/02/2017"))*(Feuil1!$A:$A=$A29)*Feuil1!$I:$I)) -> 0 | J29: =SUMPRODUCT((Feuil1!$C:$C>=DATEVALUE("01/03/2017"))*((Feuil1!$C:$C<=DATEVALUE("31/03/2017"))*(Feuil1!$A:$A=$A29)*Feuil1!$I:$I)) -> 0 | K29: =SUMPRODUCT((Feuil1!$C:$C>=DATEVALUE("01/04/2017"))*((Feuil1!$C:$C<=DATEVALUE("30/04/2017"))*(Feuil1!$A:$A=$A29)*Feuil1!$I:$I)) -> 0 | L29: =SUMPRODUCT((Feuil1!$C:$C>=DATEVALUE("01/05/2017"))*((Feuil1!$C:$C<=DATEVALUE("31/05/2017"))*(Feuil1!$A:$A=$A29)*Feuil1!$I:$I)) -> 0 | M29: =SUMPRODUCT((Feuil1!$C:$C>=DATEVALUE("01/06/2017"))*((Feuil1!$C:$C<=DATEVALUE("30/06/2017"))*(Feuil1!$A:$A=$A29)*Feuil1!$I:$I)) -> 0 | N29: =SUMPRODUCT((Feuil1!$C:$C>=DATEVALUE("01/07/2017"))*((Feuil1!$C:$C<=DATEVALUE("31/07/2017"))*(Feuil1!$A:$A=$A29)*Feuil1!$I:$I)) -> 0 | O29: =SUMPRODUCT((Feuil1!$C:$C>=DATEVALUE("01/08/2017"))*((Feuil1!$C:$C<=DATEVALUE("31/08/2017"))*(Feuil1!$A:$A=$A29)*Feuil1!$I:$I)) -> 0
A30: 708110 | B30: Soirée Gala | D30: =SUMPRODUCT((Feuil1!$C:$C>=DATEVALUE("01/09/2016"))*((Feuil1!$C:$C<=DATEVALUE("30/09/2016"))*(Feuil1!$A:$A=$A30)*Feuil1!$I:$I)) -> 0 | E30: =SUMPRODUCT((Feuil1!$C:$C>=DATEVALUE("01/10/2016"))*((Feuil1!$C:$C<=DATEVALUE("31/10/2016"))*(Feuil1!$A:$A=$A30)*Feuil1!$I:$I)) -> 0 | F30: =SUMPRODUCT((Feuil1!$C:$C>=DATEVALUE("01/11/2016"))*((Feuil1!$C:$C<=DATEVALUE("30/11/2016"))*(Feuil1!$A:$A=$A30)*Feuil1!$I:$I)) -> 2317 | G30: =SUMPRODUCT((Feuil1!$C:$C>=DATEVALUE("01/12/2016"))*((Feuil1!$C:$C<=DATEVALUE("31/12/2016"))*(Feuil1!$A:$A=$A30)*Feuil1!$I:$I)) -> 0 | H30: =SUMPRODUCT((Feuil1!$C:$C>=DATEVALUE("01/01/2017"))*((Feuil1!$C:$C<=DATEVALUE("31/01/2017"))*(Feuil1!$A:$A=$A30)*Feuil1!$I:$I)) -> 0 | I30: =SUMPRODUCT((Feuil1!$C:$C>=DATEVALUE("01/02/2017"))*((Feuil1!$C:$C<=DATEVALUE("28/02/2017"))*(Feuil1!$A:$A=$A30)*Feuil1!$I:$I)) -> 0 | J30: =SUMPRODUCT((Feuil1!$C:$C>=DATEVALUE("01/03/2017"))*((Feuil1!$C:$C<=DATEVALUE("31/03/2017"))*(Feuil1!$A:$A=$A30)*Feuil1!$I:$I)) -> 0 | K30: =SUMPRODUCT((Feuil1!$C:$C>=DATEVALUE("01/04/2017"))*((Feuil1!$C:$C<=DATEVALUE("30/04/2017"))*(Feuil1!$A:$A=$A30)*Feuil1!$I:$I)) -> 0 | L30: =SUMPRODUCT((Feuil1!$C:$C>=DATEVALUE("01/05/2017"))*((Feuil1!$C:$C<=DATEVALUE("31/05/2017"))*(Feuil1!$A:$A=$A30)*Feuil1!$I:$I)) -> 0 | M30: =SUMPRODUCT((Feuil1!$C:$C>=DATEVALUE("01/06/2017"))*((Feuil1!$C:$C<=DATEVALUE("30/06/2017"))*(Feuil1!$A:$A=$A30)*Feuil1!$I:$I)) -> 0 | N30: =SUMPRODUCT((Feuil1!$C:$C>=DATEVALUE("01/07/2017"))*((Feuil1!$C:$C<=DATEVALUE("31/07/2017"))*(Feuil1!$A:$A=$A30)*Feuil1!$I:$I)) -> 0 | O30: =SUMPRODUCT((Feuil1!$C:$C>=DATEVALUE("01/08/2017"))*((Feuil1!$C:$C<=DATEVALUE("31/08/2017"))*(Feuil1!$A:$A=$A30)*Feuil1!$I:$I)) -> 0
A31: 708120 | B31: Soirée diverse (Bowling…) | D31: =SUMPRODUCT((Feuil1!$C:$C>=DATEVALUE("01/09/2016"))*((Feuil1!$C:$C<=DATEVALUE("30/09/2016"))*(Feuil1!$A:$A=$A31)*Feuil1!$I:$I)) -> 0 | E31: =SUMPRODUCT((Feuil1!$C:$C>=DATEVALUE("01/10/2016"))*((Feuil1!$C:$C<=DATEVALUE("31/10/2016"))*(Feuil1!$A:$A=$A31)*Feuil1!$I:$I)) -> 0 | F31: =SUMPRODUCT((Feuil1!$C:$C>=DATEVALUE("01/11/2016"))*((Feuil1!$C:$C<=DATEVALUE("30/11/2016"))*(Feuil1!$A:$A=$A31)*Feuil1!$I:$I)) -> 0 | G31: =SUMPRODUCT((Feuil1!$C:$C>=DATEVALUE("01/12/2016"))*((Feuil1!$C:$C<=DATEVALUE("31/12/2016"))*(Feuil1!$A:$A=$A31)*Feuil1!$I:$I)) -> 0 | H31: =SUMPRODUCT((Feuil1!$C:$C>=DATEVALUE("01/01/2017"))*((Feuil1!$C:$C<=DATEVALUE("31/01/2017"))*(Feuil1!$A:$A=$A31)*Feuil1!$I:$I)) -> 0 | I31: =SUMPRODUCT((Feuil1!$C:$C>=DATEVALUE("01/02/2017"))*((Feuil1!$C:$C<=DATEVALUE("28/02/2017"))*(Feuil1!$A:$A=$A31)*Feuil1!$I:$I)) -> 0 | J31: =SUMPRODUCT((Feuil1!$C:$C>=DATEVALUE("01/03/2017"))*((Feuil1!$C:$C<=DATEVALUE("31/03/2017"))*(Feuil1!$A:$A=$A31)*Feuil1!$I:$I)) -> 0 | K31: =SUMPRODUCT((Feuil1!$C:$C>=DATEVALUE("01/04/2017"))*((Feuil1!$C:$C<=DATEVALUE("30/04/2017"))*(Feuil1!$A:$A=$A31)*Feuil1!$I:$I)) -> 0 | L31: =SUMPRODUCT((Feuil1!$C:$C>=DATEVALUE("01/05/2017"))*((Feuil1!$C:$C<=DATEVALUE("31/05/2017"))*(Feuil1!$A:$A=$A31)*Feuil1!$I:$I)) -> 0 | M31: =SUMPRODUCT((Feuil1!$C:$C>=DATEVALUE("01/06/2017"))*((Feuil1!$C:$C<=DATEVALUE("30/06/2017"))*(Feuil1!$A:$A=$A31)*Feuil1!$I:$I)) -> 0 | N31: =SUMPRODUCT((Feuil1!$C:$C>=DATEVALUE("01/07/2017"))*((Feuil1!$C:$C<=DATEVALUE("31/07/2017"))*(Feuil1!$A:$A=$A31)*Feuil1!$I:$I)) -> 0 | O31: =SUMPRODUCT((Feuil1!$C:$C>=DATEVALUE("01/08/2017"))*((Feuil1!$C:$C<=DATEVALUE("31/08/2017"))*(Feuil1!$A:$A=$A31)*Feuil1!$I:$I)) -> 0
A32: 708130 | B32: Jeux divers au sein du club | D32: =SUMPRODUCT((Feuil1!$C:$C>=DATEVALUE("01/09/2016"))*((Feuil1!$C:$C<=DATEVALUE("30/09/2016"))*(Feuil1!$A:$A=$A32)*Feuil1!$I:$I)) -> 0 | E32: =SUMPRODUCT((Feuil1!$C:$C>=DATEVALUE("01/10/2016"))*((Feuil1!$C:$C<=DATEVALUE("31/10/2016"))*(Feuil1!$A:$A=$A32)*Feuil1!$I:$I)) -> 0 | F32: =SUMPRODUCT((Feuil1!$C:$C>=DATEVALUE("01/11/2016"))*((Feuil1!$C:$C<=DATEVALUE("30/11/2016"))*(Feuil1!$A:$A=$A32)*Feuil1!$I:$I)) -> 0 | G32: =SUMPRODUCT((Feuil1!$C:$C>=DATEVALUE("01/12/2016"))*((Feuil1!$C:$C<=DATEVALUE("31/12/2016"))*(Feuil1!$A:$A=$A32)*Feuil1!$I:$I)) -> 0 | H32: =SUMPRODUCT((Feuil1!$C:$C>=DATEVALUE("01/01/2017"))*((Feuil1!$C:$C<=DATEVALUE("31/01/2017"))*(Feuil1!$A:$A=$A32)*Feuil1!$I:$I)) -> 0 | I32: =SUMPRODUCT((Feuil1!$C:$C>=DATEVALUE("01/02/2017"))*((Feuil1!$C:$C<=DATEVALUE("28/02/2017"))*(Feuil1!$A:$A=$A32)*Feuil1!$I:$I)) -> 0 | J32: =SUMPRODUCT((Feuil1!$C:$C>=DATEVALUE("01/03/2017"))*((Feuil1!$C:$C<=DATEVALUE("31/03/2017"))*(Feuil1!$A:$A=$A32)*Feuil1!$I:$I)) -> 0 | K32: =SUMPRODUCT((Feuil1!$C:$C>=DATEVALUE("01/04/2017"))*((Feuil1!$C:$C<=DATEVALUE("30/04/2017"))*(Feuil1!$A:$A=$A32)*Feuil1!$I:$I)) -> 0 | L32: =SUMPRODUCT((Feuil1!$C:$C>=DATEVALUE("01/05/2017"))*((Feuil1!$C:$C<=DATEVALUE("31/05/2017"))*(Feuil1!$A:$A=$A32)*Feuil1!$I:$I)) -> 0 | M32: =SUMPRODUCT((Feuil1!$C:$C>=DATEVALUE("01/06/2017"))*((Feuil1!$C:$C<=DATEVALUE("30/06/2017"))*(Feuil1!$A:$A=$A32)*Feuil1!$I:$I)) -> 0 | N32: =SUMPRODUCT((Feuil1!$C:$C>=DATEVALUE("01/07/2017"))*((Feuil1!$C:$C<=DATEVALUE("31/07/2017"))*(Feuil1!$A:$A=$A32)*Feuil1!$I:$I)) -> 0 | O32: =SUMPRODUCT((Feuil1!$C:$C>=DATEVALUE("01/08/2017"))*((Feuil1!$C:$C<=DATEVALUE("31/08/2017"))*(Feuil1!$A:$A=$A32)*Feuil1!$I:$I)) -> 0
A33: 708140 | B33: Fête école de tennis | D33: =SUMPRODUCT((Feuil1!$C:$C>=DATEVALUE("01/09/2016"))*((Feuil1!$C:$C<=DATEVALUE("30/09/2016"))*(Feuil1!$A:$A=$A33)*Feuil1!$I:$I)) -> 0 | E33: =SUMPRODUCT((Feuil1!$C:$C>=DATEVALUE("01/10/2016"))*((Feuil1!$C:$C<=DATEVALUE("31/10/2016"))*(Feuil1!$A:$A=$A33)*Feuil1!$I:$I)) -> 0 | F33: =SUMPRODUCT((Feuil1!$C:$C>=DATEVALUE("01/11/2016"))*((Feuil1!$C:$C<=DATEVALUE("30/11/2016"))*(Feuil1!$A:$A=$A33)*Feuil1!$I:$I)) -> 0 | G33: =SUMPRODUCT((Feuil1!$C:$C>=DATEVALUE("01/12/2016"))*((Feuil1!$C:$C<=DATEVALUE("31/12/2016"))*(Feuil1!$A:$A=$A33)*Feuil1!$I:$I)) -> 0 | H33: =SUMPRODUCT((Feuil1!$C:$C>=DATEVALUE("01/01/2017"))*((Feuil1!$C:$C<=DATEVALUE("31/01/2017"))*(Feuil1!$A:$A=$A33)*Feuil1!$I:$I)) -> 0 | I33: =SUMPRODUCT((Feuil1!$C:$C>=DATEVALUE("01/02/2017"))*((Feuil1!$C:$C<=DATEVALUE("28/02/2017"))*(Feuil1!$A:$A=$A33)*Feuil1!$I:$I)) -> 0 | J33: =SUMPRODUCT((Feuil1!$C:$C>=DATEVALUE("01/03/2017"))*((Feuil1!$C:$C<=DATEVALUE("31/03/2017"))*(Feuil1!$A:$A=$A33)*Feuil1!$I:$I)) -> 0 | K33: =SUMPRODUCT((Feuil1!$C:$C>=DATEVALUE("01/04/2017"))*((Feuil1!$C:$C<=DATEVALUE("30/04/2017"))*(Feuil1!$A:$A=$A33)*Feuil1!$I:$I)) -> 0 | L33: =SUMPRODUCT((Feuil1!$C:$C>=DATEVALUE("01/05/2017"))*((Feuil1!$C:$C<=DATEVALUE("31/05/2017"))*(Feuil1!$A:$A=$A33)*Feuil1!$I:$I)) -> 0 | M33: =SUMPRODUCT((Feuil1!$C:$C>=DATEVALUE("01/06/2017"))*((Feuil1!$C:$C<=DATEVALUE("30/06/2017"))*(Feuil1!$A:$A=$A33)*Feuil1!$I:$I)) -> 0 | N33: =SUMPRODUCT((Feuil1!$C:$C>=DATEVALUE("01/07/2017"))*((Feuil1!$C:$C<=DATEVALUE("31/07/2017"))*(Feuil1!$A:$A=$A33)*Feuil1!$I:$I)) -> 399 | O33: =SUMPRODUCT((Feuil1!$C:$C>=DATEVALUE("01/08/2017"))*((Feuil1!$C:$C<=DATEVALUE("31/08/2017"))*(Feuil1!$A:$A=$A33)*Feuil1!$I:$I)) -> 0
A34: 708150 | B34: Soirée Equipes | D34: =SUMPRODUCT((Feuil1!$C:$C>=DATEVALUE("01/09/2016"))*((Feuil1!$C:$C<=DATEVALUE("30/09/2016"))*(Feuil1!$A:$A=$A34)*Feuil1!$I:$I)) -> 0 | E34: =SUMPRODUCT((Feuil1!$C:$C>=DATEVALUE("01/10/2016"))*((Feuil1!$C:$C<=DATEVALUE("31/10/2016"))*(Feuil1!$A:$A=$A34)*Feuil1!$I:$I)) -> 0 | F34: =SUMPRODUCT((Feuil1!$C:$C>=DATEVALUE("01/11/2016"))*((Feuil1!$C:$C<=DATEVALUE("30/11/2016"))*(Feuil1!$A:$A=$A34)*Feuil1!$I:$I)) -> 0 | G34: =SUMPRODUCT((Feuil1!$C:$C>=DATEVALUE("01/12/2016"))*((Feuil1!$C:$C<=DATEVALUE("31/12/2016"))*(Feuil1!$A:$A=$A34)*Feuil1!$I:$I)) -> 0 | H34: =SUMPRODUCT((Feuil1!$C:$C>=DATEVALUE("01/01/2017"))*((Feuil1!$C:$C<=DATEVALUE("31/01/2017"))*(Feuil1!$A:$A=$A34)*Feuil1!$I:$I)) -> 0 | I34: =SUMPRODUCT((Feuil1!$C:$C>=DATEVALUE("01/02/2017"))*((Feuil1!$C:$C<=DATEVALUE("28/02/2017"))*(Feuil1!$A:$A=$A34)*Feuil1!$I:$I)) -> 0 | J34: =SUMPRODUCT((Feuil1!$C:$C>=DATEVALUE("01/03/2017"))*((Feuil1!$C:$C<=DATEVALUE("31/03/2017"))*(Feuil1!$A:$A=$A34)*Feuil1!$I:$I)) -> 0 | K34: =SUMPRODUCT((Feuil1!$C:$C>=DATEVALUE("01/04/2017"))*((Feuil1!$C:$C<=DATEVALUE("30/04/2017"))*(Feuil1!$A:$A=$A34)*Feuil1!$I:$I)) -> 0 | L34: =SUMPRODUCT((Feuil1!$C:$C>=DATEVALUE("01/05/2017"))*((Feuil1!$C:$C<=DATEVALUE("31/05/2017"))*(Feuil1!$A:$A=$A34)*Feuil1!$I:$I)) -> 0 | M34: =SUMPRODUCT((Feuil1!$C:$C>=DATEVALUE("01/06/2017"))*((Feuil1!$C:$C<=DATEVALUE("30/06/2017"))*(Feuil1!$A:$A=$A34)*Feuil1!$I:$I)) -> 1350 | N34: =SUMPRODUCT((Feuil1!$C:$C>=DATEVALUE("01/07/2017"))*((Feuil1!$C:$C<=DATEVALUE("31/07/2017"))*(Feuil1!$A:$A=$A34)*Feuil1!$I:$I)) -> 0 | O34: =SUMPRODUCT((Feuil1!$C:$C>=DATEVALUE("01/08/2017"))*((Feuil1!$C:$C<=DATEVALUE("31/08/2017"))*(Feuil1!$A:$A=$A34)*Feuil1!$I:$I)) -> 0
A36: animations | D36: =SUM(D29:D35) -> 0 | E36: =SUM(E29:E35) -> 0 | F36: =SUM(F29:F35) -> 2317 | G36: =SUM(G29:G35) -> 0 | H36: =SUM(H29:H35) -> 0 | I36: =SUM(I29:I35) -> 0 | J36: =SUM(J29:J35) -> 0 | K36: =SUM(K29:K35) -> 0 | ... O36: =SUM(O29:O35) -> 0
A38: 706110 | B38: Politique sportive (PS) | D38: =SUMPRODUCT((Feuil1!$C:$C>=DATEVALUE("01/09/2016"))*((Feuil1!$C:$C<=DATEVALUE("30/09/2016"))*(Feuil1!$A:$A=$A38)*Feuil1!$I:$I)) -> 0 | E38: =SUMPRODUCT((Feuil1!$C:$C>=DATEVALUE("01/10/2016"))*((Feuil1!$C:$C<=DATEVALUE("31/10/2016"))*(Feuil1!$A:$A=$A38)*Feuil1!$I:$I)) -> 0 | F38: =SUMPRODUCT((Feuil1!$C:$C>=DATEVALUE("01/11/2016"))*((Feuil1!$C:$C<=DATEVALUE("30/11/2016"))*(Feuil1!$A:$A=$A38)*Feuil1!$I:$I)) -> 0 | G38: =SUMPRODUCT((Feuil1!$C:$C>=DATEVALUE("01/12/2016"))*((Feuil1!$C:$C<=DATEVALUE("31/12/2016"))*(Feuil1!$A:$A=$A38)*Feuil1!$I:$I)) -> 0 | H38: =SUMPRODUCT((Feuil1!$C:$C>=DATEVALUE("01/01/2017"))*((Feuil1!$C:$C<=DATEVALUE("31/01/2017"))*(Feuil1!$A:$A=$A38)*Feuil1!$I:$I)) -> 0 | I38: =SUMPRODUCT((Feuil1!$C:$C>=DATEVALUE("01/02/2017"))*((Feuil1!$C:$C<=DATEVALUE("28/02/2017"))*(Feuil1!$A:$A=$A38)*Feuil1!$I:$I)) -> 0 | J38: =SUMPRODUCT((Feuil1!$C:$C>=DATEVALUE("01/03/2017"))*((Feuil1!$C:$C<=DATEVALUE("31/03/2017"))*(Feuil1!$A:$A=$A38)*Feuil1!$I:$I)) -> 0 | K38: =SUMPRODUCT((Feuil1!$C:$C>=DATEVALUE("01/04/2017"))*((Feuil1!$C:$C<=DATEVALUE("30/04/2017"))*(Feuil1!$A:$A=$A38)*Feuil1!$I:$I)) -> 0 | L38: =SUMPRODUCT((Feuil1!$C:$C>=DATEVALUE("01/05/2017"))*((Feuil1!$C:$C<=DATEVALUE("31/05/2017"))*(Feuil1!$A:$A=$A38)*Feuil1!$I:$I)) -> 0 | M38: =SUMPRODUCT((Feuil1!$C:$C>=DATEVALUE("01/06/2017"))*((Feuil1!$C:$C<=DATEVALUE("30/06/2017"))*(Feuil1!$A:$A=$A38)*Feuil1!$I:$I)) -> 0 | N38: =SUMPRODUCT((Feuil1!$C:$C>=DATEVALUE("01/07/2017"))*((Feuil1!$C:$C<=DATEVALUE("31/07/2017"))*(Feuil1!$A:$A=$A38)*Feuil1!$I:$I)) -> 0 | O38: =SUMPRODUCT((Feuil1!$C:$C>=DATEVALUE("01/08/2017"))*((Feuil1!$C:$C<=DATEVALUE("31/08/2017"))*(Feuil1!$A:$A=$A38)*Feuil1!$I:$I)) -> 0
A39: 740100 | B39: Subvention Mairie | D39: =SUMPRODUCT((Feuil1!$C:$C>=DATEVALUE("01/09/2016"))*((Feuil1!$C:$C<=DATEVALUE("30/09/2016"))*(Feuil1!$A:$A=$A39)*Feuil1!$I:$I)) -> 8000 | E39: =SUMPRODUCT((Feuil1!$C:$C>=DATEVALUE("01/10/2016"))*((Feuil1!$C:$C<=DATEVALUE("31/10/2016"))*(Feuil1!$A:$A=$A39)*Feuil1!$I:$I)) -> 0 | F39: =SUMPRODUCT((Feuil1!$C:$C>=DATEVALUE("01/11/2016"))*((Feuil1!$C:$C<=DATEVALUE("30/11/2016"))*(Feuil1!$A:$A=$A39)*Feuil1!$I:$I)) -> 0 | G39: =SUMPRODUCT((Feuil1!$C:$C>=DATEVALUE("01/12/2016"))*((Feuil1!$C:$C<=DATEVALUE("31/12/2016"))*(Feuil1!$A:$A=$A39)*Feuil1!$I:$I)) -> 0 | H39: =SUMPRODUCT((Feuil1!$C:$C>=DATEVALUE("01/01/2017"))*((Feuil1!$C:$C<=DATEVALUE("31/01/2017"))*(Feuil1!$A:$A=$A39)*Feuil1!$I:$I)) -> 0 | I39: =SUMPRODUCT((Feuil1!$C:$C>=DATEVALUE("01/02/2017"))*((Feuil1!$C:$C<=DATEVALUE("28/02/2017"))*(Feuil1!$A:$A=$A39)*Feuil1!$I:$I)) -> 0 | J39: =SUMPRODUCT((Feuil1!$C:$C>=DATEVALUE("01/03/2017"))*((Feuil1!$C:$C<=DATEVALUE("31/03/2017"))*(Feuil1!$A:$A=$A39)*Feuil1!$I:$I)) -> 0 | K39: =SUMPRODUCT((Feuil1!$C:$C>=DATEVALUE("01/04/2017"))*((Feuil1!$C:$C<=DATEVALUE("30/04/2017"))*(Feuil1!$A:$A=$A39)*Feuil1!$I:$I)) -> 0 | L39: =SUMPRODUCT((Feuil1!$C:$C>=DATEVALUE("01/05/2017"))*((Feuil1!$C:$C<=DATEVALUE("31/05/2017"))*(Feuil1!$A:$A=$A39)*Feuil1!$I:$I)) -> 8000 | M39: =SUMPRODUCT((Feuil1!$C:$C>=DATEVALUE("01/06/2017"))*((Feuil1!$C:$C<=DATEVALUE("30/06/2017"))*(Feuil1!$A:$A=$A39)*Feuil1!$I:$I)) -> 0 | N39: =SUMPRODUCT((Feuil1!$C:$C>=DATEVALUE("01/07/2017"))*((Feuil1!$C:$C<=DATEVALUE("31/07/2017"))*(Feuil1!$A:$A=$A39)*Feuil1!$I:$I)) -> 0 | O39: =SUMPRODUCT((Feuil1!$C:$C>=DATEVALUE("01/08/2017"))*((Feuil1!$C:$C<=DATEVALUE("31/08/2017"))*(Feuil1!$A:$A=$A39)*Feuil1!$I:$I)) -> 0
A40: 740200 | B40: Subvention Départementale | D40: =SUMPRODUCT((Feuil1!$C:$C>=DATEVALUE("01/09/2016"))*((Feuil1!$C:$C<=DATEVALUE("30/09/2016"))*(Feuil1!$A:$A=$A40)*Feuil1!$I:$I)) -> 0 | E40: =SUMPRODUCT((Feuil1!$C:$C>=DATEVALUE("01/10/2016"))*((Feuil1!$C:$C<=DATEVALUE("31/10/2016"))*(Feuil1!$A:$A=$A40)*Feuil1!$I:$I)) -> 0 | F40: =SUMPRODUCT((Feuil1!$C:$C>=DATEVALUE("01/11/2016"))*((Feuil1!$C:$C<=DATEVALUE("30/11/2016"))*(Feuil1!$A:$A=$A40)*Feuil1!$I:$I)) -> 0 | G40: =SUMPRODUCT((Feuil1!$C:$C>=DATEVALUE("01/12/2016"))*((Feuil1!$C:$C<=DATEVALUE("31/12/2016"))*(Feuil1!$A:$A=$A40)*Feuil1!$I:$I)) -> 0 | H40: =SUMPRODUCT((Feuil1!$C:$C>=DATEVALUE("01/01/2017"))*((Feuil1!$C:$C<=DATEVALUE("31/01/2017"))*(Feuil1!$A:$A=$A40)*Feuil1!$I:$I)) -> 0 | I40: =SUMPRODUCT((Feuil1!$C:$C>=DATEVALUE("01/02/2017"))*((Feuil1!$C:$C<=DATEVALUE("28/02/2017"))*(Feuil1!$A:$A=$A40)*Feuil1!$I:$I)) -> 0 | J40: =SUMPRODUCT((Feuil1!$C:$C>=DATEVALUE("01/03/2017"))*((Feuil1!$C:$C<=DATEVALUE("31/03/2017"))*(Feuil1!$A:$A=$A40)*Feuil1!$I:$I)) -> 3233 | K40: =SUMPRODUCT((Feuil1!$C:$C>=DATEVALUE("01/04/2017"))*((Feuil1!$C:$C<=DATEVALUE("30/04/2017"))*(Feuil1!$A:$A=$A40)*Feuil1!$I:$I)) -> 2814 | L40: =SUMPRODUCT((Feuil1!$C:$C>=DATEVALUE("01/05/2017"))*((Feuil1!$C:$C<=DATEVALUE("31/05/2017"))*(Feuil1!$A:$A=$A40)*Feuil1!$I:$I)) -> 0 | M40: =SUMPRODUCT((Feuil1!$C:$C>=DATEVALUE("01/06/2017"))*((Feuil1!$C:$C<=DATEVALUE("30/06/2017"))*(Feuil1!$A:$A=$A40)*Feuil1!$I:$I)) -> 0 | N40: =SUMPRODUCT((Feuil1!$C:$C>=DATEVALUE("01/07/2017"))*((Feuil1!$C:$C<=DATEVALUE("31/07/2017"))*(Feuil1!$A:$A=$A40)*Feuil1!$I:$I)) -> 0 | O40: =SUMPRODUCT((Feuil1!$C:$C>=DATEVALUE("01/08/2017"))*((Feuil1!$C:$C<=DATEVALUE("31/08/2017"))*(Feuil1!$A:$A=$A40)*Feuil1!$I:$I)) -> 0
A41: 740300 | B41: Subvention ligue | D41: =SUMPRODUCT((Feuil1!$C:$C>=DATEVALUE("01/09/2016"))*((Feuil1!$C:$C<=DATEVALUE("30/09/2016"))*(Feuil1!$A:$A=$A41)*Feuil1!$I:$I)) -> 0 | E41: =SUMPRODUCT((Feuil1!$C:$C>=DATEVALUE("01/10/2016"))*((Feuil1!$C:$C<=DATEVALUE("31/10/2016"))*(Feuil1!$A:$A=$A41)*Feuil1!$I:$I)) -> 0 | F41: =SUMPRODUCT((Feuil1!$C:$C>=DATEVALUE("01/11/2016"))*((Feuil1!$C:$C<=DATEVALUE("30/11/2016"))*(Feuil1!$A:$A=$A41)*Feuil1!$I:$I)) -> 0 | G41: =SUMPRODUCT((Feuil1!$C:$C>=DATEVALUE("01/12/2016"))*((Feuil1!$C:$C<=DATEVALUE("31/12/2016"))*(Feuil1!$A:$A=$A41)*Feuil1!$I:$I)) -> 0 | H41: =SUMPRODUCT((Feuil1!$C:$C>=DATEVALUE("01/01/2017"))*((Feuil1!$C:$C<=DATEVALUE("31/01/2017"))*(Feuil1!$A:$A=$A41)*Feuil1!$I:$I)) -> 0 | I41: =SUMPRODUCT((Feuil1!$C:$C>=DATEVALUE("01/02/2017"))*((Feuil1!$C:$C<=DATEVALUE("28/02/2017"))*(Feuil1!$A:$A=$A41)*Feuil1!$I:$I)) -> 0 | J41: =SUMPRODUCT((Feuil1!$C:$C>=DATEVALUE("01/03/2017"))*((Feuil1!$C:$C<=DATEVALUE("31/03/2017"))*(Feuil1!$A:$A=$A41)*Feuil1!$I:$I)) -> 0 | K41: =SUMPRODUCT((Feuil1!$C:$C>=DATEVALUE("01/04/2017"))*((Feuil1!$C:$C<=DATEVALUE("30/04/2017"))*(Feuil1!$A:$A=$A41)*Feuil1!$I:$I)) -> 0 | L41: =SUMPRODUCT((Feuil1!$C:$C>=DATEVALUE("01/05/2017"))*((Feuil1!$C:$C<=DATEVALUE("31/05/2017"))*(Feuil1!$A:$A=$A41)*Feuil1!$I:$I)) -> 0 | M41: =SUMPRODUCT((Feuil1!$C:$C>=DATEVALUE("01/06/2017"))*((Feuil1!$C:$C<=DATEVALUE("30/06/2017"))*(Feuil1!$A:$A=$A41)*Feuil1!$I:$I)) -> 0 | N41: =SUMPRODUCT((Feuil1!$C:$C>=DATEVALUE("01/07/2017"))*((Feuil1!$C:$C<=DATEVALUE("31/07/2017"))*(Feuil1!$A:$A=$A41)*Feuil1!$I:$I)) -> 0 | O41: =SUMPRODUCT((Feuil1!$C:$C>=DATEVALUE("01/08/2017"))*((Feuil1!$C:$C<=DATEVALUE("31/08/2017"))*(Feuil1!$A:$A=$A41)*Feuil1!$I:$I)) -> 0
A42: 740310 | B42: Subvention formation (JA…) | D42: =SUMPRODUCT((Feuil1!$C:$C>=DATEVALUE("01/09/2016"))*((Feuil1!$C:$C<=DATEVALUE("30/09/2016"))*(Feuil1!$A:$A=$A42)*Feuil1!$I:$I)) -> 0 | E42: =SUMPRODUCT((Feuil1!$C:$C>=DATEVALUE("01/10/2016"))*((Feuil1!$C:$C<=DATEVALUE("31/10/2016"))*(Feuil1!$A:$A=$A42)*Feuil1!$I:$I)) -> 0 | F42: =SUMPRODUCT((Feuil1!$C:$C>=DATEVALUE("01/11/2016"))*((Feuil1!$C:$C<=DATEVALUE("30/11/2016"))*(Feuil1!$A:$A=$A42)*Feuil1!$I:$I)) -> 0 | G42: =SUMPRODUCT((Feuil1!$C:$C>=DATEVALUE("01/12/2016"))*((Feuil1!$C:$C<=DATEVALUE("31/12/2016"))*(Feuil1!$A:$A=$A42)*Feuil1!$I:$I)) -> 0 | H42: =SUMPRODUCT((Feuil1!$C:$C>=DATEVALUE("01/01/2017"))*((Feuil1!$C:$C<=DATEVALUE("31/01/2017"))*(Feuil1!$A:$A=$A42)*Feuil1!$I:$I)) -> 0 | I42: =SUMPRODUCT((Feuil1!$C:$C>=DATEVALUE("01/02/2017"))*((Feuil1!$C:$C<=DATEVALUE("28/02/2017"))*(Feuil1!$A:$A=$A42)*Feuil1!$I:$I)) -> 0 | J42: =SUMPRODUCT((Feuil1!$C:$C>=DATEVALUE("01/03/2017"))*((Feuil1!$C:$C<=DATEVALUE("31/03/2017"))*(Feuil1!$A:$A=$A42)*Feuil1!$I:$I)) -> 0 | K42: =SUMPRODUCT((Feuil1!$C:$C>=DATEVALUE("01/04/2017"))*((Feuil1!$C:$C<=DATEVALUE("30/04/2017"))*(Feuil1!$A:$A=$A42)*Feuil1!$I:$I)) -> 0 | L42: =SUMPRODUCT((Feuil1!$C:$C>=DATEVALUE("01/05/2017"))*((Feuil1!$C:$C<=DATEVALUE("31/05/2017"))*(Feuil1!$A:$A=$A42)*Feuil1!$I:$I)) -> 0 | M42: =SUMPRODUCT((Feuil1!$C:$C>=DATEVALUE("01/06/2017"))*((Feuil1!$C:$C<=DATEVALUE("30/06/2017"))*(Feuil1!$A:$A=$A42)*Feuil1!$I:$I)) -> 0 | N42: =SUMPRODUCT((Feuil1!$C:$C>=DATEVALUE("01/07/2017"))*((Feuil1!$C:$C<=DATEVALUE("31/07/2017"))*(Feuil1!$A:$A=$A42)*Feuil1!$I:$I)) -> 0 | O42: =SUMPRODUCT((Feuil1!$C:$C>=DATEVALUE("01/08/2017"))*((Feuil1!$C:$C<=DATEVALUE("31/08/2017"))*(Feuil1!$A:$A=$A42)*Feuil1!$I:$I)) -> 0
A43: 740320 | B43: Subvention jeunes (club formateur) | D43: =SUMPRODUCT((Feuil1!$C:$C>=DATEVALUE("01/09/2016"))*((Feuil1!$C:$C<=DATEVALUE("30/09/2016"))*(Feuil1!$A:$A=$A43)*Feuil1!$I:$I)) -> 2000 | E43: =SUMPRODUCT((Feuil1!$C:$C>=DATEVALUE("01/10/2016"))*((Feuil1!$C:$C<=DATEVALUE("31/10/2016"))*(Feuil1!$A:$A=$A43)*Feuil1!$I:$I)) -> 0 | F43: =SUMPRODUCT((Feuil1!$C:$C>=DATEVALUE("01/11/2016"))*((Feuil1!$C:$C<=DATEVALUE("30/11/2016"))*(Feuil1!$A:$A=$A43)*Feuil1!$I:$I)) -> 0 | G43: =SUMPRODUCT((Feuil1!$C:$C>=DATEVALUE("01/12/2016"))*((Feuil1!$C:$C<=DATEVALUE("31/12/2016"))*(Feuil1!$A:$A=$A43)*Feuil1!$I:$I)) -> 0 | H43: =SUMPRODUCT((Feuil1!$C:$C>=DATEVALUE("01/01/2017"))*((Feuil1!$C:$C<=DATEVALUE("31/01/2017"))*(Feuil1!$A:$A=$A43)*Feuil1!$I:$I)) -> 0 | I43: =SUMPRODUCT((Feuil1!$C:$C>=DATEVALUE("01/02/2017"))*((Feuil1!$C:$C<=DATEVALUE("28/02/2017"))*(Feuil1!$A:$A=$A43)*Feuil1!$I:$I)) -> 0 | J43: =SUMPRODUCT((Feuil1!$C:$C>=DATEVALUE("01/03/2017"))*((Feuil1!$C:$C<=DATEVALUE("31/03/2017"))*(Feuil1!$A:$A=$A43)*Feuil1!$I:$I)) -> 0 | K43: =SUMPRODUCT((Feuil1!$C:$C>=DATEVALUE("01/04/2017"))*((Feuil1!$C:$C<=DATEVALUE("30/04/2017"))*(Feuil1!$A:$A=$A43)*Feuil1!$I:$I)) -> 0 | L43: =SUMPRODUCT((Feuil1!$C:$C>=DATEVALUE("01/05/2017"))*((Feuil1!$C:$C<=DATEVALUE("31/05/2017"))*(Feuil1!$A:$A=$A43)*Feuil1!$I:$I)) -> 0 | M43: =SUMPRODUCT((Feuil1!$C:$C>=DATEVALUE("01/06/2017"))*((Feuil1!$C:$C<=DATEVALUE("30/06/2017"))*(Feuil1!$A:$A=$A43)*Feuil1!$I:$I)) -> 0 | N43: =SUMPRODUCT((Feuil1!$C:$C>=DATEVALUE("01/07/2017"))*((Feuil1!$C:$C<=DATEVALUE("31/07/2017"))*(Feuil1!$A:$A=$A43)*Feuil1!$I:$I)) -> 0 | O43: =SUMPRODUCT((Feuil1!$C:$C>=DATEVALUE("01/08/2017"))*((Feuil1!$C:$C<=DATEVALUE("31/08/2017"))*(Feuil1!$A:$A=$A43)*Feuil1!$I:$I)) -> 0
A44: 740330 | B44: Subvention ligue Autre | D44: =SUMPRODUCT((Feuil1!$C:$C>=DATEVALUE("01/09/2016"))*((Feuil1!$C:$C<=DATEVALUE("30/09/2016"))*(Feuil1!$A:$A=$A44)*Feuil1!$I:$I)) -> 0 | E44: =SUMPRODUCT((Feuil1!$C:$C>=DATEVALUE("01/10/2016"))*((Feuil1!$C:$C<=DATEVALUE("31/10/2016"))*(Feuil1!$A:$A=$A44)*Feuil1!$I:$I)) -> 0 | F44: =SUMPRODUCT((Feuil1!$C:$C>=DATEVALUE("01/11/2016"))*((Feuil1!$C:$C<=DATEVALUE("30/11/2016"))*(Feuil1!$A:$A=$A44)*Feuil1!$I:$I)) -> 0 | G44: =SUMPRODUCT((Feuil1!$C:$C>=DATEVALUE("01/12/2016"))*((Feuil1!$C:$C<=DATEVALUE("31/12/2016"))*(Feuil1!$A:$A=$A44)*Feuil1!$I:$I)) -> 0 | H44: =SUMPRODUCT((Feuil1!$C:$C>=DATEVALUE("01/01/2017"))*((Feuil1!$C:$C<=DATEVALUE("31/01/2017"))*(Feuil1!$A:$A=$A44)*Feuil1!$I:$I)) -> 0 | I44: =SUMPRODUCT((Feuil1!$C:$C>=DATEVALUE("01/02/2017"))*((Feuil1!$C:$C<=DATEVALUE("28/02/2017"))*(Feuil1!$A:$A=$A44)*Feuil1!$I:$I)) -> 0 | J44: =SUMPRODUCT((Feuil1!$C:$C>=DATEVALUE("01/03/2017"))*((Feuil1!$C:$C<=DATEVALUE("31/03/2017"))*(Feuil1!$A:$A=$A44)*Feuil1!$I:$I)) -> 0 | K44: =SUMPRODUCT((Feuil1!$C:$C>=DATEVALUE("01/04/2017"))*((Feuil1!$C:$C<=DATEVALUE("30/04/2017"))*(Feuil1!$A:$A=$A44)*Feuil1!$I:$I)) -> 0 | L44: =SUMPRODUCT((Feuil1!$C:$C>=DATEVALUE("01/05/2017"))*((Feuil1!$C:$C<=DATEVALUE("31/05/2017"))*(Feuil1!$A:$A=$A44)*Feuil1!$I:$I)) -> 0 | M44: =SUMPRODUCT((Feuil1!$C:$C>=DATEVALUE("01/06/2017"))*((Feuil1!$C:$C<=DATEVALUE("30/06/2017"))*(Feuil1!$A:$A=$A44)*Feuil1!$I:$I)) -> 0 | N44: =SUMPRODUCT((Feuil1!$C:$C>=DATEVALUE("01/07/2017"))*((Feuil1!$C:$C<=DATEVALUE("31/07/2017"))*(Feuil1!$A:$A=$A44)*Feuil1!$I:$I)) -> 0 | O44: =SUMPRODUCT((Feuil1!$C:$C>=DATEVALUE("01/08/2017"))*((Feuil1!$C:$C<=DATEVALUE("31/08/2017"))*(Feuil1!$A:$A=$A44)*Feuil1!$I:$I)) -> 0
A46: subventions | D46: =SUM(D38:D45) -> 10000 | E46: =SUM(E38:E45) -> 0 | F46: =SUM(F38:F45) -> 0 | G46: =SUM(G38:G45) -> 0 | H46: =SUM(H38:H45) -> 0 | I46: =SUM(I38:I45) -> 0 | J46: =SUM(J38:J45) -> 3233 | K46: =SUM(K38:K45) -> 2814 | ... O46: =SUM(O38:O45) -> 0
A48: 761000 | B48: Produits financiers | D48: =SUMPRODUCT((Feuil1!$C:$C>=DATEVALUE("01/09/2016"))*((Feuil1!$C:$C<=DATEVALUE("30/09/2016"))*(Feuil1!$A:$A=$A48)*Feuil1!$I:$I)) -> 0 | E48: =SUMPRODUCT((Feuil1!$C:$C>=DATEVALUE("01/10/2016"))*((Feuil1!$C:$C<=DATEVALUE("31/10/2016"))*(Feuil1!$A:$A=$A48)*Feuil1!$I:$I)) -> 0 | F48: =SUMPRODUCT((Feuil1!$C:$C>=DATEVALUE("01/11/2016"))*((Feuil1!$C:$C<=DATEVALUE("30/11/2016"))*(Feuil1!$A:$A=$A48)*Feuil1!$I:$I)) -> 0 | G48: =SUMPRODUCT((Feuil1!$C:$C>=DATEVALUE("01/12/2016"))*((Feuil1!$C:$C<=DATEVALUE("31/12/2016"))*(Feuil1!$A:$A=$A48)*Feuil1!$I:$I)) -> 278.39 | H48: =SUMPRODUCT((Feuil1!$C:$C>=DATEVALUE("01/01/2017"))*((Feuil1!$C:$C<=DATEVALUE("31/01/2017"))*(Feuil1!$A:$A=$A48)*Feuil1!$I:$I)) -> 0 | I48: =SUMPRODUCT((Feuil1!$C:$C>=DATEVALUE("01/02/2017"))*((Feuil1!$C:$C<=DATEVALUE("28/02/2017"))*(Feuil1!$A:$A=$A48)*Feuil1!$I:$I)) -> 0 | J48: =SUMPRODUCT((Feuil1!$C:$C>=DATEVALUE("01/03/2017"))*((Feuil1!$C:$C<=DATEVALUE("31/03/2017"))*(Feuil1!$A:$A=$A48)*Feuil1!$I:$I)) -> 0 | K48: =SUMPRODUCT((Feuil1!$C:$C>=DATEVALUE("01/04/2017"))*((Feuil1!$C:$C<=DATEVALUE("30/04/2017"))*(Feuil1!$A:$A=$A48)*Feuil1!$I:$I)) -> 0 | L48: =SUMPRODUCT((Feuil1!$C:$C>=DATEVALUE("01/05/2017"))*((Feuil1!$C:$C<=DATEVALUE("31/05/2017"))*(Feuil1!$A:$A=$A48)*Feuil1!$I:$I)) -> 0 | M48: =SUMPRODUCT((Feuil1!$C:$C>=DATEVALUE("01/06/2017"))*((Feuil1!$C:$C<=DATEVALUE("30/06/2017"))*(Feuil1!$A:$A=$A48)*Feuil1!$I:$I)) -> 0 | N48: =SUMPRODUCT((Feuil1!$C:$C>=DATEVALUE("01/07/2017"))*((Feuil1!$C:$C<=DATEVALUE("31/07/2017"))*(Feuil1!$A:$A=$A48)*Feuil1!$I:$I)) -> 0 | O48: =SUMPRODUCT((Feuil1!$C:$C>=DATEVALUE("01/08/2017"))*((Feuil1!$C:$C<=DATEVALUE("31/08/2017"))*(Feuil1!$A:$A=$A48)*Feuil1!$I:$I)) -> 0
A49: 770000 | B49: Autres produits | D49: =SUMPRODUCT((Feuil1!$C:$C>=DATEVALUE("01/09/2016"))*((Feuil1!$C:$C<=DATEVALUE("30/09/2016"))*(Feuil1!$A:$A=$A49)*Feuil1!$I:$I)) -> 410.1 | E49: =SUMPRODUCT((Feuil1!$C:$C>=DATEVALUE("01/10/2016"))*((Feuil1!$C:$C<=DATEVALUE("31/10/2016"))*(Feuil1!$A:$A=$A49)*Feuil1!$I:$I)) -> 24 | F49: =SUMPRODUCT((Feuil1!$C:$C>=DATEVALUE("01/11/2016"))*((Feuil1!$C:$C<=DATEVALUE("30/11/2016"))*(Feuil1!$A:$A=$A49)*Feuil1!$I:$I)) -> 0 | G49: =SUMPRODUCT((Feuil1!$C:$C>=DATEVALUE("01/12/2016"))*((Feuil1!$C:$C<=DATEVALUE("31/12/2016"))*(Feuil1!$A:$A=$A49)*Feuil1!$I:$I)) -> 360 | H49: =SUMPRODUCT((Feuil1!$C:$C>=DATEVALUE("01/01/2017"))*((Feuil1!$C:$C<=DATEVALUE("31/01/2017"))*(Feuil1!$A:$A=$A49)*Feuil1!$I:$I)) -> 0 | I49: =SUMPRODUCT((Feuil1!$C:$C>=DATEVALUE("01/02/2017"))*((Feuil1!$C:$C<=DATEVALUE("28/02/2017"))*(Feuil1!$A:$A=$A49)*Feuil1!$I:$I)) -> 2280.83 | J49: =SUMPRODUCT((Feuil1!$C:$C>=DATEVALUE("01/03/2017"))*((Feuil1!$C:$C<=DATEVALUE("31/03/2017"))*(Feuil1!$A:$A=$A49)*Feuil1!$I:$I)) -> 0 | K49: =SUMPRODUCT((Feuil1!$C:$C>=DATEVALUE("01/04/2017"))*((Feuil1!$C:$C<=DATEVALUE("30/04/2017"))*(Feuil1!$A:$A=$A49)*Feuil1!$I:$I)) -> 0 | L49: =SUMPRODUCT((Feuil1!$C:$C>=DATEVALUE("01/05/2017"))*((Feuil1!$C:$C<=DATEVALUE("31/05/2017"))*(Feuil1!$A:$A=$A49)*Feuil1!$I:$I)) -> 0 | M49: =SUMPRODUCT((Feuil1!$C:$C>=DATEVALUE("01/06/2017"))*((Feuil1!$C:$C<=DATEVALUE("30/06/2017"))*(Feuil1!$A:$A=$A49)*Feuil1!$I:$I)) -> 0 | N49: =SUMPRODUCT((Feuil1!$C:$C>=DATEVALUE("01/07/2017"))*((Feuil1!$C:$C<=DATEVALUE("31/07/2017"))*(Feuil1!$A:$A=$A49)*Feuil1!$I:$I)) -> 0 | O49: =SUMPRODUCT((Feuil1!$C:$C>=DATEVALUE("01/08/2017"))*((Feuil1!$C:$C<=DATEVALUE("31/08/2017"))*(Feuil1!$A:$A=$A49)*Feuil1!$I:$I)) -> 1858.61
A50: 790000 | B50: Transferts de charges | D50: =SUMPRODUCT((Feuil1!$C:$C>=DATEVALUE("01/09/2016"))*((Feuil1!$C:$C<=DATEVALUE("30/09/2016"))*(Feuil1!$A:$A=$A50)*Feuil1!$I:$I)) -> 0 | E50: =SUMPRODUCT((Feuil1!$C:$C>=DATEVALUE("01/10/2016"))*((Feuil1!$C:$C<=DATEVALUE("31/10/2016"))*(Feuil1!$A:$A=$A50)*Feuil1!$I:$I)) -> 0 | F50: =SUMPRODUCT((Feuil1!$C:$C>=DATEVALUE("01/11/2016"))*((Feuil1!$C:$C<=DATEVALUE("30/11/2016"))*(Feuil1!$A:$A=$A50)*Feuil1!$I:$I)) -> 0 | G50: =SUMPRODUCT((Feuil1!$C:$C>=DATEVALUE("01/12/2016"))*((Feuil1!$C:$C<=DATEVALUE("31/12/2016"))*(Feuil1!$A:$A=$A50)*Feuil1!$I:$I)) -> 0 | H50: =SUMPRODUCT((Feuil1!$C:$C>=DATEVALUE("01/01/2017"))*((Feuil1!$C:$C<=DATEVALUE("31/01/2017"))*(Feuil1!$A:$A=$A50)*Feuil1!$I:$I)) -> 0 | I50: =SUMPRODUCT((Feuil1!$C:$C>=DATEVALUE("01/02/2017"))*((Feuil1!$C:$C<=DATEVALUE("28/02/2017"))*(Feuil1!$A:$A=$A50)*Feuil1!$I:$I)) -> 0 | J50: =SUMPRODUCT((Feuil1!$C:$C>=DATEVALUE("01/03/2017"))*((Feuil1!$C:$C<=DATEVALUE("31/03/2017"))*(Feuil1!$A:$A=$A50)*Feuil1!$I:$I)) -> 0 | K50: =SUMPRODUCT((Feuil1!$C:$C>=DATEVALUE("01/04/2017"))*((Feuil1!$C:$C<=DATEVALUE("30/04/2017"))*(Feuil1!$A:$A=$A50)*Feuil1!$I:$I)) -> 0 | L50: =SUMPRODUCT((Feuil1!$C:$C>=DATEVALUE("01/05/2017"))*((Feuil1!$C:$C<=DATEVALUE("31/05/2017"))*(Feuil1!$A:$A=$A50)*Feuil1!$I:$I)) -> 0 | M50: =SUMPRODUCT((Feuil1!$C:$C>=DATEVALUE("01/06/2017"))*((Feuil1!$C:$C<=DATEVALUE("30/06/2017"))*(Feuil1!$A:$A=$A50)*Feuil1!$I:$I)) -> 0 | N50: =SUMPRODUCT((Feuil1!$C:$C>=DATEVALUE("01/07/2017"))*((Feuil1!$C:$C<=DATEVALUE("31/07/2017"))*(Feuil1!$A:$A=$A50)*Feuil1!$I:$I)) -> 0 | O50: =SUMPRODUCT((Feuil1!$C:$C>=DATEVALUE("01/08/2017"))*((Feuil1!$C:$C<=DATEVALUE("31/08/2017"))*(Feuil1!$A:$A=$A50)*Feuil1!$I:$I)) -> 0
A52: produits divers | D52: =SUM(D48:D51) -> 410.1 | E52: =SUM(E48:E51) -> 24 | F52: =SUM(F48:F51) -> 0 | G52: =SUM(G48:G51) -> 638.39 | H52: =SUM(H48:H51) -> 0 | I52: =SUM(I48:I51) -> 2280.83 | J52: =SUM(J48:J51) -> 0 | K52: =SUM(K48:K51) -> 0 | ... O52: =SUM(O48:O51) -> 1858.61
B55: DEPENSES
A59: 606510 | B59: Balles tournoi open avril | D59: =SUMPRODUCT((Feuil1!$C:$C>=DATEVALUE("01/09/2016"))*((Feuil1!$C:$C<=DATEVALUE("30/09/2016"))*(Feuil1!$A:$A=$A59)*Feuil1!$I:$I)) -> 0 | E59: =SUMPRODUCT((Feuil1!$C:$C>=DATEVALUE("01/10/2016"))*((Feuil1!$C:$C<=DATEVALUE("31/10/2016"))*(Feuil1!$A:$A=$A59)*Feuil1!$I:$I)) -> 0 | F59: =SUMPRODUCT((Feuil1!$C:$C>=DATEVALUE("01/11/2016"))*((Feuil1!$C:$C<=DATEVALUE("30/11/2016"))*(Feuil1!$A:$A=$A59)*Feuil1!$I:$I)) -> 0 | G59: =SUMPRODUCT((Feuil1!$C:$C>=DATEVALUE("01/12/2016"))*((Feuil1!$C:$C<=DATEVALUE("31/12/2016"))*(Feuil1!$A:$A=$A59)*Feuil1!$I:$I)) -> 0 | H59: =SUMPRODUCT((Feuil1!$C:$C>=DATEVALUE("01/01/2017"))*((Feuil1!$C:$C<=DATEVALUE("31/01/2017"))*(Feuil1!$A:$A=$A59)*Feuil1!$I:$I)) -> 0 | I59: =SUMPRODUCT((Feuil1!$C:$C>=DATEVALUE("01/02/2017"))*((Feuil1!$C:$C<=DATEVALUE("28/02/2017"))*(Feuil1!$A:$A=$A59)*Feuil1!$I:$I)) -> 0 | J59: =SUMPRODUCT((Feuil1!$C:$C>=DATEVALUE("01/03/2017"))*((Feuil1!$C:$C<=DATEVALUE("31/03/2017"))*(Feuil1!$A:$A=$A59)*Feuil1!$I:$I)) -> -1544.4 | K59: =SUMPRODUCT((Feuil1!$C:$C>=DATEVALUE("01/04/2017"))*((Feuil1!$C:$C<=DATEVALUE("30/04/2017"))*(Feuil1!$A:$A=$A59)*Feuil1!$I:$I)) -> 0 | L59: =SUMPRODUCT((Feuil1!$C:$C>=DATEVALUE("01/05/2017"))*((Feuil1!$C:$C<=DATEVALUE("31/05/2017"))*(Feuil1!$A:$A=$A59)*Feuil1!$I:$I)) -> 0 | M59: =SUMPRODUCT((Feuil1!$C:$C>=DATEVALUE("01/06/2017"))*((Feuil1!$C:$C<=DATEVALUE("30/06/2017"))*(Feuil1!$A:$A=$A59)*Feuil1!$I:$I)) -> 0 | N59: =SUMPRODUCT((Feuil1!$C:$C>=DATEVALUE("01/07/2017"))*((Feuil1!$C:$C<=DATEVALUE("31/07/2017"))*(Feuil1!$A:$A=$A59)*Feuil1!$I:$I)) -> 0 | O59: =SUMPRODUCT((Feuil1!$C:$C>=DATEVALUE("01/08/2017"))*((Feuil1!$C:$C<=DATEVALUE("31/08/2017"))*(Feuil1!$A:$A=$A59)*Feuil1!$I:$I)) -> 0
A60: 606520 | B60: Balles tournoi open juillet | D60: =SUMPRODUCT((Feuil1!$C:$C>=DATEVALUE("01/09/2016"))*((Feuil1!$C:$C<=DATEVALUE("30/09/2016"))*(Feuil1!$A:$A=$A60)*Feuil1!$I:$I)) -> 0 | E60: =SUMPRODUCT((Feuil1!$C:$C>=DATEVALUE("01/10/2016"))*((Feuil1!$C:$C<=DATEVALUE("31/10/2016"))*(Feuil1!$A:$A=$A60)*Feuil1!$I:$I)) -> 0 | F60: =SUMPRODUCT((Feuil1!$C:$C>=DATEVALUE("01/11/2016"))*((Feuil1!$C:$C<=DATEVALUE("30/11/2016"))*(Feuil1!$A:$A=$A60)*Feuil1!$I:$I)) -> 0 | G60: =SUMPRODUCT((Feuil1!$C:$C>=DATEVALUE("01/12/2016"))*((Feuil1!$C:$C<=DATEVALUE("31/12/2016"))*(Feuil1!$A:$A=$A60)*Feuil1!$I:$I)) -> 0 | H60: =SUMPRODUCT((Feuil1!$C:$C>=DATEVALUE("01/01/2017"))*((Feuil1!$C:$C<=DATEVALUE("31/01/2017"))*(Feuil1!$A:$A=$A60)*Feuil1!$I:$I)) -> 0 | I60: =SUMPRODUCT((Feuil1!$C:$C>=DATEVALUE("01/02/2017"))*((Feuil1!$C:$C<=DATEVALUE("28/02/2017"))*(Feuil1!$A:$A=$A60)*Feuil1!$I:$I)) -> 0 | J60: =SUMPRODUCT((Feuil1!$C:$C>=DATEVALUE("01/03/2017"))*((Feuil1!$C:$C<=DATEVALUE("31/03/2017"))*(Feuil1!$A:$A=$A60)*Feuil1!$I:$I)) -> 0 | K60: =SUMPRODUCT((Feuil1!$C:$C>=DATEVALUE("01/04/2017"))*((Feuil1!$C:$C<=DATEVALUE("30/04/2017"))*(Feuil1!$A:$A=$A60)*Feuil1!$I:$I)) -> 0 | L60: =SUMPRODUCT((Feuil1!$C:$C>=DATEVALUE("01/05/2017"))*((Feuil1!$C:$C<=DATEVALUE("31/05/2017"))*(Feuil1!$A:$A=$A60)*Feuil1!$I:$I)) -> 0 | M60: =SUMPRODUCT((Feuil1!$C:$C>=DATEVALUE("01/06/2017"))*((Feuil1!$C:$C<=DATEVALUE("30/06/2017"))*(Feuil1!$A:$A=$A60)*Feuil1!$I:$I)) -> -1544.4 | N60: =SUMPRODUCT((Feuil1!$C:$C>=DATEVALUE("01/07/2017"))*((Feuil1!$C:$C<=DATEVALUE("31/07/2017"))*(Feuil1!$A:$A=$A60)*Feuil1!$I:$I)) -> 0 | O60: =SUMPRODUCT((Feuil1!$C:$C>=DATEVALUE("01/08/2017"))*((Feuil1!$C:$C<=DATEVALUE("31/08/2017"))*(Feuil1!$A:$A=$A60)*Feuil1!$I:$I)) -> 0
A61: 606530 | B61: Balles tournoi interne | D61: =SUMPRODUCT((Feuil1!$C:$C>=DATEVALUE("01/09/2016"))*((Feuil1!$C:$C<=DATEVALUE("30/09/2016"))*(Feuil1!$A:$A=$A61)*Feuil1!$I:$I)) -> 0 | E61: =SUMPRODUCT((Feuil1!$C:$C>=DATEVALUE("01/10/2016"))*((Feuil1!$C:$C<=DATEVALUE("31/10/2016"))*(Feuil1!$A:$A=$A61)*Feuil1!$I:$I)) -> 0 | F61: =SUMPRODUCT((Feuil1!$C:$C>=DATEVALUE("01/11/2016"))*((Feuil1!$C:$C<=DATEVALUE("30/11/2016"))*(Feuil1!$A:$A=$A61)*Feuil1!$I:$I)) -> 0 | G61: =SUMPRODUCT((Feuil1!$C:$C>=DATEVALUE("01/12/2016"))*((Feuil1!$C:$C<=DATEVALUE("31/12/2016"))*(Feuil1!$A:$A=$A61)*Feuil1!$I:$I)) -> 0 | H61: =SUMPRODUCT((Feuil1!$C:$C>=DATEVALUE("01/01/2017"))*((Feuil1!$C:$C<=DATEVALUE("31/01/2017"))*(Feuil1!$A:$A=$A61)*Feuil1!$I:$I)) -> 0 | I61: =SUMPRODUCT((Feuil1!$C:$C>=DATEVALUE("01/02/2017"))*((Feuil1!$C:$C<=DATEVALUE("28/02/2017"))*(Feuil1!$A:$A=$A61)*Feuil1!$I:$I)) -> 0 | J61: =SUMPRODUCT((Feuil1!$C:$C>=DATEVALUE("01/03/2017"))*((Feuil1!$C:$C<=DATEVALUE("31/03/2017"))*(Feuil1!$A:$A=$A61)*Feuil1!$I:$I)) -> 0 | K61: =SUMPRODUCT((Feuil1!$C:$C>=DATEVALUE("01/04/2017"))*((Feuil1!$C:$C<=DATEVALUE("30/04/2017"))*(Feuil1!$A:$A=$A61)*Feuil1!$I:$I)) -> 0 | L61: =SUMPRODUCT((Feuil1!$C:$C>=DATEVALUE("01/05/2017"))*((Feuil1!$C:$C<=DATEVALUE("31/05/2017"))*(Feuil1!$A:$A=$A61)*Feuil1!$I:$I)) -> 0 | M61: =SUMPRODUCT((Feuil1!$C:$C>=DATEVALUE("01/06/2017"))*((Feuil1!$C:$C<=DATEVALUE("30/06/2017"))*(Feuil1!$A:$A=$A61)*Feuil1!$I:$I)) -> 0 | N61: =SUMPRODUCT((Feuil1!$C:$C>=DATEVALUE("01/07/2017"))*((Feuil1!$C:$C<=DATEVALUE("31/07/2017"))*(Feuil1!$A:$A=$A61)*Feuil1!$I:$I)) -> 0 | O61: =SUMPRODUCT((Feuil1!$C:$C>=DATEVALUE("01/08/2017"))*((Feuil1!$C:$C<=DATEVALUE("31/08/2017"))*(Feuil1!$A:$A=$A61)*Feuil1!$I:$I)) -> 0
A62: 606540 | B62: Balles tournoi Galaxie | D62: =SUMPRODUCT((Feuil1!$C:$C>=DATEVALUE("01/09/2016"))*((Feuil1!$C:$C<=DATEVALUE("30/09/2016"))*(Feuil1!$A:$A=$A62)*Feuil1!$I:$I)) -> 0 | E62: =SUMPRODUCT((Feuil1!$C:$C>=DATEVALUE("01/10/2016"))*((Feuil1!$C:$C<=DATEVALUE("31/10/2016"))*(Feuil1!$A:$A=$A62)*Feuil1!$I:$I)) -> 0 | F62: =SUMPRODUCT((Feuil1!$C:$C>=DATEVALUE("01/11/2016"))*((Feuil1!$C:$C<=DATEVALUE("30/11/2016"))*(Feuil1!$A:$A=$A62)*Feuil1!$I:$I)) -> 0 | G62: =SUMPRODUCT((Feuil1!$C:$C>=DATEVALUE("01/12/2016"))*((Feuil1!$C:$C<=DATEVALUE("31/12/2016"))*(Feuil1!$A:$A=$A62)*Feuil1!$I:$I)) -> 0 | H62: =SUMPRODUCT((Feuil1!$C:$C>=DATEVALUE("01/01/2017"))*((Feuil1!$C:$C<=DATEVALUE("31/01/2017"))*(Feuil1!$A:$A=$A62)*Feuil1!$I:$I)) -> 0 | I62: =SUMPRODUCT((Feuil1!$C:$C>=DATEVALUE("01/02/2017"))*((Feuil1!$C:$C<=DATEVALUE("28/02/2017"))*(Feuil1!$A:$A=$A62)*Feuil1!$I:$I)) -> 0 | J62: =SUMPRODUCT((Feuil1!$C:$C>=DATEVALUE("01/03/2017"))*((Feuil1!$C:$C<=DATEVALUE("31/03/2017"))*(Feuil1!$A:$A=$A62)*Feuil1!$I:$I)) -> 0 | K62: =SUMPRODUCT((Feuil1!$C:$C>=DATEVALUE("01/04/2017"))*((Feuil1!$C:$C<=DATEVALUE("30/04/2017"))*(Feuil1!$A:$A=$A62)*Feuil1!$I:$I)) -> 0 | L62: =SUMPRODUCT((Feuil1!$C:$C>=DATEVALUE("01/05/2017"))*((Feuil1!$C:$C<=DATEVALUE("31/05/2017"))*(Feuil1!$A:$A=$A62)*Feuil1!$I:$I)) -> 0 | M62: =SUMPRODUCT((Feuil1!$C:$C>=DATEVALUE("01/06/2017"))*((Feuil1!$C:$C<=DATEVALUE("30/06/2017"))*(Feuil1!$A:$A=$A62)*Feuil1!$I:$I)) -> 0 | N62: =SUMPRODUCT((Feuil1!$C:$C>=DATEVALUE("01/07/2017"))*((Feuil1!$C:$C<=DATEVALUE("31/07/2017"))*(Feuil1!$A:$A=$A62)*Feuil1!$I:$I)) -> 0 | O62: =SUMPRODUCT((Feuil1!$C:$C>=DATEVALUE("01/08/2017"))*((Feuil1!$C:$C<=DATEVALUE("31/08/2017"))*(Feuil1!$A:$A=$A62)*Feuil1!$I:$I)) -> 0
A63: 606550 | B63: Balles entraînements (CCA & école de tennis) | D63: =SUMPRODUCT((Feuil1!$C:$C>=DATEVALUE("01/09/2016"))*((Feuil1!$C:$C<=DATEVALUE("30/09/2016"))*(Feuil1!$A:$A=$A63)*Feuil1!$I:$I)) -> -830.2 | E63: =SUMPRODUCT((Feuil1!$C:$C>=DATEVALUE("01/10/2016"))*((Feuil1!$C:$C<=DATEVALUE("31/10/2016"))*(Feuil1!$A:$A=$A63)*Feuil1!$I:$I)) -> 0 | F63: =SUMPRODUCT((Feuil1!$C:$C>=DATEVALUE("01/11/2016"))*((Feuil1!$C:$C<=DATEVALUE("30/11/2016"))*(Feuil1!$A:$A=$A63)*Feuil1!$I:$I)) -> -1501.5 | G63: =SUMPRODUCT((Feuil1!$C:$C>=DATEVALUE("01/12/2016"))*((Feuil1!$C:$C<=DATEVALUE("31/12/2016"))*(Feuil1!$A:$A=$A63)*Feuil1!$I:$I)) -> 0 | H63: =SUMPRODUCT((Feuil1!$C:$C>=DATEVALUE("01/01/2017"))*((Feuil1!$C:$C<=DATEVALUE("31/01/2017"))*(Feuil1!$A:$A=$A63)*Feuil1!$I:$I)) -> 0 | I63: =SUMPRODUCT((Feuil1!$C:$C>=DATEVALUE("01/02/2017"))*((Feuil1!$C:$C<=DATEVALUE("28/02/2017"))*(Feuil1!$A:$A=$A63)*Feuil1!$I:$I)) -> 0 | J63: =SUMPRODUCT((Feuil1!$C:$C>=DATEVALUE("01/03/2017"))*((Feuil1!$C:$C<=DATEVALUE("31/03/2017"))*(Feuil1!$A:$A=$A63)*Feuil1!$I:$I)) -> 0 | K63: =SUMPRODUCT((Feuil1!$C:$C>=DATEVALUE("01/04/2017"))*((Feuil1!$C:$C<=DATEVALUE("30/04/2017"))*(Feuil1!$A:$A=$A63)*Feuil1!$I:$I)) -> 0 | L63: =SUMPRODUCT((Feuil1!$C:$C>=DATEVALUE("01/05/2017"))*((Feuil1!$C:$C<=DATEVALUE("31/05/2017"))*(Feuil1!$A:$A=$A63)*Feuil1!$I:$I)) -> 0 | M63: =SUMPRODUCT((Feuil1!$C:$C>=DATEVALUE("01/06/2017"))*((Feuil1!$C:$C<=DATEVALUE("30/06/2017"))*(Feuil1!$A:$A=$A63)*Feuil1!$I:$I)) -> 0 | N63: =SUMPRODUCT((Feuil1!$C:$C>=DATEVALUE("01/07/2017"))*((Feuil1!$C:$C<=DATEVALUE("31/07/2017"))*(Feuil1!$A:$A=$A63)*Feuil1!$I:$I)) -> 0 | O63: =SUMPRODUCT((Feuil1!$C:$C>=DATEVALUE("01/08/2017"))*((Feuil1!$C:$C<=DATEVALUE("31/08/2017"))*(Feuil1!$A:$A=$A63)*Feuil1!$I:$I)) -> 0
A64: 606560 | B64: Balles matchs équipe | D64: =SUMPRODUCT((Feuil1!$C:$C>=DATEVALUE("01/09/2016"))*((Feuil1!$C:$C<=DATEVALUE("30/09/2016"))*(Feuil1!$A:$A=$A64)*Feuil1!$I:$I)) -> 0 | E64: =SUMPRODUCT((Feuil1!$C:$C>=DATEVALUE("01/10/2016"))*((Feuil1!$C:$C<=DATEVALUE("31/10/2016"))*(Feuil1!$A:$A=$A64)*Feuil1!$I:$I)) -> 0 | F64: =SUMPRODUCT((Feuil1!$C:$C>=DATEVALUE("01/11/2016"))*((Feuil1!$C:$C<=DATEVALUE("30/11/2016"))*(Feuil1!$A:$A=$A64)*Feuil1!$I:$I)) -> 0 | G64: =SUMPRODUCT((Feuil1!$C:$C>=DATEVALUE("01/12/2016"))*((Feuil1!$C:$C<=DATEVALUE("31/12/2016"))*(Feuil1!$A:$A=$A64)*Feuil1!$I:$I)) -> 0 | H64: =SUMPRODUCT((Feuil1!$C:$C>=DATEVALUE("01/01/2017"))*((Feuil1!$C:$C<=DATEVALUE("31/01/2017"))*(Feuil1!$A:$A=$A64)*Feuil1!$I:$I)) -> 0 | I64: =SUMPRODUCT((Feuil1!$C:$C>=DATEVALUE("01/02/2017"))*((Feuil1!$C:$C<=DATEVALUE("28/02/2017"))*(Feuil1!$A:$A=$A64)*Feuil1!$I:$I)) -> 0 | J64: =SUMPRODUCT((Feuil1!$C:$C>=DATEVALUE("01/03/2017"))*((Feuil1!$C:$C<=DATEVALUE("31/03/2017"))*(Feuil1!$A:$A=$A64)*Feuil1!$I:$I)) -> 0 | K64: =SUMPRODUCT((Feuil1!$C:$C>=DATEVALUE("01/04/2017"))*((Feuil1!$C:$C<=DATEVALUE("30/04/2017"))*(Feuil1!$A:$A=$A64)*Feuil1!$I:$I)) -> 0 | L64: =SUMPRODUCT((Feuil1!$C:$C>=DATEVALUE("01/05/2017"))*((Feuil1!$C:$C<=DATEVALUE("31/05/2017"))*(Feuil1!$A:$A=$A64)*Feuil1!$I:$I)) -> 0 | M64: =SUMPRODUCT((Feuil1!$C:$C>=DATEVALUE("01/06/2017"))*((Feuil1!$C:$C<=DATEVALUE("30/06/2017"))*(Feuil1!$A:$A=$A64)*Feuil1!$I:$I)) -> 0 | N64: =SUMPRODUCT((Feuil1!$C:$C>=DATEVALUE("01/07/2017"))*((Feuil1!$C:$C<=DATEVALUE("31/07/2017"))*(Feuil1!$A:$A=$A64)*Feuil1!$I:$I)) -> 0 | O64: =SUMPRODUCT((Feuil1!$C:$C>=DATEVALUE("01/08/2017"))*((Feuil1!$C:$C<=DATEVALUE("31/08/2017"))*(Feuil1!$A:$A=$A64)*Feuil1!$I:$I)) -> 0
A66: balles | D66: =SUM(D59:D65) -> -830.2 | E66: =SUM(E59:E65) -> 0 | F66: =SUM(F59:F65) -> -1501.5 | G66: =SUM(G59:G65) -> 0 | H66: =SUM(H59:H65) -> 0 | I66: =SUM(I59:I65) -> 0 | J66: =SUM(J59:J65) -> -1544.4 | K66: =SUM(K59:K65) -> 0 | ... O66: =SUM(O59:O65) -> 0
A68: 606611 | B68: Soirée Gala | D68: =SUMPRODUCT((Feuil1!$C:$C>=DATEVALUE("01/09/2016"))*((Feuil1!$C:$C<=DATEVALUE("30/09/2016"))*(Feuil1!$A:$A=$A68)*Feuil1!$I:$I)) -> 0 | E68: =SUMPRODUCT((Feuil1!$C:$C>=DATEVALUE("01/10/2016"))*((Feuil1!$C:$C<=DATEVALUE("31/10/2016"))*(Feuil1!$A:$A=$A68)*Feuil1!$I:$I)) -> 0 | F68: =SUMPRODUCT((Feuil1!$C:$C>=DATEVALUE("01/11/2016"))*((Feuil1!$C:$C<=DATEVALUE("30/11/2016"))*(Feuil1!$A:$A=$A68)*Feuil1!$I:$I)) -> 0 | G68: =SUMPRODUCT((Feuil1!$C:$C>=DATEVALUE("01/12/2016"))*((Feuil1!$C:$C<=DATEVALUE("31/12/2016"))*(Feuil1!$A:$A=$A68)*Feuil1!$I:$I)) -> 0 | H68: =SUMPRODUCT((Feuil1!$C:$C>=DATEVALUE("01/01/2017"))*((Feuil1!$C:$C<=DATEVALUE("31/01/2017"))*(Feuil1!$A:$A=$A68)*Feuil1!$I:$I)) -> 0 | I68: =SUMPRODUCT((Feuil1!$C:$C>=DATEVALUE("01/02/2017"))*((Feuil1!$C:$C<=DATEVALUE("28/02/2017"))*(Feuil1!$A:$A=$A68)*Feuil1!$I:$I)) -> 0 | J68: =SUMPRODUCT((Feuil1!$C:$C>=DATEVALUE("01/03/2017"))*((Feuil1!$C:$C<=DATEVALUE("31/03/2017"))*(Feuil1!$A:$A=$A68)*Feuil1!$I:$I)) -> 0 | K68: =SUMPRODUCT((Feuil1!$C:$C>=DATEVALUE("01/04/2017"))*((Feuil1!$C:$C<=DATEVALUE("30/04/2017"))*(Feuil1!$A:$A=$A68)*Feuil1!$I:$I)) -> 0 | L68: =SUMPRODUCT((Feuil1!$C:$C>=DATEVALUE("01/05/2017"))*((Feuil1!$C:$C<=DATEVALUE("31/05/2017"))*(Feuil1!$A:$A=$A68)*Feuil1!$I:$I)) -> 0 | M68: =SUMPRODUCT((Feuil1!$C:$C>=DATEVALUE("01/06/2017"))*((Feuil1!$C:$C<=DATEVALUE("30/06/2017"))*(Feuil1!$A:$A=$A68)*Feuil1!$I:$I)) -> 0 | N68: =SUMPRODUCT((Feuil1!$C:$C>=DATEVALUE("01/07/2017"))*((Feuil1!$C:$C<=DATEVALUE("31/07/2017"))*(Feuil1!$A:$A=$A68)*Feuil1!$I:$I)) -> 0 | O68: =SUMPRODUCT((Feuil1!$C:$C>=DATEVALUE("01/08/2017"))*((Feuil1!$C:$C<=DATEVALUE("31/08/2017"))*(Feuil1!$A:$A=$A68)*Feuil1!$I:$I)) -> 0
A69: 606612 | B69: Soirée diverse (Bowling…) | D69: =SUMPRODUCT((Feuil1!$C:$C>=DATEVALUE("01/09/2016"))*((Feuil1!$C:$C<=DATEVALUE("30/09/2016"))*(Feuil1!$A:$A=$A69)*Feuil1!$I:$I)) -> 0 | E69: =SUMPRODUCT((Feuil1!$C:$C>=DATEVALUE("01/10/2016"))*((Feuil1!$C:$C<=DATEVALUE("31/10/2016"))*(Feuil1!$A:$A=$A69)*Feuil1!$I:$I)) -> 0 | F69: =SUMPRODUCT((Feuil1!$C:$C>=DATEVALUE("01/11/2016"))*((Feuil1!$C:$C<=DATEVALUE("30/11/2016"))*(Feuil1!$A:$A=$A69)*Feuil1!$I:$I)) -> -291.19 | G69: =SUMPRODUCT((Feuil1!$C:$C>=DATEVALUE("01/12/2016"))*((Feuil1!$C:$C<=DATEVALUE("31/12/2016"))*(Feuil1!$A:$A=$A69)*Feuil1!$I:$I)) -> -99 | H69: =SUMPRODUCT((Feuil1!$C:$C>=DATEVALUE("01/01/2017"))*((Feuil1!$C:$C<=DATEVALUE("31/01/2017"))*(Feuil1!$A:$A=$A69)*Feuil1!$I:$I)) -> 0 | I69: =SUMPRODUCT((Feuil1!$C:$C>=DATEVALUE("01/02/2017"))*((Feuil1!$C:$C<=DATEVALUE("28/02/2017"))*(Feuil1!$A:$A=$A69)*Feuil1!$I:$I)) -> 0 | J69: =SUMPRODUCT((Feuil1!$C:$C>=DATEVALUE("01/03/2017"))*((Feuil1!$C:$C<=DATEVALUE("31/03/2017"))*(Feuil1!$A:$A=$A69)*Feuil1!$I:$I)) -> 0 | K69: =SUMPRODUCT((Feuil1!$C:$C>=DATEVALUE("01/04/2017"))*((Feuil1!$C:$C<=DATEVALUE("30/04/2017"))*(Feuil1!$A:$A=$A69)*Feuil1!$I:$I)) -> 0 | L69: =SUMPRODUCT((Feuil1!$C:$C>=DATEVALUE("01/05/2017"))*((Feuil1!$C:$C<=DATEVALUE("31/05/2017"))*(Feuil1!$A:$A=$A69)*Feuil1!$I:$I)) -> 0 | M69: =SUMPRODUCT((Feuil1!$C:$C>=DATEVALUE("01/06/2017"))*((Feuil1!$C:$C<=DATEVALUE("30/06/2017"))*(Feuil1!$A:$A=$A69)*Feuil1!$I:$I)) -> 0 | N69: =SUMPRODUCT((Feuil1!$C:$C>=DATEVALUE("01/07/2017"))*((Feuil1!$C:$C<=DATEVALUE("31/07/2017"))*(Feuil1!$A:$A=$A69)*Feuil1!$I:$I)) -> 0 | O69: =SUMPRODUCT((Feuil1!$C:$C>=DATEVALUE("01/08/2017"))*((Feuil1!$C:$C<=DATEVALUE("31/08/2017"))*(Feuil1!$A:$A=$A69)*Feuil1!$I:$I)) -> 0
A70: 606613 | B70: Jeux divers au sein du club | D70: =SUMPRODUCT((Feuil1!$C:$C>=DATEVALUE("01/09/2016"))*((Feuil1!$C:$C<=DATEVALUE("30/09/2016"))*(Feuil1!$A:$A=$A70)*Feuil1!$I:$I)) -> 0 | E70: =SUMPRODUCT((Feuil1!$C:$C>=DATEVALUE("01/10/2016"))*((Feuil1!$C:$C<=DATEVALUE("31/10/2016"))*(Feuil1!$A:$A=$A70)*Feuil1!$I:$I)) -> 0 | F70: =SUMPRODUCT((Feuil1!$C:$C>=DATEVALUE("01/11/2016"))*((Feuil1!$C:$C<=DATEVALUE("30/11/2016"))*(Feuil1!$A:$A=$A70)*Feuil1!$I:$I)) -> 0 | G70: =SUMPRODUCT((Feuil1!$C:$C>=DATEVALUE("01/12/2016"))*((Feuil1!$C:$C<=DATEVALUE("31/12/2016"))*(Feuil1!$A:$A=$A70)*Feuil1!$I:$I)) -> 0 | H70: =SUMPRODUCT((Feuil1!$C:$C>=DATEVALUE("01/01/2017"))*((Feuil1!$C:$C<=DATEVALUE("31/01/2017"))*(Feuil1!$A:$A=$A70)*Feuil1!$I:$I)) -> 0 | I70: =SUMPRODUCT((Feuil1!$C:$C>=DATEVALUE("01/02/2017"))*((Feuil1!$C:$C<=DATEVALUE("28/02/2017"))*(Feuil1!$A:$A=$A70)*Feuil1!$I:$I)) -> 0 | J70: =SUMPRODUCT((Feuil1!$C:$C>=DATEVALUE("01/03/2017"))*((Feuil1!$C:$C<=DATEVALUE("31/03/2017"))*(Feuil1!$A:$A=$A70)*Feuil1!$I:$I)) -> 0 | K70: =SUMPRODUCT((Feuil1!$C:$C>=DATEVALUE("01/04/2017"))*((Feuil1!$C:$C<=DATEVALUE("30/04/2017"))*(Feuil1!$A:$A=$A70)*Feuil1!$I:$I)) -> 0 | L70: =SUMPRODUCT((Feuil1!$C:$C>=DATEVALUE("01/05/2017"))*((Feuil1!$C:$C<=DATEVALUE("31/05/2017"))*(Feuil1!$A:$A=$A70)*Feuil1!$I:$I)) -> 0 | M70: =SUMPRODUCT((Feuil1!$C:$C>=DATEVALUE("01/06/2017"))*((Feuil1!$C:$C<=DATEVALUE("30/06/2017"))*(Feuil1!$A:$A=$A70)*Feuil1!$I:$I)) -> 0 | N70: =SUMPRODUCT((Feuil1!$C:$C>=DATEVALUE("01/07/2017"))*((Feuil1!$C:$C<=DATEVALUE("31/07/2017"))*(Feuil1!$A:$A=$A70)*Feuil1!$I:$I)) -> 0 | O70: =SUMPRODUCT((Feuil1!$C:$C>=DATEVALUE("01/08/2017"))*((Feuil1!$C:$C<=DATEVALUE("31/08/2017"))*(Feuil1!$A:$A=$A70)*Feuil1!$I:$I)) -> 0
A71: 606614 | B71: Fête école de tennis & barbecue | D71: =SUMPRODUCT((Feuil1!$C:$C>=DATEVALUE("01/09/2016"))*((Feuil1!$C:$C<=DATEVALUE("30/09/2016"))*(Feuil1!$A:$A=$A71)*Feuil1!$I:$I)) -> 0 | E71: =SUMPRODUCT((Feuil1!$C:$C>=DATEVALUE("01/10/2016"))*((Feuil1!$C:$C<=DATEVALUE("31/10/2016"))*(Feuil1!$A:$A=$A71)*Feuil1!$I:$I)) -> 0 | F71: =SUMPRODUCT((Feuil1!$C:$C>=DATEVALUE("01/11/2016"))*((Feuil1!$C:$C<=DATEVALUE("30/11/2016"))*(Feuil1!$A:$A=$A71)*Feuil1!$I:$I)) -> 0 | G71: =SUMPRODUCT((Feuil1!$C:$C>=DATEVALUE("01/12/2016"))*((Feuil1!$C:$C<=DATEVALUE("31/12/2016"))*(Feuil1!$A:$A=$A71)*Feuil1!$I:$I)) -> 0 | H71: =SUMPRODUCT((Feuil1!$C:$C>=DATEVALUE("01/01/2017"))*((Feuil1!$C:$C<=DATEVALUE("31/01/2017"))*(Feuil1!$A:$A=$A71)*Feuil1!$I:$I)) -> 0 | I71: =SUMPRODUCT((Feuil1!$C:$C>=DATEVALUE("01/02/2017"))*((Feuil1!$C:$C<=DATEVALUE("28/02/2017"))*(Feuil1!$A:$A=$A71)*Feuil1!$I:$I)) -> 0 | J71: =SUMPRODUCT((Feuil1!$C:$C>=DATEVALUE("01/03/2017"))*((Feuil1!$C:$C<=DATEVALUE("31/03/2017"))*(Feuil1!$A:$A=$A71)*Feuil1!$I:$I)) -> 0 | K71: =SUMPRODUCT((Feuil1!$C:$C>=DATEVALUE("01/04/2017"))*((Feuil1!$C:$C<=DATEVALUE("30/04/2017"))*(Feuil1!$A:$A=$A71)*Feuil1!$I:$I)) -> 0 | L71: =SUMPRODUCT((Feuil1!$C:$C>=DATEVALUE("01/05/2017"))*((Feuil1!$C:$C<=DATEVALUE("31/05/2017"))*(Feuil1!$A:$A=$A71)*Feuil1!$I:$I)) -> 0 | M71: =SUMPRODUCT((Feuil1!$C:$C>=DATEVALUE("01/06/2017"))*((Feuil1!$C:$C<=DATEVALUE("30/06/2017"))*(Feuil1!$A:$A=$A71)*Feuil1!$I:$I)) -> -395.74 | N71: =SUMPRODUCT((Feuil1!$C:$C>=DATEVALUE("01/07/2017"))*((Feuil1!$C:$C<=DATEVALUE("31/07/2017"))*(Feuil1!$A:$A=$A71)*Feuil1!$I:$I)) -> 0 | O71: =SUMPRODUCT((Feuil1!$C:$C>=DATEVALUE("01/08/2017"))*((Feuil1!$C:$C<=DATEVALUE("31/08/2017"))*(Feuil1!$A:$A=$A71)*Feuil1!$I:$I)) -> 0
A72: 606615 | B72: Pot de l'AG & Soirées bureau | D72: =SUMPRODUCT((Feuil1!$C:$C>=DATEVALUE("01/09/2016"))*((Feuil1!$C:$C<=DATEVALUE("30/09/2016"))*(Feuil1!$A:$A=$A72)*Feuil1!$I:$I)) -> -73.95 | E72: =SUMPRODUCT((Feuil1!$C:$C>=DATEVALUE("01/10/2016"))*((Feuil1!$C:$C<=DATEVALUE("31/10/2016"))*(Feuil1!$A:$A=$A72)*Feuil1!$I:$I)) -> 0 | F72: =SUMPRODUCT((Feuil1!$C:$C>=DATEVALUE("01/11/2016"))*((Feuil1!$C:$C<=DATEVALUE("30/11/2016"))*(Feuil1!$A:$A=$A72)*Feuil1!$I:$I)) -> 0 | G72: =SUMPRODUCT((Feuil1!$C:$C>=DATEVALUE("01/12/2016"))*((Feuil1!$C:$C<=DATEVALUE("31/12/2016"))*(Feuil1!$A:$A=$A72)*Feuil1!$I:$I)) -> 0 | H72: =SUMPRODUCT((Feuil1!$C:$C>=DATEVALUE("01/01/2017"))*((Feuil1!$C:$C<=DATEVALUE("31/01/2017"))*(Feuil1!$A:$A=$A72)*Feuil1!$I:$I)) -> 0 | I72: =SUMPRODUCT((Feuil1!$C:$C>=DATEVALUE("01/02/2017"))*((Feuil1!$C:$C<=DATEVALUE("28/02/2017"))*(Feuil1!$A:$A=$A72)*Feuil1!$I:$I)) -> 0 | J72: =SUMPRODUCT((Feuil1!$C:$C>=DATEVALUE("01/03/2017"))*((Feuil1!$C:$C<=DATEVALUE("31/03/2017"))*(Feuil1!$A:$A=$A72)*Feuil1!$I:$I)) -> 0 | K72: =SUMPRODUCT((Feuil1!$C:$C>=DATEVALUE("01/04/2017"))*((Feuil1!$C:$C<=DATEVALUE("30/04/2017"))*(Feuil1!$A:$A=$A72)*Feuil1!$I:$I)) -> 0 | L72: =SUMPRODUCT((Feuil1!$C:$C>=DATEVALUE("01/05/2017"))*((Feuil1!$C:$C<=DATEVALUE("31/05/2017"))*(Feuil1!$A:$A=$A72)*Feuil1!$I:$I)) -> 0 | M72: =SUMPRODUCT((Feuil1!$C:$C>=DATEVALUE("01/06/2017"))*((Feuil1!$C:$C<=DATEVALUE("30/06/2017"))*(Feuil1!$A:$A=$A72)*Feuil1!$I:$I)) -> 0 | N72: =SUMPRODUCT((Feuil1!$C:$C>=DATEVALUE("01/07/2017"))*((Feuil1!$C:$C<=DATEVALUE("31/07/2017"))*(Feuil1!$A:$A=$A72)*Feuil1!$I:$I)) -> 0 | O72: =SUMPRODUCT((Feuil1!$C:$C>=DATEVALUE("01/08/2017"))*((Feuil1!$C:$C<=DATEVALUE("31/08/2017"))*(Feuil1!$A:$A=$A72)*Feuil1!$I:$I)) -> 0
A73: 606616 | B73: Soirée Equipes | D73: =SUMPRODUCT((Feuil1!$C:$C>=DATEVALUE("01/09/2016"))*((Feuil1!$C:$C<=DATEVALUE("30/09/2016"))*(Feuil1!$A:$A=$A73)*Feuil1!$I:$I)) -> 0 | E73: =SUMPRODUCT((Feuil1!$C:$C>=DATEVALUE("01/10/2016"))*((Feuil1!$C:$C<=DATEVALUE("31/10/2016"))*(Feuil1!$A:$A=$A73)*Feuil1!$I:$I)) -> 0 | F73: =SUMPRODUCT((Feuil1!$C:$C>=DATEVALUE("01/11/2016"))*((Feuil1!$C:$C<=DATEVALUE("30/11/2016"))*(Feuil1!$A:$A=$A73)*Feuil1!$I:$I)) -> 0 | G73: =SUMPRODUCT((Feuil1!$C:$C>=DATEVALUE("01/12/2016"))*((Feuil1!$C:$C<=DATEVALUE("31/12/2016"))*(Feuil1!$A:$A=$A73)*Feuil1!$I:$I)) -> 0 | H73: =SUMPRODUCT((Feuil1!$C:$C>=DATEVALUE("01/01/2017"))*((Feuil1!$C:$C<=DATEVALUE("31/01/2017"))*(Feuil1!$A:$A=$A73)*Feuil1!$I:$I)) -> 0 | I73: =SUMPRODUCT((Feuil1!$C:$C>=DATEVALUE("01/02/2017"))*((Feuil1!$C:$C<=DATEVALUE("28/02/2017"))*(Feuil1!$A:$A=$A73)*Feuil1!$I:$I)) -> 0 | J73: =SUMPRODUCT((Feuil1!$C:$C>=DATEVALUE("01/03/2017"))*((Feuil1!$C:$C<=DATEVALUE("31/03/2017"))*(Feuil1!$A:$A=$A73)*Feuil1!$I:$I)) -> 0 | K73: =SUMPRODUCT((Feuil1!$C:$C>=DATEVALUE("01/04/2017"))*((Feuil1!$C:$C<=DATEVALUE("30/04/2017"))*(Feuil1!$A:$A=$A73)*Feuil1!$I:$I)) -> 0 | L73: =SUMPRODUCT((Feuil1!$C:$C>=DATEVALUE("01/05/2017"))*((Feuil1!$C:$C<=DATEVALUE("31/05/2017"))*(Feuil1!$A:$A=$A73)*Feuil1!$I:$I)) -> 0 | M73: =SUMPRODUCT((Feuil1!$C:$C>=DATEVALUE("01/06/2017"))*((Feuil1!$C:$C<=DATEVALUE("30/06/2017"))*(Feuil1!$A:$A=$A73)*Feuil1!$I:$I)) -> -1410 | N73: =SUMPRODUCT((Feuil1!$C:$C>=DATEVALUE("01/07/2017"))*((Feuil1!$C:$C<=DATEVALUE("31/07/2017"))*(Feuil1!$A:$A=$A73)*Feuil1!$I:$I)) -> 0 | O73: =SUMPRODUCT((Feuil1!$C:$C>=DATEVALUE("01/08/2017"))*((Feuil1!$C:$C<=DATEVALUE("31/08/2017"))*(Feuil1!$A:$A=$A73)*Feuil1!$I:$I)) -> 0
A74: 606621 | B74: FA Tournoi open avril | D74: =SUMPRODUCT((Feuil1!$C:$C>=DATEVALUE("01/09/2016"))*((Feuil1!$C:$C<=DATEVALUE("30/09/2016"))*(Feuil1!$A:$A=$A74)*Feuil1!$I:$I)) -> 0 | E74: =SUMPRODUCT((Feuil1!$C:$C>=DATEVALUE("01/10/2016"))*((Feuil1!$C:$C<=DATEVALUE("31/10/2016"))*(Feuil1!$A:$A=$A74)*Feuil1!$I:$I)) -> 0 | F74: =SUMPRODUCT((Feuil1!$C:$C>=DATEVALUE("01/11/2016"))*((Feuil1!$C:$C<=DATEVALUE("30/11/2016"))*(Feuil1!$A:$A=$A74)*Feuil1!$I:$I)) -> 0 | G74: =SUMPRODUCT((Feuil1!$C:$C>=DATEVALUE("01/12/2016"))*((Feuil1!$C:$C<=DATEVALUE("31/12/2016"))*(Feuil1!$A:$A=$A74)*Feuil1!$I:$I)) -> 0 | H74: =SUMPRODUCT((Feuil1!$C:$C>=DATEVALUE("01/01/2017"))*((Feuil1!$C:$C<=DATEVALUE("31/01/2017"))*(Feuil1!$A:$A=$A74)*Feuil1!$I:$I)) -> 0 | I74: =SUMPRODUCT((Feuil1!$C:$C>=DATEVALUE("01/02/2017"))*((Feuil1!$C:$C<=DATEVALUE("28/02/2017"))*(Feuil1!$A:$A=$A74)*Feuil1!$I:$I)) -> 0 | J74: =SUMPRODUCT((Feuil1!$C:$C>=DATEVALUE("01/03/2017"))*((Feuil1!$C:$C<=DATEVALUE("31/03/2017"))*(Feuil1!$A:$A=$A74)*Feuil1!$I:$I)) -> 0 | K74: =SUMPRODUCT((Feuil1!$C:$C>=DATEVALUE("01/04/2017"))*((Feuil1!$C:$C<=DATEVALUE("30/04/2017"))*(Feuil1!$A:$A=$A74)*Feuil1!$I:$I)) -> 0 | L74: =SUMPRODUCT((Feuil1!$C:$C>=DATEVALUE("01/05/2017"))*((Feuil1!$C:$C<=DATEVALUE("31/05/2017"))*(Feuil1!$A:$A=$A74)*Feuil1!$I:$I)) -> 0 | M74: =SUMPRODUCT((Feuil1!$C:$C>=DATEVALUE("01/06/2017"))*((Feuil1!$C:$C<=DATEVALUE("30/06/2017"))*(Feuil1!$A:$A=$A74)*Feuil1!$I:$I)) -> 0 | N74: =SUMPRODUCT((Feuil1!$C:$C>=DATEVALUE("01/07/2017"))*((Feuil1!$C:$C<=DATEVALUE("31/07/2017"))*(Feuil1!$A:$A=$A74)*Feuil1!$I:$I)) -> 0 | O74: =SUMPRODUCT((Feuil1!$C:$C>=DATEVALUE("01/08/2017"))*((Feuil1!$C:$C<=DATEVALUE("31/08/2017"))*(Feuil1!$A:$A=$A74)*Feuil1!$I:$I)) -> 0
A75: 606622 | B75: FA Tournoi open juillet | D75: =SUMPRODUCT((Feuil1!$C:$C>=DATEVALUE("01/09/2016"))*((Feuil1!$C:$C<=DATEVALUE("30/09/2016"))*(Feuil1!$A:$A=$A75)*Feuil1!$I:$I)) -> 0 | E75: =SUMPRODUCT((Feuil1!$C:$C>=DATEVALUE("01/10/2016"))*((Feuil1!$C:$C<=DATEVALUE("31/10/2016"))*(Feuil1!$A:$A=$A75)*Feuil1!$I:$I)) -> 0 | F75: =SUMPRODUCT((Feuil1!$C:$C>=DATEVALUE("01/11/2016"))*((Feuil1!$C:$C<=DATEVALUE("30/11/2016"))*(Feuil1!$A:$A=$A75)*Feuil1!$I:$I)) -> 0 | G75: =SUMPRODUCT((Feuil1!$C:$C>=DATEVALUE("01/12/2016"))*((Feuil1!$C:$C<=DATEVALUE("31/12/2016"))*(Feuil1!$A:$A=$A75)*Feuil1!$I:$I)) -> 0 | H75: =SUMPRODUCT((Feuil1!$C:$C>=DATEVALUE("01/01/2017"))*((Feuil1!$C:$C<=DATEVALUE("31/01/2017"))*(Feuil1!$A:$A=$A75)*Feuil1!$I:$I)) -> 0 | I75: =SUMPRODUCT((Feuil1!$C:$C>=DATEVALUE("01/02/2017"))*((Feuil1!$C:$C<=DATEVALUE("28/02/2017"))*(Feuil1!$A:$A=$A75)*Feuil1!$I:$I)) -> 0 | J75: =SUMPRODUCT((Feuil1!$C:$C>=DATEVALUE("01/03/2017"))*((Feuil1!$C:$C<=DATEVALUE("31/03/2017"))*(Feuil1!$A:$A=$A75)*Feuil1!$I:$I)) -> 0 | K75: =SUMPRODUCT((Feuil1!$C:$C>=DATEVALUE("01/04/2017"))*((Feuil1!$C:$C<=DATEVALUE("30/04/2017"))*(Feuil1!$A:$A=$A75)*Feuil1!$I:$I)) -> 0 | L75: =SUMPRODUCT((Feuil1!$C:$C>=DATEVALUE("01/05/2017"))*((Feuil1!$C:$C<=DATEVALUE("31/05/2017"))*(Feuil1!$A:$A=$A75)*Feuil1!$I:$I)) -> 0 | M75: =SUMPRODUCT((Feuil1!$C:$C>=DATEVALUE("01/06/2017"))*((Feuil1!$C:$C<=DATEVALUE("30/06/2017"))*(Feuil1!$A:$A=$A75)*Feuil1!$I:$I)) -> 0 | N75: =SUMPRODUCT((Feuil1!$C:$C>=DATEVALUE("01/07/2017"))*((Feuil1!$C:$C<=DATEVALUE("31/07/2017"))*(Feuil1!$A:$A=$A75)*Feuil1!$I:$I)) -> -31.83 | O75: =SUMPRODUCT((Feuil1!$C:$C>=DATEVALUE("01/08/2017"))*((Feuil1!$C:$C<=DATEVALUE("31/08/2017"))*(Feuil1!$A:$A=$A75)*Feuil1!$I:$I)) -> 0
A76: 606623 | B76: FA Tournoi interne | D76: =SUMPRODUCT((Feuil1!$C:$C>=DATEVALUE("01/09/2016"))*((Feuil1!$C:$C<=DATEVALUE("30/09/2016"))*(Feuil1!$A:$A=$A76)*Feuil1!$I:$I)) -> 0 | E76: =SUMPRODUCT((Feuil1!$C:$C>=DATEVALUE("01/10/2016"))*((Feuil1!$C:$C<=DATEVALUE("31/10/2016"))*(Feuil1!$A:$A=$A76)*Feuil1!$I:$I)) -> 0 | F76: =SUMPRODUCT((Feuil1!$C:$C>=DATEVALUE("01/11/2016"))*((Feuil1!$C:$C<=DATEVALUE("30/11/2016"))*(Feuil1!$A:$A=$A76)*Feuil1!$I:$I)) -> 0 | G76: =SUMPRODUCT((Feuil1!$C:$C>=DATEVALUE("01/12/2016"))*((Feuil1!$C:$C<=DATEVALUE("31/12/2016"))*(Feuil1!$A:$A=$A76)*Feuil1!$I:$I)) -> 0 | H76: =SUMPRODUCT((Feuil1!$C:$C>=DATEVALUE("01/01/2017"))*((Feuil1!$C:$C<=DATEVALUE("31/01/2017"))*(Feuil1!$A:$A=$A76)*Feuil1!$I:$I)) -> 0 | I76: =SUMPRODUCT((Feuil1!$C:$C>=DATEVALUE("01/02/2017"))*((Feuil1!$C:$C<=DATEVALUE("28/02/2017"))*(Feuil1!$A:$A=$A76)*Feuil1!$I:$I)) -> 0 | J76: =SUMPRODUCT((Feuil1!$C:$C>=DATEVALUE("01/03/2017"))*((Feuil1!$C:$C<=DATEVALUE("31/03/2017"))*(Feuil1!$A:$A=$A76)*Feuil1!$I:$I)) -> 0 | K76: =SUMPRODUCT((Feuil1!$C:$C>=DATEVALUE("01/04/2017"))*((Feuil1!$C:$C<=DATEVALUE("30/04/2017"))*(Feuil1!$A:$A=$A76)*Feuil1!$I:$I)) -> 0 | L76: =SUMPRODUCT((Feuil1!$C:$C>=DATEVALUE("01/05/2017"))*((Feuil1!$C:$C<=DATEVALUE("31/05/2017"))*(Feuil1!$A:$A=$A76)*Feuil1!$I:$I)) -> 0 | M76: =SUMPRODUCT((Feuil1!$C:$C>=DATEVALUE("01/06/2017"))*((Feuil1!$C:$C<=DATEVALUE("30/06/2017"))*(Feuil1!$A:$A=$A76)*Feuil1!$I:$I)) -> 0 | N76: =SUMPRODUCT((Feuil1!$C:$C>=DATEVALUE("01/07/2017"))*((Feuil1!$C:$C<=DATEVALUE("31/07/2017"))*(Feuil1!$A:$A=$A76)*Feuil1!$I:$I)) -> 0 | O76: =SUMPRODUCT((Feuil1!$C:$C>=DATEVALUE("01/08/2017"))*((Feuil1!$C:$C<=DATEVALUE("31/08/2017"))*(Feuil1!$A:$A=$A76)*Feuil1!$I:$I)) -> 0
A77: 606624 | B77: FA Tournoi Galaxie | D77: =SUMPRODUCT((Feuil1!$C:$C>=DATEVALUE("01/09/2016"))*((Feuil1!$C:$C<=DATEVALUE("30/09/2016"))*(Feuil1!$A:$A=$A77)*Feuil1!$I:$I)) -> 0 | E77: =SUMPRODUCT((Feuil1!$C:$C>=DATEVALUE("01/10/2016"))*((Feuil1!$C:$C<=DATEVALUE("31/10/2016"))*(Feuil1!$A:$A=$A77)*Feuil1!$I:$I)) -> 0 | F77: =SUMPRODUCT((Feuil1!$C:$C>=DATEVALUE("01/11/2016"))*((Feuil1!$C:$C<=DATEVALUE("30/11/2016"))*(Feuil1!$A:$A=$A77)*Feuil1!$I:$I)) -> 0 | G77: =SUMPRODUCT((Feuil1!$C:$C>=DATEVALUE("01/12/2016"))*((Feuil1!$C:$C<=DATEVALUE("31/12/2016"))*(Feuil1!$A:$A=$A77)*Feuil1!$I:$I)) -> 0 | H77: =SUMPRODUCT((Feuil1!$C:$C>=DATEVALUE("01/01/2017"))*((Feuil1!$C:$C<=DATEVALUE("31/01/2017"))*(Feuil1!$A:$A=$A77)*Feuil1!$I:$I)) -> 0 | I77: =SUMPRODUCT((Feuil1!$C:$C>=DATEVALUE("01/02/2017"))*((Feuil1!$C:$C<=DATEVALUE("28/02/2017"))*(Feuil1!$A:$A=$A77)*Feuil1!$I:$I)) -> 0 | J77: =SUMPRODUCT((Feuil1!$C:$C>=DATEVALUE("01/03/2017"))*((Feuil1!$C:$C<=DATEVALUE("31/03/2017"))*(Feuil1!$A:$A=$A77)*Feuil1!$I:$I)) -> 0 | K77: =SUMPRODUCT((Feuil1!$C:$C>=DATEVALUE("01/04/2017"))*((Feuil1!$C:$C<=DATEVALUE("30/04/2017"))*(Feuil1!$A:$A=$A77)*Feuil1!$I:$I)) -> 0 | L77: =SUMPRODUCT((Feuil1!$C:$C>=DATEVALUE("01/05/2017"))*((Feuil1!$C:$C<=DATEVALUE("31/05/2017"))*(Feuil1!$A:$A=$A77)*Feuil1!$I:$I)) -> 0 | M77: =SUMPRODUCT((Feuil1!$C:$C>=DATEVALUE("01/06/2017"))*((Feuil1!$C:$C<=DATEVALUE("30/06/2017"))*(Feuil1!$A:$A=$A77)*Feuil1!$I:$I)) -> 0 | N77: =SUMPRODUCT((Feuil1!$C:$C>=DATEVALUE("01/07/2017"))*((Feuil1!$C:$C<=DATEVALUE("31/07/2017"))*(Feuil1!$A:$A=$A77)*Feuil1!$I:$I)) -> 0 | O77: =SUMPRODUCT((Feuil1!$C:$C>=DATEVALUE("01/08/2017"))*((Feuil1!$C:$C<=DATEVALUE("31/08/2017"))*(Feuil1!$A:$A=$A77)*Feuil1!$I:$I)) -> 0
A78: 606630 | B78: FA Matchs équipe | D78: =SUMPRODUCT((Feuil1!$C:$C>=DATEVALUE("01/09/2016"))*((Feuil1!$C:$C<=DATEVALUE("30/09/2016"))*(Feuil1!$A:$A=$A78)*Feuil1!$I:$I)) -> 0 | E78: =SUMPRODUCT((Feuil1!$C:$C>=DATEVALUE("01/10/2016"))*((Feuil1!$C:$C<=DATEVALUE("31/10/2016"))*(Feuil1!$A:$A=$A78)*Feuil1!$I:$I)) -> -108.49 | F78: =SUMPRODUCT((Feuil1!$C:$C>=DATEVALUE("01/11/2016"))*((Feuil1!$C:$C<=DATEVALUE("30/11/2016"))*(Feuil1!$A:$A=$A78)*Feuil1!$I:$I)) -> 0 | G78: =SUMPRODUCT((Feuil1!$C:$C>=DATEVALUE("01/12/2016"))*((Feuil1!$C:$C<=DATEVALUE("31/12/2016"))*(Feuil1!$A:$A=$A78)*Feuil1!$I:$I)) -> 0 | H78: =SUMPRODUCT((Feuil1!$C:$C>=DATEVALUE("01/01/2017"))*((Feuil1!$C:$C<=DATEVALUE("31/01/2017"))*(Feuil1!$A:$A=$A78)*Feuil1!$I:$I)) -> 0 | I78: =SUMPRODUCT((Feuil1!$C:$C>=DATEVALUE("01/02/2017"))*((Feuil1!$C:$C<=DATEVALUE("28/02/2017"))*(Feuil1!$A:$A=$A78)*Feuil1!$I:$I)) -> 0 | J78: =SUMPRODUCT((Feuil1!$C:$C>=DATEVALUE("01/03/2017"))*((Feuil1!$C:$C<=DATEVALUE("31/03/2017"))*(Feuil1!$A:$A=$A78)*Feuil1!$I:$I)) -> -41.73 | K78: =SUMPRODUCT((Feuil1!$C:$C>=DATEVALUE("01/04/2017"))*((Feuil1!$C:$C<=DATEVALUE("30/04/2017"))*(Feuil1!$A:$A=$A78)*Feuil1!$I:$I)) -> -43.35 | L78: =SUMPRODUCT((Feuil1!$C:$C>=DATEVALUE("01/05/2017"))*((Feuil1!$C:$C<=DATEVALUE("31/05/2017"))*(Feuil1!$A:$A=$A78)*Feuil1!$I:$I)) -> -117.01 | M78: =SUMPRODUCT((Feuil1!$C:$C>=DATEVALUE("01/06/2017"))*((Feuil1!$C:$C<=DATEVALUE("30/06/2017"))*(Feuil1!$A:$A=$A78)*Feuil1!$I:$I)) -> -30.13 | N78: =SUMPRODUCT((Feuil1!$C:$C>=DATEVALUE("01/07/2017"))*((Feuil1!$C:$C<=DATEVALUE("31/07/2017"))*(Feuil1!$A:$A=$A78)*Feuil1!$I:$I)) -> 0 | O78: =SUMPRODUCT((Feuil1!$C:$C>=DATEVALUE("01/08/2017"))*((Feuil1!$C:$C<=DATEVALUE("31/08/2017"))*(Feuil1!$A:$A=$A78)*Feuil1!$I:$I)) -> -78.41
A79: 606640 | B79: FA Stages et autres cours | D79: =SUMPRODUCT((Feuil1!$C:$C>=DATEVALUE("01/09/2016"))*((Feuil1!$C:$C<=DATEVALUE("30/09/2016"))*(Feuil1!$A:$A=$A79)*Feuil1!$I:$I)) -> 0 | E79: =SUMPRODUCT((Feuil1!$C:$C>=DATEVALUE("01/10/2016"))*((Feuil1!$C:$C<=DATEVALUE("31/10/2016"))*(Feuil1!$A:$A=$A79)*Feuil1!$I:$I)) -> 0 | F79: =SUMPRODUCT((Feuil1!$C:$C>=DATEVALUE("01/11/2016"))*((Feuil1!$C:$C<=DATEVALUE("30/11/2016"))*(Feuil1!$A:$A=$A79)*Feuil1!$I:$I)) -> 0 | G79: =SUMPRODUCT((Feuil1!$C:$C>=DATEVALUE("01/12/2016"))*((Feuil1!$C:$C<=DATEVALUE("31/12/2016"))*(Feuil1!$A:$A=$A79)*Feuil1!$I:$I)) -> -29.27 | H79: =SUMPRODUCT((Feuil1!$C:$C>=DATEVALUE("01/01/2017"))*((Feuil1!$C:$C<=DATEVALUE("31/01/2017"))*(Feuil1!$A:$A=$A79)*Feuil1!$I:$I)) -> 0 | I79: =SUMPRODUCT((Feuil1!$C:$C>=DATEVALUE("01/02/2017"))*((Feuil1!$C:$C<=DATEVALUE("28/02/2017"))*(Feuil1!$A:$A=$A79)*Feuil1!$I:$I)) -> 0 | J79: =SUMPRODUCT((Feuil1!$C:$C>=DATEVALUE("01/03/2017"))*((Feuil1!$C:$C<=DATEVALUE("31/03/2017"))*(Feuil1!$A:$A=$A79)*Feuil1!$I:$I)) -> 0 | K79: =SUMPRODUCT((Feuil1!$C:$C>=DATEVALUE("01/04/2017"))*((Feuil1!$C:$C<=DATEVALUE("30/04/2017"))*(Feuil1!$A:$A=$A79)*Feuil1!$I:$I)) -> 0 | L79: =SUMPRODUCT((Feuil1!$C:$C>=DATEVALUE("01/05/2017"))*((Feuil1!$C:$C<=DATEVALUE("31/05/2017"))*(Feuil1!$A:$A=$A79)*Feuil1!$I:$I)) -> 0 | M79: =SUMPRODUCT((Feuil1!$C:$C>=DATEVALUE("01/06/2017"))*((Feuil1!$C:$C<=DATEVALUE("30/06/2017"))*(Feuil1!$A:$A=$A79)*Feuil1!$I:$I)) -> 0 | N79: =SUMPRODUCT((Feuil1!$C:$C>=DATEVALUE("01/07/2017"))*((Feuil1!$C:$C<=DATEVALUE("31/07/2017"))*(Feuil1!$A:$A=$A79)*Feuil1!$I:$I)) -> 0 | O79: =SUMPRODUCT((Feuil1!$C:$C>=DATEVALUE("01/08/2017"))*((Feuil1!$C:$C<=DATEVALUE("31/08/2017"))*(Feuil1!$A:$A=$A79)*Feuil1!$I:$I)) -> 0
A80: 606650 | B80: FA Ecole de Tennis | D80: =SUMPRODUCT((Feuil1!$C:$C>=DATEVALUE("01/09/2016"))*((Feuil1!$C:$C<=DATEVALUE("30/09/2016"))*(Feuil1!$A:$A=$A80)*Feuil1!$I:$I)) -> 0 | E80: =SUMPRODUCT((Feuil1!$C:$C>=DATEVALUE("01/10/2016"))*((Feuil1!$C:$C<=DATEVALUE("31/10/2016"))*(Feuil1!$A:$A=$A80)*Feuil1!$I:$I)) -> 0 | F80: =SUMPRODUCT((Feuil1!$C:$C>=DATEVALUE("01/11/2016"))*((Feuil1!$C:$C<=DATEVALUE("30/11/2016"))*(Feuil1!$A:$A=$A80)*Feuil1!$I:$I)) -> -315.5 | G80: =SUMPRODUCT((Feuil1!$C:$C>=DATEVALUE("01/12/2016"))*((Feuil1!$C:$C<=DATEVALUE("31/12/2016"))*(Feuil1!$A:$A=$A80)*Feuil1!$I:$I)) -> -141.7 | H80: =SUMPRODUCT((Feuil1!$C:$C>=DATEVALUE("01/01/2017"))*((Feuil1!$C:$C<=DATEVALUE("31/01/2017"))*(Feuil1!$A:$A=$A80)*Feuil1!$I:$I)) -> 0 | I80: =SUMPRODUCT((Feuil1!$C:$C>=DATEVALUE("01/02/2017"))*((Feuil1!$C:$C<=DATEVALUE("28/02/2017"))*(Feuil1!$A:$A=$A80)*Feuil1!$I:$I)) -> 0 | J80: =SUMPRODUCT((Feuil1!$C:$C>=DATEVALUE("01/03/2017"))*((Feuil1!$C:$C<=DATEVALUE("31/03/2017"))*(Feuil1!$A:$A=$A80)*Feuil1!$I:$I)) -> 0 | K80: =SUMPRODUCT((Feuil1!$C:$C>=DATEVALUE("01/04/2017"))*((Feuil1!$C:$C<=DATEVALUE("30/04/2017"))*(Feuil1!$A:$A=$A80)*Feuil1!$I:$I)) -> 0 | L80: =SUMPRODUCT((Feuil1!$C:$C>=DATEVALUE("01/05/2017"))*((Feuil1!$C:$C<=DATEVALUE("31/05/2017"))*(Feuil1!$A:$A=$A80)*Feuil1!$I:$I)) -> 0 | M80: =SUMPRODUCT((Feuil1!$C:$C>=DATEVALUE("01/06/2017"))*((Feuil1!$C:$C<=DATEVALUE("30/06/2017"))*(Feuil1!$A:$A=$A80)*Feuil1!$I:$I)) -> -184.98 | N80: =SUMPRODUCT((Feuil1!$C:$C>=DATEVALUE("01/07/2017"))*((Feuil1!$C:$C<=DATEVALUE("31/07/2017"))*(Feuil1!$A:$A=$A80)*Feuil1!$I:$I)) -> 0 | O80: =SUMPRODUCT((Feuil1!$C:$C>=DATEVALUE("01/08/2017"))*((Feuil1!$C:$C<=DATEVALUE("31/08/2017"))*(Feuil1!$A:$A=$A80)*Feuil1!$I:$I)) -> 0
A82: Frais alimentaires | D82: =SUM(D68:D81) -> -73.95 | E82: =SUM(E68:E81) -> -108.49 | F82: =SUM(F68:F81) -> -606.69 | G82: =SUM(G68:G81) -> -269.97 | H82: =SUM(H68:H81) -> 0 | I82: =SUM(I68:I81) -> 0 | J82: =SUM(J68:J81) -> -41.73 | K82: =SUM(K68:K81) -> -43.35 | ... O82: =SUM(O68:O81) -> -78.41
A84: 606710 | B84: Lots Tournoi open avril | D84: =SUMPRODUCT((Feuil1!$C:$C>=DATEVALUE("01/09/2016"))*((Feuil1!$C:$C<=DATEVALUE("30/09/2016"))*(Feuil1!$A:$A=$A84)*Feuil1!$I:$I)) -> 0 | E84: =SUMPRODUCT((Feuil1!$C:$C>=DATEVALUE("01/10/2016"))*((Feuil1!$C:$C<=DATEVALUE("31/10/2016"))*(Feuil1!$A:$A=$A84)*Feuil1!$I:$I)) -> 0 | F84: =SUMPRODUCT((Feuil1!$C:$C>=DATEVALUE("01/11/2016"))*((Feuil1!$C:$C<=DATEVALUE("30/11/2016"))*(Feuil1!$A:$A=$A84)*Feuil1!$I:$I)) -> 0 | G84: =SUMPRODUCT((Feuil1!$C:$C>=DATEVALUE("01/12/2016"))*((Feuil1!$C:$C<=DATEVALUE("31/12/2016"))*(Feuil1!$A:$A=$A84)*Feuil1!$I:$I)) -> 0 | H84: =SUMPRODUCT((Feuil1!$C:$C>=DATEVALUE("01/01/2017"))*((Feuil1!$C:$C<=DATEVALUE("31/01/2017"))*(Feuil1!$A:$A=$A84)*Feuil1!$I:$I)) -> 0 | I84: =SUMPRODUCT((Feuil1!$C:$C>=DATEVALUE("01/02/2017"))*((Feuil1!$C:$C<=DATEVALUE("28/02/2017"))*(Feuil1!$A:$A=$A84)*Feuil1!$I:$I)) -> 0 | J84: =SUMPRODUCT((Feuil1!$C:$C>=DATEVALUE("01/03/2017"))*((Feuil1!$C:$C<=DATEVALUE("31/03/2017"))*(Feuil1!$A:$A=$A84)*Feuil1!$I:$I)) -> 0 | K84: =SUMPRODUCT((Feuil1!$C:$C>=DATEVALUE("01/04/2017"))*((Feuil1!$C:$C<=DATEVALUE("30/04/2017"))*(Feuil1!$A:$A=$A84)*Feuil1!$I:$I)) -> 0 | L84: =SUMPRODUCT((Feuil1!$C:$C>=DATEVALUE("01/05/2017"))*((Feuil1!$C:$C<=DATEVALUE("31/05/2017"))*(Feuil1!$A:$A=$A84)*Feuil1!$I:$I)) -> 0 | M84: =SUMPRODUCT((Feuil1!$C:$C>=DATEVALUE("01/06/2017"))*((Feuil1!$C:$C<=DATEVALUE("30/06/2017"))*(Feuil1!$A:$A=$A84)*Feuil1!$I:$I)) -> 0 | N84: =SUMPRODUCT((Feuil1!$C:$C>=DATEVALUE("01/07/2017"))*((Feuil1!$C:$C<=DATEVALUE("31/07/2017"))*(Feuil1!$A:$A=$A84)*Feuil1!$I:$I)) -> 0 | O84: =SUMPRODUCT((Feuil1!$C:$C>=DATEVALUE("01/08/2017"))*((Feuil1!$C:$C<=DATEVALUE("31/08/2017"))*(Feuil1!$A:$A=$A84)*Feuil1!$I:$I)) -> 0
A85: 606720 | B85: Lots Tournoi open juillet | D85: =SUMPRODUCT((Feuil1!$C:$C>=DATEVALUE("01/09/2016"))*((Feuil1!$C:$C<=DATEVALUE("30/09/2016"))*(Feuil1!$A:$A=$A85)*Feuil1!$I:$I)) -> 0 | E85: =SUMPRODUCT((Feuil1!$C:$C>=DATEVALUE("01/10/2016"))*((Feuil1!$C:$C<=DATEVALUE("31/10/2016"))*(Feuil1!$A:$A=$A85)*Feuil1!$I:$I)) -> 0 | F85: =SUMPRODUCT((Feuil1!$C:$C>=DATEVALUE("01/11/2016"))*((Feuil1!$C:$C<=DATEVALUE("30/11/2016"))*(Feuil1!$A:$A=$A85)*Feuil1!$I:$I)) -> 0 | G85: =SUMPRODUCT((Feuil1!$C:$C>=DATEVALUE("01/12/2016"))*((Feuil1!$C:$C<=DATEVALUE("31/12/2016"))*(Feuil1!$A:$A=$A85)*Feuil1!$I:$I)) -> 0 | H85: =SUMPRODUCT((Feuil1!$C:$C>=DATEVALUE("01/01/2017"))*((Feuil1!$C:$C<=DATEVALUE("31/01/2017"))*(Feuil1!$A:$A=$A85)*Feuil1!$I:$I)) -> 0 | I85: =SUMPRODUCT((Feuil1!$C:$C>=DATEVALUE("01/02/2017"))*((Feuil1!$C:$C<=DATEVALUE("28/02/2017"))*(Feuil1!$A:$A=$A85)*Feuil1!$I:$I)) -> 0 | J85: =SUMPRODUCT((Feuil1!$C:$C>=DATEVALUE("01/03/2017"))*((Feuil1!$C:$C<=DATEVALUE("31/03/2017"))*(Feuil1!$A:$A=$A85)*Feuil1!$I:$I)) -> 0 | K85: =SUMPRODUCT((Feuil1!$C:$C>=DATEVALUE("01/04/2017"))*((Feuil1!$C:$C<=DATEVALUE("30/04/2017"))*(Feuil1!$A:$A=$A85)*Feuil1!$I:$I)) -> 0 | L85: =SUMPRODUCT((Feuil1!$C:$C>=DATEVALUE("01/05/2017"))*((Feuil1!$C:$C<=DATEVALUE("31/05/2017"))*(Feuil1!$A:$A=$A85)*Feuil1!$I:$I)) -> 0 | M85: =SUMPRODUCT((Feuil1!$C:$C>=DATEVALUE("01/06/2017"))*((Feuil1!$C:$C<=DATEVALUE("30/06/2017"))*(Feuil1!$A:$A=$A85)*Feuil1!$I:$I)) -> 0 | N85: =SUMPRODUCT((Feuil1!$C:$C>=DATEVALUE("01/07/2017"))*((Feuil1!$C:$C<=DATEVALUE("31/07/2017"))*(Feuil1!$A:$A=$A85)*Feuil1!$I:$I)) -> -152 | O85: =SUMPRODUCT((Feuil1!$C:$C>=DATEVALUE("01/08/2017"))*((Feuil1!$C:$C<=DATEVALUE("31/08/2017"))*(Feuil1!$A:$A=$A85)*Feuil1!$I:$I)) -> 0
A86: 606730 | B86: Lots Tournoi interne | D86: =SUMPRODUCT((Feuil1!$C:$C>=DATEVALUE("01/09/2016"))*((Feuil1!$C:$C<=DATEVALUE("30/09/2016"))*(Feuil1!$A:$A=$A86)*Feuil1!$I:$I)) -> 0 | E86: =SUMPRODUCT((Feuil1!$C:$C>=DATEVALUE("01/10/2016"))*((Feuil1!$C:$C<=DATEVALUE("31/10/2016"))*(Feuil1!$A:$A=$A86)*Feuil1!$I:$I)) -> 0 | F86: =SUMPRODUCT((Feuil1!$C:$C>=DATEVALUE("01/11/2016"))*((Feuil1!$C:$C<=DATEVALUE("30/11/2016"))*(Feuil1!$A:$A=$A86)*Feuil1!$I:$I)) -> 0 | G86: =SUMPRODUCT((Feuil1!$C:$C>=DATEVALUE("01/12/2016"))*((Feuil1!$C:$C<=DATEVALUE("31/12/2016"))*(Feuil1!$A:$A=$A86)*Feuil1!$I:$I)) -> 0 | H86: =SUMPRODUCT((Feuil1!$C:$C>=DATEVALUE("01/01/2017"))*((Feuil1!$C:$C<=DATEVALUE("31/01/2017"))*(Feuil1!$A:$A=$A86)*Feuil1!$I:$I)) -> 0 | I86: =SUMPRODUCT((Feuil1!$C:$C>=DATEVALUE("01/02/2017"))*((Feuil1!$C:$C<=DATEVALUE("28/02/2017"))*(Feuil1!$A:$A=$A86)*Feuil1!$I:$I)) -> 0 | J86: =SUMPRODUCT((Feuil1!$C:$C>=DATEVALUE("01/03/2017"))*((Feuil1!$C:$C<=DATEVALUE("31/03/2017"))*(Feuil1!$A:$A=$A86)*Feuil1!$I:$I)) -> 0 | K86: =SUMPRODUCT((Feuil1!$C:$C>=DATEVALUE("01/04/2017"))*((Feuil1!$C:$C<=DATEVALUE("30/04/2017"))*(Feuil1!$A:$A=$A86)*Feuil1!$I:$I)) -> 0 | L86: =SUMPRODUCT((Feuil1!$C:$C>=DATEVALUE("01/05/2017"))*((Feuil1!$C:$C<=DATEVALUE("31/05/2017"))*(Feuil1!$A:$A=$A86)*Feuil1!$I:$I)) -> 0 | M86: =SUMPRODUCT((Feuil1!$C:$C>=DATEVALUE("01/06/2017"))*((Feuil1!$C:$C<=DATEVALUE("30/06/2017"))*(Feuil1!$A:$A=$A86)*Feuil1!$I:$I)) -> 0 | N86: =SUMPRODUCT((Feuil1!$C:$C>=DATEVALUE("01/07/2017"))*((Feuil1!$C:$C<=DATEVALUE("31/07/2017"))*(Feuil1!$A:$A=$A86)*Feuil1!$I:$I)) -> 0 | O86: =SUMPRODUCT((Feuil1!$C:$C>=DATEVALUE("01/08/2017"))*((Feuil1!$C:$C<=DATEVALUE("31/08/2017"))*(Feuil1!$A:$A=$A86)*Feuil1!$I:$I)) -> 0
A87: 606740 | B87: Lots tournoi Galaxie | D87: =SUMPRODUCT((Feuil1!$C:$C>=DATEVALUE("01/09/2016"))*((Feuil1!$C:$C<=DATEVALUE("30/09/2016"))*(Feuil1!$A:$A=$A87)*Feuil1!$I:$I)) -> 0 | E87: =SUMPRODUCT((Feuil1!$C:$C>=DATEVALUE("01/10/2016"))*((Feuil1!$C:$C<=DATEVALUE("31/10/2016"))*(Feuil1!$A:$A=$A87)*Feuil1!$I:$I)) -> 0 | F87: =SUMPRODUCT((Feuil1!$C:$C>=DATEVALUE("01/11/2016"))*((Feuil1!$C:$C<=DATEVALUE("30/11/2016"))*(Feuil1!$A:$A=$A87)*Feuil1!$I:$I)) -> 0 | G87: =SUMPRODUCT((Feuil1!$C:$C>=DATEVALUE("01/12/2016"))*((Feuil1!$C:$C<=DATEVALUE("31/12/2016"))*(Feuil1!$A:$A=$A87)*Feuil1!$I:$I)) -> 0 | H87: =SUMPRODUCT((Feuil1!$C:$C>=DATEVALUE("01/01/2017"))*((Feuil1!$C:$C<=DATEVALUE("31/01/2017"))*(Feuil1!$A:$A=$A87)*Feuil1!$I:$I)) -> 0 | I87: =SUMPRODUCT((Feuil1!$C:$C>=DATEVALUE("01/02/2017"))*((Feuil1!$C:$C<=DATEVALUE("28/02/2017"))*(Feuil1!$A:$A=$A87)*Feuil1!$I:$I)) -> 0 | J87: =SUMPRODUCT((Feuil1!$C:$C>=DATEVALUE("01/03/2017"))*((Feuil1!$C:$C<=DATEVALUE("31/03/2017"))*(Feuil1!$A:$A=$A87)*Feuil1!$I:$I)) -> 0 | K87: =SUMPRODUCT((Feuil1!$C:$C>=DATEVALUE("01/04/2017"))*((Feuil1!$C:$C<=DATEVALUE("30/04/2017"))*(Feuil1!$A:$A=$A87)*Feuil1!$I:$I)) -> 0 | L87: =SUMPRODUCT((Feuil1!$C:$C>=DATEVALUE("01/05/2017"))*((Feuil1!$C:$C<=DATEVALUE("31/05/2017"))*(Feuil1!$A:$A=$A87)*Feuil1!$I:$I)) -> 0 | M87: =SUMPRODUCT((Feuil1!$C:$C>=DATEVALUE("01/06/2017"))*((Feuil1!$C:$C<=DATEVALUE("30/06/2017"))*(Feuil1!$A:$A=$A87)*Feuil1!$I:$I)) -> 0 | N87: =SUMPRODUCT((Feuil1!$C:$C>=DATEVALUE("01/07/2017"))*((Feuil1!$C:$C<=DATEVALUE("31/07/2017"))*(Feuil1!$A:$A=$A87)*Feuil1!$I:$I)) -> 0 | O87: =SUMPRODUCT((Feuil1!$C:$C>=DATEVALUE("01/08/2017"))*((Feuil1!$C:$C<=DATEVALUE("31/08/2017"))*(Feuil1!$A:$A=$A87)*Feuil1!$I:$I)) -> 0
A88: 606750 | B88: Lots Matchs équipe | D88: =SUMPRODUCT((Feuil1!$C:$C>=DATEVALUE("01/09/2016"))*((Feuil1!$C:$C<=DATEVALUE("30/09/2016"))*(Feuil1!$A:$A=$A88)*Feuil1!$I:$I)) -> 0 | E88: =SUMPRODUCT((Feuil1!$C:$C>=DATEVALUE("01/10/2016"))*((Feuil1!$C:$C<=DATEVALUE("31/10/2016"))*(Feuil1!$A:$A=$A88)*Feuil1!$I:$I)) -> 0 | F88: =SUMPRODUCT((Feuil1!$C:$C>=DATEVALUE("01/11/2016"))*((Feuil1!$C:$C<=DATEVALUE("30/11/2016"))*(Feuil1!$A:$A=$A88)*Feuil1!$I:$I)) -> 0 | G88: =SUMPRODUCT((Feuil1!$C:$C>=DATEVALUE("01/12/2016"))*((Feuil1!$C:$C<=DATEVALUE("31/12/2016"))*(Feuil1!$A:$A=$A88)*Feuil1!$I:$I)) -> 0 | H88: =SUMPRODUCT((Feuil1!$C:$C>=DATEVALUE("01/01/2017"))*((Feuil1!$C:$C<=DATEVALUE("31/01/2017"))*(Feuil1!$A:$A=$A88)*Feuil1!$I:$I)) -> 0 | I88: =SUMPRODUCT((Feuil1!$C:$C>=DATEVALUE("01/02/2017"))*((Feuil1!$C:$C<=DATEVALUE("28/02/2017"))*(Feuil1!$A:$A=$A88)*Feuil1!$I:$I)) -> 0 | J88: =SUMPRODUCT((Feuil1!$C:$C>=DATEVALUE("01/03/2017"))*((Feuil1!$C:$C<=DATEVALUE("31/03/2017"))*(Feuil1!$A:$A=$A88)*Feuil1!$I:$I)) -> 0 | K88: =SUMPRODUCT((Feuil1!$C:$C>=DATEVALUE("01/04/2017"))*((Feuil1!$C:$C<=DATEVALUE("30/04/2017"))*(Feuil1!$A:$A=$A88)*Feuil1!$I:$I)) -> 0 | L88: =SUMPRODUCT((Feuil1!$C:$C>=DATEVALUE("01/05/2017"))*((Feuil1!$C:$C<=DATEVALUE("31/05/2017"))*(Feuil1!$A:$A=$A88)*Feuil1!$I:$I)) -> 0 | M88: =SUMPRODUCT((Feuil1!$C:$C>=DATEVALUE("01/06/2017"))*((Feuil1!$C:$C<=DATEVALUE("30/06/2017"))*(Feuil1!$A:$A=$A88)*Feuil1!$I:$I)) -> 0 | N88: =SUMPRODUCT((Feuil1!$C:$C>=DATEVALUE("01/07/2017"))*((Feuil1!$C:$C<=DATEVALUE("31/07/2017"))*(Feuil1!$A:$A=$A88)*Feuil1!$I:$I)) -> 0 | O88: =SUMPRODUCT((Feuil1!$C:$C>=DATEVALUE("01/08/2017"))*((Feuil1!$C:$C<=DATEVALUE("31/08/2017"))*(Feuil1!$A:$A=$A88)*Feuil1!$I:$I)) -> 0
A89: 606760 | B89: Lots Ecole de Tennis | D89: =SUMPRODUCT((Feuil1!$C:$C>=DATEVALUE("01/09/2016"))*((Feuil1!$C:$C<=DATEVALUE("30/09/2016"))*(Feuil1!$A:$A=$A89)*Feuil1!$I:$I)) -> 0 | E89: =SUMPRODUCT((Feuil1!$C:$C>=DATEVALUE("01/10/2016"))*((Feuil1!$C:$C<=DATEVALUE("31/10/2016"))*(Feuil1!$A:$A=$A89)*Feuil1!$I:$I)) -> 0 | F89: =SUMPRODUCT((Feuil1!$C:$C>=DATEVALUE("01/11/2016"))*((Feuil1!$C:$C<=DATEVALUE("30/11/2016"))*(Feuil1!$A:$A=$A89)*Feuil1!$I:$I)) -> -96 | G89: =SUMPRODUCT((Feuil1!$C:$C>=DATEVALUE("01/12/2016"))*((Feuil1!$C:$C<=DATEVALUE("31/12/2016"))*(Feuil1!$A:$A=$A89)*Feuil1!$I:$I)) -> -35.49 | H89: =SUMPRODUCT((Feuil1!$C:$C>=DATEVALUE("01/01/2017"))*((Feuil1!$C:$C<=DATEVALUE("31/01/2017"))*(Feuil1!$A:$A=$A89)*Feuil1!$I:$I)) -> 0 | I89: =SUMPRODUCT((Feuil1!$C:$C>=DATEVALUE("01/02/2017"))*((Feuil1!$C:$C<=DATEVALUE("28/02/2017"))*(Feuil1!$A:$A=$A89)*Feuil1!$I:$I)) -> 0 | J89: =SUMPRODUCT((Feuil1!$C:$C>=DATEVALUE("01/03/2017"))*((Feuil1!$C:$C<=DATEVALUE("31/03/2017"))*(Feuil1!$A:$A=$A89)*Feuil1!$I:$I)) -> 0 | K89: =SUMPRODUCT((Feuil1!$C:$C>=DATEVALUE("01/04/2017"))*((Feuil1!$C:$C<=DATEVALUE("30/04/2017"))*(Feuil1!$A:$A=$A89)*Feuil1!$I:$I)) -> 0 | L89: =SUMPRODUCT((Feuil1!$C:$C>=DATEVALUE("01/05/2017"))*((Feuil1!$C:$C<=DATEVALUE("31/05/2017"))*(Feuil1!$A:$A=$A89)*Feuil1!$I:$I)) -> 0 | M89: =SUMPRODUCT((Feuil1!$C:$C>=DATEVALUE("01/06/2017"))*((Feuil1!$C:$C<=DATEVALUE("30/06/2017"))*(Feuil1!$A:$A=$A89)*Feuil1!$I:$I)) -> -225.07 | N89: =SUMPRODUCT((Feuil1!$C:$C>=DATEVALUE("01/07/2017"))*((Feuil1!$C:$C<=DATEVALUE("31/07/2017"))*(Feuil1!$A:$A=$A89)*Feuil1!$I:$I)) -> 0 | O89: =SUMPRODUCT((Feuil1!$C:$C>=DATEVALUE("01/08/2017"))*((Feuil1!$C:$C<=DATEVALUE("31/08/2017"))*(Feuil1!$A:$A=$A89)*Feuil1!$I:$I)) -> 0
A90: 606770 | B90: Récompenses diverses interne | D90: =SUMPRODUCT((Feuil1!$C:$C>=DATEVALUE("01/09/2016"))*((Feuil1!$C:$C<=DATEVALUE("30/09/2016"))*(Feuil1!$A:$A=$A90)*Feuil1!$I:$I)) -> 0 | E90: =SUMPRODUCT((Feuil1!$C:$C>=DATEVALUE("01/10/2016"))*((Feuil1!$C:$C<=DATEVALUE("31/10/2016"))*(Feuil1!$A:$A=$A90)*Feuil1!$I:$I)) -> 0 | F90: =SUMPRODUCT((Feuil1!$C:$C>=DATEVALUE("01/11/2016"))*((Feuil1!$C:$C<=DATEVALUE("30/11/2016"))*(Feuil1!$A:$A=$A90)*Feuil1!$I:$I)) -> 0 | G90: =SUMPRODUCT((Feuil1!$C:$C>=DATEVALUE("01/12/2016"))*((Feuil1!$C:$C<=DATEVALUE("31/12/2016"))*(Feuil1!$A:$A=$A90)*Feuil1!$I:$I)) -> 0 | H90: =SUMPRODUCT((Feuil1!$C:$C>=DATEVALUE("01/01/2017"))*((Feuil1!$C:$C<=DATEVALUE("31/01/2017"))*(Feuil1!$A:$A=$A90)*Feuil1!$I:$I)) -> 0 | I90: =SUMPRODUCT((Feuil1!$C:$C>=DATEVALUE("01/02/2017"))*((Feuil1!$C:$C<=DATEVALUE("28/02/2017"))*(Feuil1!$A:$A=$A90)*Feuil1!$I:$I)) -> 0 | J90: =SUMPRODUCT((Feuil1!$C:$C>=DATEVALUE("01/03/2017"))*((Feuil1!$C:$C<=DATEVALUE("31/03/2017"))*(Feuil1!$A:$A=$A90)*Feuil1!$I:$I)) -> 0 | K90: =SUMPRODUCT((Feuil1!$C:$C>=DATEVALUE("01/04/2017"))*((Feuil1!$C:$C<=DATEVALUE("30/04/2017"))*(Feuil1!$A:$A=$A90)*Feuil1!$I:$I)) -> 0 | L90: =SUMPRODUCT((Feuil1!$C:$C>=DATEVALUE("01/05/2017"))*((Feuil1!$C:$C<=DATEVALUE("31/05/2017"))*(Feuil1!$A:$A=$A90)*Feuil1!$I:$I)) -> 0 | M90: =SUMPRODUCT((Feuil1!$C:$C>=DATEVALUE("01/06/2017"))*((Feuil1!$C:$C<=DATEVALUE("30/06/2017"))*(Feuil1!$A:$A=$A90)*Feuil1!$I:$I)) -> 0 | N90: =SUMPRODUCT((Feuil1!$C:$C>=DATEVALUE("01/07/2017"))*((Feuil1!$C:$C<=DATEVALUE("31/07/2017"))*(Feuil1!$A:$A=$A90)*Feuil1!$I:$I)) -> 0 | O90: =SUMPRODUCT((Feuil1!$C:$C>=DATEVALUE("01/08/2017"))*((Feuil1!$C:$C<=DATEVALUE("31/08/2017"))*(Feuil1!$A:$A=$A90)*Feuil1!$I:$I)) -> 0
A91: 621120 | B91: Remboursement tournois | D91: =SUMPRODUCT((Feuil1!$C:$C>=DATEVALUE("01/09/2016"))*((Feuil1!$C:$C<=DATEVALUE("30/09/2016"))*(Feuil1!$A:$A=$A91)*Feuil1!$I:$I)) -> 0 | E91: =SUMPRODUCT((Feuil1!$C:$C>=DATEVALUE("01/10/2016"))*((Feuil1!$C:$C<=DATEVALUE("31/10/2016"))*(Feuil1!$A:$A=$A91)*Feuil1!$I:$I)) -> 0 | F91: =SUMPRODUCT((Feuil1!$C:$C>=DATEVALUE("01/11/2016"))*((Feuil1!$C:$C<=DATEVALUE("30/11/2016"))*(Feuil1!$A:$A=$A91)*Feuil1!$I:$I)) -> 0 | G91: =SUMPRODUCT((Feuil1!$C:$C>=DATEVALUE("01/12/2016"))*((Feuil1!$C:$C<=DATEVALUE("31/12/2016"))*(Feuil1!$A:$A=$A91)*Feuil1!$I:$I)) -> 0 | H91: =SUMPRODUCT((Feuil1!$C:$C>=DATEVALUE("01/01/2017"))*((Feuil1!$C:$C<=DATEVALUE("31/01/2017"))*(Feuil1!$A:$A=$A91)*Feuil1!$I:$I)) -> -111.5 | I91: =SUMPRODUCT((Feuil1!$C:$C>=DATEVALUE("01/02/2017"))*((Feuil1!$C:$C<=DATEVALUE("28/02/2017"))*(Feuil1!$A:$A=$A91)*Feuil1!$I:$I)) -> -100 | J91: =SUMPRODUCT((Feuil1!$C:$C>=DATEVALUE("01/03/2017"))*((Feuil1!$C:$C<=DATEVALUE("31/03/2017"))*(Feuil1!$A:$A=$A91)*Feuil1!$I:$I)) -> 0 | K91: =SUMPRODUCT((Feuil1!$C:$C>=DATEVALUE("01/04/2017"))*((Feuil1!$C:$C<=DATEVALUE("30/04/2017"))*(Feuil1!$A:$A=$A91)*Feuil1!$I:$I)) -> 0 | L91: =SUMPRODUCT((Feuil1!$C:$C>=DATEVALUE("01/05/2017"))*((Feuil1!$C:$C<=DATEVALUE("31/05/2017"))*(Feuil1!$A:$A=$A91)*Feuil1!$I:$I)) -> 0 | M91: =SUMPRODUCT((Feuil1!$C:$C>=DATEVALUE("01/06/2017"))*((Feuil1!$C:$C<=DATEVALUE("30/06/2017"))*(Feuil1!$A:$A=$A91)*Feuil1!$I:$I)) -> 0 | N91: =SUMPRODUCT((Feuil1!$C:$C>=DATEVALUE("01/07/2017"))*((Feuil1!$C:$C<=DATEVALUE("31/07/2017"))*(Feuil1!$A:$A=$A91)*Feuil1!$I:$I)) -> 0 | O91: =SUMPRODUCT((Feuil1!$C:$C>=DATEVALUE("01/08/2017"))*((Feuil1!$C:$C<=DATEVALUE("31/08/2017"))*(Feuil1!$A:$A=$A91)*Feuil1!$I:$I)) -> 0
A92: 624110 | B92: REC - Tournoi open avril | D92: =SUMPRODUCT((Feuil1!$C:$C>=DATEVALUE("01/09/2016"))*((Feuil1!$C:$C<=DATEVALUE("30/09/2016"))*(Feuil1!$A:$A=$A92)*Feuil1!$I:$I)) -> 0 | E92: =SUMPRODUCT((Feuil1!$C:$C>=DATEVALUE("01/10/2016"))*((Feuil1!$C:$C<=DATEVALUE("31/10/2016"))*(Feuil1!$A:$A=$A92)*Feuil1!$I:$I)) -> 0 | F92: =SUMPRODUCT((Feuil1!$C:$C>=DATEVALUE("01/11/2016"))*((Feuil1!$C:$C<=DATEVALUE("30/11/2016"))*(Feuil1!$A:$A=$A92)*Feuil1!$I:$I)) -> 0 | G92: =SUMPRODUCT((Feuil1!$C:$C>=DATEVALUE("01/12/2016"))*((Feuil1!$C:$C<=DATEVALUE("31/12/2016"))*(Feuil1!$A:$A=$A92)*Feuil1!$I:$I)) -> 0 | H92: =SUMPRODUCT((Feuil1!$C:$C>=DATEVALUE("01/01/2017"))*((Feuil1!$C:$C<=DATEVALUE("31/01/2017"))*(Feuil1!$A:$A=$A92)*Feuil1!$I:$I)) -> 0 | I92: =SUMPRODUCT((Feuil1!$C:$C>=DATEVALUE("01/02/2017"))*((Feuil1!$C:$C<=DATEVALUE("28/02/2017"))*(Feuil1!$A:$A=$A92)*Feuil1!$I:$I)) -> 0 | J92: =SUMPRODUCT((Feuil1!$C:$C>=DATEVALUE("01/03/2017"))*((Feuil1!$C:$C<=DATEVALUE("31/03/2017"))*(Feuil1!$A:$A=$A92)*Feuil1!$I:$I)) -> 0 | K92: =SUMPRODUCT((Feuil1!$C:$C>=DATEVALUE("01/04/2017"))*((Feuil1!$C:$C<=DATEVALUE("30/04/2017"))*(Feuil1!$A:$A=$A92)*Feuil1!$I:$I)) -> -1979.5 | L92: =SUMPRODUCT((Feuil1!$C:$C>=DATEVALUE("01/05/2017"))*((Feuil1!$C:$C<=DATEVALUE("31/05/2017"))*(Feuil1!$A:$A=$A92)*Feuil1!$I:$I)) -> 0 | M92: =SUMPRODUCT((Feuil1!$C:$C>=DATEVALUE("01/06/2017"))*((Feuil1!$C:$C<=DATEVALUE("30/06/2017"))*(Feuil1!$A:$A=$A92)*Feuil1!$I:$I)) -> 0 | N92: =SUMPRODUCT((Feuil1!$C:$C>=DATEVALUE("01/07/2017"))*((Feuil1!$C:$C<=DATEVALUE("31/07/2017"))*(Feuil1!$A:$A=$A92)*Feuil1!$I:$I)) -> 0 | O92: =SUMPRODUCT((Feuil1!$C:$C>=DATEVALUE("01/08/2017"))*((Feuil1!$C:$C<=DATEVALUE("31/08/2017"))*(Feuil1!$A:$A=$A92)*Feuil1!$I:$I)) -> 0
A93: 624120 | B93: REC - Tournoi open juillet | D93: =SUMPRODUCT((Feuil1!$C:$C>=DATEVALUE("01/09/2016"))*((Feuil1!$C:$C<=DATEVALUE("30/09/2016"))*(Feuil1!$A:$A=$A93)*Feuil1!$I:$I)) -> 0 | E93: =SUMPRODUCT((Feuil1!$C:$C>=DATEVALUE("01/10/2016"))*((Feuil1!$C:$C<=DATEVALUE("31/10/2016"))*(Feuil1!$A:$A=$A93)*Feuil1!$I:$I)) -> 0 | F93: =SUMPRODUCT((Feuil1!$C:$C>=DATEVALUE("01/11/2016"))*((Feuil1!$C:$C<=DATEVALUE("30/11/2016"))*(Feuil1!$A:$A=$A93)*Feuil1!$I:$I)) -> 0 | G93: =SUMPRODUCT((Feuil1!$C:$C>=DATEVALUE("01/12/2016"))*((Feuil1!$C:$C<=DATEVALUE("31/12/2016"))*(Feuil1!$A:$A=$A93)*Feuil1!$I:$I)) -> 0 | H93: =SUMPRODUCT((Feuil1!$C:$C>=DATEVALUE("01/01/2017"))*((Feuil1!$C:$C<=DATEVALUE("31/01/2017"))*(Feuil1!$A:$A=$A93)*Feuil1!$I:$I)) -> 0 | I93: =SUMPRODUCT((Feuil1!$C:$C>=DATEVALUE("01/02/2017"))*((Feuil1!$C:$C<=DATEVALUE("28/02/2017"))*(Feuil1!$A:$A=$A93)*Feuil1!$I:$I)) -> 0 | J93: =SUMPRODUCT((Feuil1!$C:$C>=DATEVALUE("01/03/2017"))*((Feuil1!$C:$C<=DATEVALUE("31/03/2017"))*(Feuil1!$A:$A=$A93)*Feuil1!$I:$I)) -> 0 | K93: =SUMPRODUCT((Feuil1!$C:$C>=DATEVALUE("01/04/2017"))*((Feuil1!$C:$C<=DATEVALUE("30/04/2017"))*(Feuil1!$A:$A=$A93)*Feuil1!$I:$I)) -> 0 | L93: =SUMPRODUCT((Feuil1!$C:$C>=DATEVALUE("01/05/2017"))*((Feuil1!$C:$C<=DATEVALUE("31/05/2017"))*(Feuil1!$A:$A=$A93)*Feuil1!$I:$I)) -> 0 | M93: =SUMPRODUCT((Feuil1!$C:$C>=DATEVALUE("01/06/2017"))*((Feuil1!$C:$C<=DATEVALUE("30/06/2017"))*(Feuil1!$A:$A=$A93)*Feuil1!$I:$I)) -> 0 | N93: =SUMPRODUCT((Feuil1!$C:$C>=DATEVALUE("01/07/2017"))*((Feuil1!$C:$C<=DATEVALUE("31/07/2017"))*(Feuil1!$A:$A=$A93)*Feuil1!$I:$I)) -> -800 | O93: =SUMPRODUCT((Feuil1!$C:$C>=DATEVALUE("01/08/2017"))*((Feuil1!$C:$C<=DATEVALUE("31/08/2017"))*(Feuil1!$A:$A=$A93)*Feuil1!$I:$I)) -> -400
A94: 624130 | B94: REC - Tournoi interne | D94: =SUMPRODUCT((Feuil1!$C:$C>=DATEVALUE("01/09/2016"))*((Feuil1!$C:$C<=DATEVALUE("30/09/2016"))*(Feuil1!$A:$A=$A94)*Feuil1!$I:$I)) -> 0 | E94: =SUMPRODUCT((Feuil1!$C:$C>=DATEVALUE("01/10/2016"))*((Feuil1!$C:$C<=DATEVALUE("31/10/2016"))*(Feuil1!$A:$A=$A94)*Feuil1!$I:$I)) -> 0 | F94: =SUMPRODUCT((Feuil1!$C:$C>=DATEVALUE("01/11/2016"))*((Feuil1!$C:$C<=DATEVALUE("30/11/2016"))*(Feuil1!$A:$A=$A94)*Feuil1!$I:$I)) -> 0 | G94: =SUMPRODUCT((Feuil1!$C:$C>=DATEVALUE("01/12/2016"))*((Feuil1!$C:$C<=DATEVALUE("31/12/2016"))*(Feuil1!$A:$A=$A94)*Feuil1!$I:$I)) -> 0 | H94: =SUMPRODUCT((Feuil1!$C:$C>=DATEVALUE("01/01/2017"))*((Feuil1!$C:$C<=DATEVALUE("31/01/2017"))*(Feuil1!$A:$A=$A94)*Feuil1!$I:$I)) -> 0 | I94: =SUMPRODUCT((Feuil1!$C:$C>=DATEVALUE("01/02/2017"))*((Feuil1!$C:$C<=DATEVALUE("28/02/2017"))*(Feuil1!$A:$A=$A94)*Feuil1!$I:$I)) -> 0 | J94: =SUMPRODUCT((Feuil1!$C:$C>=DATEVALUE("01/03/2017"))*((Feuil1!$C:$C<=DATEVALUE("31/03/2017"))*(Feuil1!$A:$A=$A94)*Feuil1!$I:$I)) -> 0 | K94: =SUMPRODUCT((Feuil1!$C:$C>=DATEVALUE("01/04/2017"))*((Feuil1!$C:$C<=DATEVALUE("30/04/2017"))*(Feuil1!$A:$A=$A94)*Feuil1!$I:$I)) -> 0 | L94: =SUMPRODUCT((Feuil1!$C:$C>=DATEVALUE("01/05/2017"))*((Feuil1!$C:$C<=DATEVALUE("31/05/2017"))*(Feuil1!$A:$A=$A94)*Feuil1!$I:$I)) -> 0 | M94: =SUMPRODUCT((Feuil1!$C:$C>=DATEVALUE("01/06/2017"))*((Feuil1!$C:$C<=DATEVALUE("30/06/2017"))*(Feuil1!$A:$A=$A94)*Feuil1!$I:$I)) -> 0 | N94: =SUMPRODUCT((Feuil1!$C:$C>=DATEVALUE("01/07/2017"))*((Feuil1!$C:$C<=DATEVALUE("31/07/2017"))*(Feuil1!$A:$A=$A94)*Feuil1!$I:$I)) -> 0 | O94: =SUMPRODUCT((Feuil1!$C:$C>=DATEVALUE("01/08/2017"))*((Feuil1!$C:$C<=DATEVALUE("31/08/2017"))*(Feuil1!$A:$A=$A94)*Feuil1!$I:$I)) -> 0
A95: 624140 | B95: REC - Tournoi Galaxie | D95: =SUMPRODUCT((Feuil1!$C:$C>=DATEVALUE("01/09/2016"))*((Feuil1!$C:$C<=DATEVALUE("30/09/2016"))*(Feuil1!$A:$A=$A95)*Feuil1!$I:$I)) -> 0 | E95: =SUMPRODUCT((Feuil1!$C:$C>=DATEVALUE("01/10/2016"))*((Feuil1!$C:$C<=DATEVALUE("31/10/2016"))*(Feuil1!$A:$A=$A95)*Feuil1!$I:$I)) -> 0 | F95: =SUMPRODUCT((Feuil1!$C:$C>=DATEVALUE("01/11/2016"))*((Feuil1!$C:$C<=DATEVALUE("30/11/2016"))*(Feuil1!$A:$A=$A95)*Feuil1!$I:$I)) -> 0 | G95: =SUMPRODUCT((Feuil1!$C:$C>=DATEVALUE("01/12/2016"))*((Feuil1!$C:$C<=DATEVALUE("31/12/2016"))*(Feuil1!$A:$A=$A95)*Feuil1!$I:$I)) -> 0 | H95: =SUMPRODUCT((Feuil1!$C:$C>=DATEVALUE("01/01/2017"))*((Feuil1!$C:$C<=DATEVALUE("31/01/2017"))*(Feuil1!$A:$A=$A95)*Feuil1!$I:$I)) -> 0 | I95: =SUMPRODUCT((Feuil1!$C:$C>=DATEVALUE("01/02/2017"))*((Feuil1!$C:$C<=DATEVALUE("28/02/2017"))*(Feuil1!$A:$A=$A95)*Feuil1!$I:$I)) -> 0 | J95: =SUMPRODUCT((Feuil1!$C:$C>=DATEVALUE("01/03/2017"))*((Feuil1!$C:$C<=DATEVALUE("31/03/2017"))*(Feuil1!$A:$A=$A95)*Feuil1!$I:$I)) -> 0 | K95: =SUMPRODUCT((Feuil1!$C:$C>=DATEVALUE("01/04/2017"))*((Feuil1!$C:$C<=DATEVALUE("30/04/2017"))*(Feuil1!$A:$A=$A95)*Feuil1!$I:$I)) -> 0 | L95: =SUMPRODUCT((Feuil1!$C:$C>=DATEVALUE("01/05/2017"))*((Feuil1!$C:$C<=DATEVALUE("31/05/2017"))*(Feuil1!$A:$A=$A95)*Feuil1!$I:$I)) -> 0 | M95: =SUMPRODUCT((Feuil1!$C:$C>=DATEVALUE("01/06/2017"))*((Feuil1!$C:$C<=DATEVALUE("30/06/2017"))*(Feuil1!$A:$A=$A95)*Feuil1!$I:$I)) -> 0 | N95: =SUMPRODUCT((Feuil1!$C:$C>=DATEVALUE("01/07/2017"))*((Feuil1!$C:$C<=DATEVALUE("31/07/2017"))*(Feuil1!$A:$A=$A95)*Feuil1!$I:$I)) -> 0 | O95: =SUMPRODUCT((Feuil1!$C:$C>=DATEVALUE("01/08/2017"))*((Feuil1!$C:$C<=DATEVALUE("31/08/2017"))*(Feuil1!$A:$A=$A95)*Feuil1!$I:$I)) -> 0
A96: 624150 | B96: REC - Autres tournois | D96: =SUMPRODUCT((Feuil1!$C:$C>=DATEVALUE("01/09/2016"))*((Feuil1!$C:$C<=DATEVALUE("30/09/2016"))*(Feuil1!$A:$A=$A96)*Feuil1!$I:$I)) -> 0 | E96: =SUMPRODUCT((Feuil1!$C:$C>=DATEVALUE("01/10/2016"))*((Feuil1!$C:$C<=DATEVALUE("31/10/2016"))*(Feuil1!$A:$A=$A96)*Feuil1!$I:$I)) -> 0 | F96: =SUMPRODUCT((Feuil1!$C:$C>=DATEVALUE("01/11/2016"))*((Feuil1!$C:$C<=DATEVALUE("30/11/2016"))*(Feuil1!$A:$A=$A96)*Feuil1!$I:$I)) -> 0 | G96: =SUMPRODUCT((Feuil1!$C:$C>=DATEVALUE("01/12/2016"))*((Feuil1!$C:$C<=DATEVALUE("31/12/2016"))*(Feuil1!$A:$A=$A96)*Feuil1!$I:$I)) -> 0 | H96: =SUMPRODUCT((Feuil1!$C:$C>=DATEVALUE("01/01/2017"))*((Feuil1!$C:$C<=DATEVALUE("31/01/2017"))*(Feuil1!$A:$A=$A96)*Feuil1!$I:$I)) -> 0 | I96: =SUMPRODUCT((Feuil1!$C:$C>=DATEVALUE("01/02/2017"))*((Feuil1!$C:$C<=DATEVALUE("28/02/2017"))*(Feuil1!$A:$A=$A96)*Feuil1!$I:$I)) -> 0 | J96: =SUMPRODUCT((Feuil1!$C:$C>=DATEVALUE("01/03/2017"))*((Feuil1!$C:$C<=DATEVALUE("31/03/2017"))*(Feuil1!$A:$A=$A96)*Feuil1!$I:$I)) -> 0 | K96: =SUMPRODUCT((Feuil1!$C:$C>=DATEVALUE("01/04/2017"))*((Feuil1!$C:$C<=DATEVALUE("30/04/2017"))*(Feuil1!$A:$A=$A96)*Feuil1!$I:$I)) -> 0 | L96: =SUMPRODUCT((Feuil1!$C:$C>=DATEVALUE("01/05/2017"))*((Feuil1!$C:$C<=DATEVALUE("31/05/2017"))*(Feuil1!$A:$A=$A96)*Feuil1!$I:$I)) -> 0 | M96: =SUMPRODUCT((Feuil1!$C:$C>=DATEVALUE("01/06/2017"))*((Feuil1!$C:$C<=DATEVALUE("30/06/2017"))*(Feuil1!$A:$A=$A96)*Feuil1!$I:$I)) -> 0 | N96: =SUMPRODUCT((Feuil1!$C:$C>=DATEVALUE("01/07/2017"))*((Feuil1!$C:$C<=DATEVALUE("31/07/2017"))*(Feuil1!$A:$A=$A96)*Feuil1!$I:$I)) -> 0 | O96: =SUMPRODUCT((Feuil1!$C:$C>=DATEVALUE("01/08/2017"))*((Feuil1!$C:$C<=DATEVALUE("31/08/2017"))*(Feuil1!$A:$A=$A96)*Feuil1!$I:$I)) -> 0
A98: Achats récompenses, lots et divers | D98: =SUM(D84:D97) -> 0 | E98: =SUM(E84:E97) -> 0 | F98: =SUM(F84:F97) -> -96 | G98: =SUM(G84:G97) -> -35.49 | H98: =SUM(H84:H97) -> -111.5 | I98: =SUM(I84:I97) -> -100 | J98: =SUM(J84:J97) -> 0 | K98: =SUM(K84:K97) -> -1979.5 | ... O98: =SUM(O84:O97) -> -400
A100: 615100 | B100: Entretien courts | D100: =SUMPRODUCT((Feuil1!$C:$C>=DATEVALUE("01/09/2016"))*((Feuil1!$C:$C<=DATEVALUE("30/09/2016"))*(Feuil1!$A:$A=$A100)*Feuil1!$I:$I)) -> 0 | E100: =SUMPRODUCT((Feuil1!$C:$C>=DATEVALUE("01/10/2016"))*((Feuil1!$C:$C<=DATEVALUE("31/10/2016"))*(Feuil1!$A:$A=$A100)*Feuil1!$I:$I)) -> 0 | F100: =SUMPRODUCT((Feuil1!$C:$C>=DATEVALUE("01/11/2016"))*((Feuil1!$C:$C<=DATEVALUE("30/11/2016"))*(Feuil1!$A:$A=$A100)*Feuil1!$I:$I)) -> 0 | G100: =SUMPRODUCT((Feuil1!$C:$C>=DATEVALUE("01/12/2016"))*((Feuil1!$C:$C<=DATEVALUE("31/12/2016"))*(Feuil1!$A:$A=$A100)*Feuil1!$I:$I)) -> 0 | H100: =SUMPRODUCT((Feuil1!$C:$C>=DATEVALUE("01/01/2017"))*((Feuil1!$C:$C<=DATEVALUE("31/01/2017"))*(Feuil1!$A:$A=$A100)*Feuil1!$I:$I)) -> 0 | I100: =SUMPRODUCT((Feuil1!$C:$C>=DATEVALUE("01/02/2017"))*((Feuil1!$C:$C<=DATEVALUE("28/02/2017"))*(Feuil1!$A:$A=$A100)*Feuil1!$I:$I)) -> 0 | J100: =SUMPRODUCT((Feuil1!$C:$C>=DATEVALUE("01/03/2017"))*((Feuil1!$C:$C<=DATEVALUE("31/03/2017"))*(Feuil1!$A:$A=$A100)*Feuil1!$I:$I)) -> -1080 | K100: =SUMPRODUCT((Feuil1!$C:$C>=DATEVALUE("01/04/2017"))*((Feuil1!$C:$C<=DATEVALUE("30/04/2017"))*(Feuil1!$A:$A=$A100)*Feuil1!$I:$I)) -> 0 | L100: =SUMPRODUCT((Feuil1!$C:$C>=DATEVALUE("01/05/2017"))*((Feuil1!$C:$C<=DATEVALUE("31/05/2017"))*(Feuil1!$A:$A=$A100)*Feuil1!$I:$I)) -> 0 | M100: =SUMPRODUCT((Feuil1!$C:$C>=DATEVALUE("01/06/2017"))*((Feuil1!$C:$C<=DATEVALUE("30/06/2017"))*(Feuil1!$A:$A=$A100)*Feuil1!$I:$I)) -> -116 | N100: =SUMPRODUCT((Feuil1!$C:$C>=DATEVALUE("01/07/2017"))*((Feuil1!$C:$C<=DATEVALUE("31/07/2017"))*(Feuil1!$A:$A=$A100)*Feuil1!$I:$I)) -> 0 | O100: =SUMPRODUCT((Feuil1!$C:$C>=DATEVALUE("01/08/2017"))*((Feuil1!$C:$C<=DATEVALUE("31/08/2017"))*(Feuil1!$A:$A=$A100)*Feuil1!$I:$I)) -> 0
A101: 615200 | B101: Ent. et matériels divers | D101: =SUMPRODUCT((Feuil1!$C:$C>=DATEVALUE("01/09/2016"))*((Feuil1!$C:$C<=DATEVALUE("30/09/2016"))*(Feuil1!$A:$A=$A101)*Feuil1!$I:$I)) -> 0 | E101: =SUMPRODUCT((Feuil1!$C:$C>=DATEVALUE("01/10/2016"))*((Feuil1!$C:$C<=DATEVALUE("31/10/2016"))*(Feuil1!$A:$A=$A101)*Feuil1!$I:$I)) -> -15 | F101: =SUMPRODUCT((Feuil1!$C:$C>=DATEVALUE("01/11/2016"))*((Feuil1!$C:$C<=DATEVALUE("30/11/2016"))*(Feuil1!$A:$A=$A101)*Feuil1!$I:$I)) -> 0 | G101: =SUMPRODUCT((Feuil1!$C:$C>=DATEVALUE("01/12/2016"))*((Feuil1!$C:$C<=DATEVALUE("31/12/2016"))*(Feuil1!$A:$A=$A101)*Feuil1!$I:$I)) -> 0 | H101: =SUMPRODUCT((Feuil1!$C:$C>=DATEVALUE("01/01/2017"))*((Feuil1!$C:$C<=DATEVALUE("31/01/2017"))*(Feuil1!$A:$A=$A101)*Feuil1!$I:$I)) -> -21.95 | I101: =SUMPRODUCT((Feuil1!$C:$C>=DATEVALUE("01/02/2017"))*((Feuil1!$C:$C<=DATEVALUE("28/02/2017"))*(Feuil1!$A:$A=$A101)*Feuil1!$I:$I)) -> 0 | J101: =SUMPRODUCT((Feuil1!$C:$C>=DATEVALUE("01/03/2017"))*((Feuil1!$C:$C<=DATEVALUE("31/03/2017"))*(Feuil1!$A:$A=$A101)*Feuil1!$I:$I)) -> -149.86 | K101: =SUMPRODUCT((Feuil1!$C:$C>=DATEVALUE("01/04/2017"))*((Feuil1!$C:$C<=DATEVALUE("30/04/2017"))*(Feuil1!$A:$A=$A101)*Feuil1!$I:$I)) -> -36 | L101: =SUMPRODUCT((Feuil1!$C:$C>=DATEVALUE("01/05/2017"))*((Feuil1!$C:$C<=DATEVALUE("31/05/2017"))*(Feuil1!$A:$A=$A101)*Feuil1!$I:$I)) -> 0 | M101: =SUMPRODUCT((Feuil1!$C:$C>=DATEVALUE("01/06/2017"))*((Feuil1!$C:$C<=DATEVALUE("30/06/2017"))*(Feuil1!$A:$A=$A101)*Feuil1!$I:$I)) -> 0 | N101: =SUMPRODUCT((Feuil1!$C:$C>=DATEVALUE("01/07/2017"))*((Feuil1!$C:$C<=DATEVALUE("31/07/2017"))*(Feuil1!$A:$A=$A101)*Feuil1!$I:$I)) -> 0 | O101: =SUMPRODUCT((Feuil1!$C:$C>=DATEVALUE("01/08/2017"))*((Feuil1!$C:$C<=DATEVALUE("31/08/2017"))*(Feuil1!$A:$A=$A101)*Feuil1!$I:$I)) -> 0
A102: 605100 | B102: Investissements Terrains | D102: =SUMPRODUCT((Feuil1!$C:$C>=DATEVALUE("01/09/2016"))*((Feuil1!$C:$C<=DATEVALUE("30/09/2016"))*(Feuil1!$A:$A=$A102)*Feuil1!$I:$I)) -> 0 | E102: =SUMPRODUCT((Feuil1!$C:$C>=DATEVALUE("01/10/2016"))*((Feuil1!$C:$C<=DATEVALUE("31/10/2016"))*(Feuil1!$A:$A=$A102)*Feuil1!$I:$I)) -> 0 | F102: =SUMPRODUCT((Feuil1!$C:$C>=DATEVALUE("01/11/2016"))*((Feuil1!$C:$C<=DATEVALUE("30/11/2016"))*(Feuil1!$A:$A=$A102)*Feuil1!$I:$I)) -> 0 | G102: =SUMPRODUCT((Feuil1!$C:$C>=DATEVALUE("01/12/2016"))*((Feuil1!$C:$C<=DATEVALUE("31/12/2016"))*(Feuil1!$A:$A=$A102)*Feuil1!$I:$I)) -> 0 | H102: =SUMPRODUCT((Feuil1!$C:$C>=DATEVALUE("01/01/2017"))*((Feuil1!$C:$C<=DATEVALUE("31/01/2017"))*(Feuil1!$A:$A=$A102)*Feuil1!$I:$I)) -> 0 | I102: =SUMPRODUCT((Feuil1!$C:$C>=DATEVALUE("01/02/2017"))*((Feuil1!$C:$C<=DATEVALUE("28/02/2017"))*(Feuil1!$A:$A=$A102)*Feuil1!$I:$I)) -> 0 | J102: =SUMPRODUCT((Feuil1!$C:$C>=DATEVALUE("01/03/2017"))*((Feuil1!$C:$C<=DATEVALUE("31/03/2017"))*(Feuil1!$A:$A=$A102)*Feuil1!$I:$I)) -> 0 | K102: =SUMPRODUCT((Feuil1!$C:$C>=DATEVALUE("01/04/2017"))*((Feuil1!$C:$C<=DATEVALUE("30/04/2017"))*(Feuil1!$A:$A=$A102)*Feuil1!$I:$I)) -> 0 | L102: =SUMPRODUCT((Feuil1!$C:$C>=DATEVALUE("01/05/2017"))*((Feuil1!$C:$C<=DATEVALUE("31/05/2017"))*(Feuil1!$A:$A=$A102)*Feuil1!$I:$I)) -> 0 | M102: =SUMPRODUCT((Feuil1!$C:$C>=DATEVALUE("01/06/2017"))*((Feuil1!$C:$C<=DATEVALUE("30/06/2017"))*(Feuil1!$A:$A=$A102)*Feuil1!$I:$I)) -> 0 | N102: =SUMPRODUCT((Feuil1!$C:$C>=DATEVALUE("01/07/2017"))*((Feuil1!$C:$C<=DATEVALUE("31/07/2017"))*(Feuil1!$A:$A=$A102)*Feuil1!$I:$I)) -> 0 | O102: =SUMPRODUCT((Feuil1!$C:$C>=DATEVALUE("01/08/2017"))*((Feuil1!$C:$C<=DATEVALUE("31/08/2017"))*(Feuil1!$A:$A=$A102)*Feuil1!$I:$I)) -> 0
A103: 605200 | B103: Investissements autres | D103: =SUMPRODUCT((Feuil1!$C:$C>=DATEVALUE("01/09/2016"))*((Feuil1!$C:$C<=DATEVALUE("30/09/2016"))*(Feuil1!$A:$A=$A103)*Feuil1!$I:$I)) -> 0 | E103: =SUMPRODUCT((Feuil1!$C:$C>=DATEVALUE("01/10/2016"))*((Feuil1!$C:$C<=DATEVALUE("31/10/2016"))*(Feuil1!$A:$A=$A103)*Feuil1!$I:$I)) -> 0 | F103: =SUMPRODUCT((Feuil1!$C:$C>=DATEVALUE("01/11/2016"))*((Feuil1!$C:$C<=DATEVALUE("30/11/2016"))*(Feuil1!$A:$A=$A103)*Feuil1!$I:$I)) -> 0 | G103: =SUMPRODUCT((Feuil1!$C:$C>=DATEVALUE("01/12/2016"))*((Feuil1!$C:$C<=DATEVALUE("31/12/2016"))*(Feuil1!$A:$A=$A103)*Feuil1!$I:$I)) -> 0 | H103: =SUMPRODUCT((Feuil1!$C:$C>=DATEVALUE("01/01/2017"))*((Feuil1!$C:$C<=DATEVALUE("31/01/2017"))*(Feuil1!$A:$A=$A103)*Feuil1!$I:$I)) -> 0 | I103: =SUMPRODUCT((Feuil1!$C:$C>=DATEVALUE("01/02/2017"))*((Feuil1!$C:$C<=DATEVALUE("28/02/2017"))*(Feuil1!$A:$A=$A103)*Feuil1!$I:$I)) -> 0 | J103: =SUMPRODUCT((Feuil1!$C:$C>=DATEVALUE("01/03/2017"))*((Feuil1!$C:$C<=DATEVALUE("31/03/2017"))*(Feuil1!$A:$A=$A103)*Feuil1!$I:$I)) -> 0 | K103: =SUMPRODUCT((Feuil1!$C:$C>=DATEVALUE("01/04/2017"))*((Feuil1!$C:$C<=DATEVALUE("30/04/2017"))*(Feuil1!$A:$A=$A103)*Feuil1!$I:$I)) -> 0 | L103: =SUMPRODUCT((Feuil1!$C:$C>=DATEVALUE("01/05/2017"))*((Feuil1!$C:$C<=DATEVALUE("31/05/2017"))*(Feuil1!$A:$A=$A103)*Feuil1!$I:$I)) -> 0 | M103: =SUMPRODUCT((Feuil1!$C:$C>=DATEVALUE("01/06/2017"))*((Feuil1!$C:$C<=DATEVALUE("30/06/2017"))*(Feuil1!$A:$A=$A103)*Feuil1!$I:$I)) -> 0 | N103: =SUMPRODUCT((Feuil1!$C:$C>=DATEVALUE("01/07/2017"))*((Feuil1!$C:$C<=DATEVALUE("31/07/2017"))*(Feuil1!$A:$A=$A103)*Feuil1!$I:$I)) -> 0 | O103: =SUMPRODUCT((Feuil1!$C:$C>=DATEVALUE("01/08/2017"))*((Feuil1!$C:$C<=DATEVALUE("31/08/2017"))*(Feuil1!$A:$A=$A103)*Feuil1!$I:$I)) -> 0
A104: 605300 | B104: Matériel pédagogique | D104: =SUMPRODUCT((Feuil1!$C:$C>=DATEVALUE("01/09/2016"))*((Feuil1!$C:$C<=DATEVALUE("30/09/2016"))*(Feuil1!$A:$A=$A104)*Feuil1!$I:$I)) -> 0 | E104: =SUMPRODUCT((Feuil1!$C:$C>=DATEVALUE("01/10/2016"))*((Feuil1!$C:$C<=DATEVALUE("31/10/2016"))*(Feuil1!$A:$A=$A104)*Feuil1!$I:$I)) -> 0 | F104: =SUMPRODUCT((Feuil1!$C:$C>=DATEVALUE("01/11/2016"))*((Feuil1!$C:$C<=DATEVALUE("30/11/2016"))*(Feuil1!$A:$A=$A104)*Feuil1!$I:$I)) -> 0 | G104: =SUMPRODUCT((Feuil1!$C:$C>=DATEVALUE("01/12/2016"))*((Feuil1!$C:$C<=DATEVALUE("31/12/2016"))*(Feuil1!$A:$A=$A104)*Feuil1!$I:$I)) -> 0 | H104: =SUMPRODUCT((Feuil1!$C:$C>=DATEVALUE("01/01/2017"))*((Feuil1!$C:$C<=DATEVALUE("31/01/2017"))*(Feuil1!$A:$A=$A104)*Feuil1!$I:$I)) -> 0 | I104: =SUMPRODUCT((Feuil1!$C:$C>=DATEVALUE("01/02/2017"))*((Feuil1!$C:$C<=DATEVALUE("28/02/2017"))*(Feuil1!$A:$A=$A104)*Feuil1!$I:$I)) -> 0 | J104: =SUMPRODUCT((Feuil1!$C:$C>=DATEVALUE("01/03/2017"))*((Feuil1!$C:$C<=DATEVALUE("31/03/2017"))*(Feuil1!$A:$A=$A104)*Feuil1!$I:$I)) -> 0 | K104: =SUMPRODUCT((Feuil1!$C:$C>=DATEVALUE("01/04/2017"))*((Feuil1!$C:$C<=DATEVALUE("30/04/2017"))*(Feuil1!$A:$A=$A104)*Feuil1!$I:$I)) -> 0 | L104: =SUMPRODUCT((Feuil1!$C:$C>=DATEVALUE("01/05/2017"))*((Feuil1!$C:$C<=DATEVALUE("31/05/2017"))*(Feuil1!$A:$A=$A104)*Feuil1!$I:$I)) -> 0 | M104: =SUMPRODUCT((Feuil1!$C:$C>=DATEVALUE("01/06/2017"))*((Feuil1!$C:$C<=DATEVALUE("30/06/2017"))*(Feuil1!$A:$A=$A104)*Feuil1!$I:$I)) -> 0 | N104: =SUMPRODUCT((Feuil1!$C:$C>=DATEVALUE("01/07/2017"))*((Feuil1!$C:$C<=DATEVALUE("31/07/2017"))*(Feuil1!$A:$A=$A104)*Feuil1!$I:$I)) -> 0 | O104: =SUMPRODUCT((Feuil1!$C:$C>=DATEVALUE("01/08/2017"))*((Feuil1!$C:$C<=DATEVALUE("31/08/2017"))*(Feuil1!$A:$A=$A104)*Feuil1!$I:$I)) -> 0
A106: Entretiens | D106: =SUM(D100:D105) -> 0 | E106: =SUM(E100:E105) -> -15 | F106: =SUM(F100:F105) -> 0 | G106: =SUM(G100:G105) -> 0 | H106: =SUM(H100:H105) -> -21.95 | I106: =SUM(I100:I105) -> 0 | J106: =SUM(J100:J105) -> -1229.86 | K106: =SUM(K100:K105) -> -36 | ... O106: =SUM(O100:O105) -> 0
A108: 606400 | B108: Fournitures de bureau | D108: =SUMPRODUCT((Feuil1!$C:$C>=DATEVALUE("01/09/2016"))*((Feuil1!$C:$C<=DATEVALUE("30/09/2016"))*(Feuil1!$A:$A=$A108)*Feuil1!$I:$I)) -> 0 | E108: =SUMPRODUCT((Feuil1!$C:$C>=DATEVALUE("01/10/2016"))*((Feuil1!$C:$C<=DATEVALUE("31/10/2016"))*(Feuil1!$A:$A=$A108)*Feuil1!$I:$I)) -> 0 | F108: =SUMPRODUCT((Feuil1!$C:$C>=DATEVALUE("01/11/2016"))*((Feuil1!$C:$C<=DATEVALUE("30/11/2016"))*(Feuil1!$A:$A=$A108)*Feuil1!$I:$I)) -> 0 | G108: =SUMPRODUCT((Feuil1!$C:$C>=DATEVALUE("01/12/2016"))*((Feuil1!$C:$C<=DATEVALUE("31/12/2016"))*(Feuil1!$A:$A=$A108)*Feuil1!$I:$I)) -> 0 | H108: =SUMPRODUCT((Feuil1!$C:$C>=DATEVALUE("01/01/2017"))*((Feuil1!$C:$C<=DATEVALUE("31/01/2017"))*(Feuil1!$A:$A=$A108)*Feuil1!$I:$I)) -> 0 | I108: =SUMPRODUCT((Feuil1!$C:$C>=DATEVALUE("01/02/2017"))*((Feuil1!$C:$C<=DATEVALUE("28/02/2017"))*(Feuil1!$A:$A=$A108)*Feuil1!$I:$I)) -> 0 | J108: =SUMPRODUCT((Feuil1!$C:$C>=DATEVALUE("01/03/2017"))*((Feuil1!$C:$C<=DATEVALUE("31/03/2017"))*(Feuil1!$A:$A=$A108)*Feuil1!$I:$I)) -> -70.39 | K108: =SUMPRODUCT((Feuil1!$C:$C>=DATEVALUE("01/04/2017"))*((Feuil1!$C:$C<=DATEVALUE("30/04/2017"))*(Feuil1!$A:$A=$A108)*Feuil1!$I:$I)) -> 0 | L108: =SUMPRODUCT((Feuil1!$C:$C>=DATEVALUE("01/05/2017"))*((Feuil1!$C:$C<=DATEVALUE("31/05/2017"))*(Feuil1!$A:$A=$A108)*Feuil1!$I:$I)) -> -242.78 | M108: =SUMPRODUCT((Feuil1!$C:$C>=DATEVALUE("01/06/2017"))*((Feuil1!$C:$C<=DATEVALUE("30/06/2017"))*(Feuil1!$A:$A=$A108)*Feuil1!$I:$I)) -> -23.98 | N108: =SUMPRODUCT((Feuil1!$C:$C>=DATEVALUE("01/07/2017"))*((Feuil1!$C:$C<=DATEVALUE("31/07/2017"))*(Feuil1!$A:$A=$A108)*Feuil1!$I:$I)) -> 0 | O108: =SUMPRODUCT((Feuil1!$C:$C>=DATEVALUE("01/08/2017"))*((Feuil1!$C:$C<=DATEVALUE("31/08/2017"))*(Feuil1!$A:$A=$A108)*Feuil1!$I:$I)) -> -505.2
A109: 616000 | B109: Assurance | D109: =SUMPRODUCT((Feuil1!$C:$C>=DATEVALUE("01/09/2016"))*((Feuil1!$C:$C<=DATEVALUE("30/09/2016"))*(Feuil1!$A:$A=$A109)*Feuil1!$I:$I)) -> 0 | E109: =SUMPRODUCT((Feuil1!$C:$C>=DATEVALUE("01/10/2016"))*((Feuil1!$C:$C<=DATEVALUE("31/10/2016"))*(Feuil1!$A:$A=$A109)*Feuil1!$I:$I)) -> 0 | F109: =SUMPRODUCT((Feuil1!$C:$C>=DATEVALUE("01/11/2016"))*((Feuil1!$C:$C<=DATEVALUE("30/11/2016"))*(Feuil1!$A:$A=$A109)*Feuil1!$I:$I)) -> 0 | G109: =SUMPRODUCT((Feuil1!$C:$C>=DATEVALUE("01/12/2016"))*((Feuil1!$C:$C<=DATEVALUE("31/12/2016"))*(Feuil1!$A:$A=$A109)*Feuil1!$I:$I)) -> 0 | H109: =SUMPRODUCT((Feuil1!$C:$C>=DATEVALUE("01/01/2017"))*((Feuil1!$C:$C<=DATEVALUE("31/01/2017"))*(Feuil1!$A:$A=$A109)*Feuil1!$I:$I)) -> 0 | I109: =SUMPRODUCT((Feuil1!$C:$C>=DATEVALUE("01/02/2017"))*((Feuil1!$C:$C<=DATEVALUE("28/02/2017"))*(Feuil1!$A:$A=$A109)*Feuil1!$I:$I)) -> 0 | J109: =SUMPRODUCT((Feuil1!$C:$C>=DATEVALUE("01/03/2017"))*((Feuil1!$C:$C<=DATEVALUE("31/03/2017"))*(Feuil1!$A:$A=$A109)*Feuil1!$I:$I)) -> -1330.14 | K109: =SUMPRODUCT((Feuil1!$C:$C>=DATEVALUE("01/04/2017"))*((Feuil1!$C:$C<=DATEVALUE("30/04/2017"))*(Feuil1!$A:$A=$A109)*Feuil1!$I:$I)) -> 0 | L109: =SUMPRODUCT((Feuil1!$C:$C>=DATEVALUE("01/05/2017"))*((Feuil1!$C:$C<=DATEVALUE("31/05/2017"))*(Feuil1!$A:$A=$A109)*Feuil1!$I:$I)) -> 0 | M109: =SUMPRODUCT((Feuil1!$C:$C>=DATEVALUE("01/06/2017"))*((Feuil1!$C:$C<=DATEVALUE("30/06/2017"))*(Feuil1!$A:$A=$A109)*Feuil1!$I:$I)) -> 0 | N109: =SUMPRODUCT((Feuil1!$C:$C>=DATEVALUE("01/07/2017"))*((Feuil1!$C:$C<=DATEVALUE("31/07/2017"))*(Feuil1!$A:$A=$A109)*Feuil1!$I:$I)) -> 0 | O109: =SUMPRODUCT((Feuil1!$C:$C>=DATEVALUE("01/08/2017"))*((Feuil1!$C:$C<=DATEVALUE("31/08/2017"))*(Feuil1!$A:$A=$A109)*Feuil1!$I:$I)) -> 0
A110: 626100 | B110: Affranchissement | D110: =SUMPRODUCT((Feuil1!$C:$C>=DATEVALUE("01/09/2016"))*((Feuil1!$C:$C<=DATEVALUE("30/09/2016"))*(Feuil1!$A:$A=$A110)*Feuil1!$I:$I)) -> 0 | E110: =SUMPRODUCT((Feuil1!$C:$C>=DATEVALUE("01/10/2016"))*((Feuil1!$C:$C<=DATEVALUE("31/10/2016"))*(Feuil1!$A:$A=$A110)*Feuil1!$I:$I)) -> 0 | F110: =SUMPRODUCT((Feuil1!$C:$C>=DATEVALUE("01/11/2016"))*((Feuil1!$C:$C<=DATEVALUE("30/11/2016"))*(Feuil1!$A:$A=$A110)*Feuil1!$I:$I)) -> -3.2 | G110: =SUMPRODUCT((Feuil1!$C:$C>=DATEVALUE("01/12/2016"))*((Feuil1!$C:$C<=DATEVALUE("31/12/2016"))*(Feuil1!$A:$A=$A110)*Feuil1!$I:$I)) -> 0 | H110: =SUMPRODUCT((Feuil1!$C:$C>=DATEVALUE("01/01/2017"))*((Feuil1!$C:$C<=DATEVALUE("31/01/2017"))*(Feuil1!$A:$A=$A110)*Feuil1!$I:$I)) -> -6.3 | I110: =SUMPRODUCT((Feuil1!$C:$C>=DATEVALUE("01/02/2017"))*((Feuil1!$C:$C<=DATEVALUE("28/02/2017"))*(Feuil1!$A:$A=$A110)*Feuil1!$I:$I)) -> -1.7 | J110: =SUMPRODUCT((Feuil1!$C:$C>=DATEVALUE("01/03/2017"))*((Feuil1!$C:$C<=DATEVALUE("31/03/2017"))*(Feuil1!$A:$A=$A110)*Feuil1!$I:$I)) -> -5.1 | K110: =SUMPRODUCT((Feuil1!$C:$C>=DATEVALUE("01/04/2017"))*((Feuil1!$C:$C<=DATEVALUE("30/04/2017"))*(Feuil1!$A:$A=$A110)*Feuil1!$I:$I)) -> -9 | L110: =SUMPRODUCT((Feuil1!$C:$C>=DATEVALUE("01/05/2017"))*((Feuil1!$C:$C<=DATEVALUE("31/05/2017"))*(Feuil1!$A:$A=$A110)*Feuil1!$I:$I)) -> 0 | M110: =SUMPRODUCT((Feuil1!$C:$C>=DATEVALUE("01/06/2017"))*((Feuil1!$C:$C<=DATEVALUE("30/06/2017"))*(Feuil1!$A:$A=$A110)*Feuil1!$I:$I)) -> -11.35 | N110: =SUMPRODUCT((Feuil1!$C:$C>=DATEVALUE("01/07/2017"))*((Feuil1!$C:$C<=DATEVALUE("31/07/2017"))*(Feuil1!$A:$A=$A110)*Feuil1!$I:$I)) -> 0 | O110: =SUMPRODUCT((Feuil1!$C:$C>=DATEVALUE("01/08/2017"))*((Feuil1!$C:$C<=DATEVALUE("31/08/2017"))*(Feuil1!$A:$A=$A110)*Feuil1!$I:$I)) -> -5.1
A111: 626200 | B111: Internet & Téléphone | D111: =SUMPRODUCT((Feuil1!$C:$C>=DATEVALUE("01/09/2016"))*((Feuil1!$C:$C<=DATEVALUE("30/09/2016"))*(Feuil1!$A:$A=$A111)*Feuil1!$I:$I)) -> -94.8 | E111: =SUMPRODUCT((Feuil1!$C:$C>=DATEVALUE("01/10/2016"))*((Feuil1!$C:$C<=DATEVALUE("31/10/2016"))*(Feuil1!$A:$A=$A111)*Feuil1!$I:$I)) -> -142.68 | F111: =SUMPRODUCT((Feuil1!$C:$C>=DATEVALUE("01/11/2016"))*((Feuil1!$C:$C<=DATEVALUE("30/11/2016"))*(Feuil1!$A:$A=$A111)*Feuil1!$I:$I)) -> -94.8 | G111: =SUMPRODUCT((Feuil1!$C:$C>=DATEVALUE("01/12/2016"))*((Feuil1!$C:$C<=DATEVALUE("31/12/2016"))*(Feuil1!$A:$A=$A111)*Feuil1!$I:$I)) -> -94.8 | H111: =SUMPRODUCT((Feuil1!$C:$C>=DATEVALUE("01/01/2017"))*((Feuil1!$C:$C<=DATEVALUE("31/01/2017"))*(Feuil1!$A:$A=$A111)*Feuil1!$I:$I)) -> -94.8 | I111: =SUMPRODUCT((Feuil1!$C:$C>=DATEVALUE("01/02/2017"))*((Feuil1!$C:$C<=DATEVALUE("28/02/2017"))*(Feuil1!$A:$A=$A111)*Feuil1!$I:$I)) -> -94.8 | J111: =SUMPRODUCT((Feuil1!$C:$C>=DATEVALUE("01/03/2017"))*((Feuil1!$C:$C<=DATEVALUE("31/03/2017"))*(Feuil1!$A:$A=$A111)*Feuil1!$I:$I)) -> -94.8 | K111: =SUMPRODUCT((Feuil1!$C:$C>=DATEVALUE("01/04/2017"))*((Feuil1!$C:$C<=DATEVALUE("30/04/2017"))*(Feuil1!$A:$A=$A111)*Feuil1!$I:$I)) -> -94.8 | L111: =SUMPRODUCT((Feuil1!$C:$C>=DATEVALUE("01/05/2017"))*((Feuil1!$C:$C<=DATEVALUE("31/05/2017"))*(Feuil1!$A:$A=$A111)*Feuil1!$I:$I)) -> -94.8 | M111: =SUMPRODUCT((Feuil1!$C:$C>=DATEVALUE("01/06/2017"))*((Feuil1!$C:$C<=DATEVALUE("30/06/2017"))*(Feuil1!$A:$A=$A111)*Feuil1!$I:$I)) -> -95.04 | N111: =SUMPRODUCT((Feuil1!$C:$C>=DATEVALUE("01/07/2017"))*((Feuil1!$C:$C<=DATEVALUE("31/07/2017"))*(Feuil1!$A:$A=$A111)*Feuil1!$I:$I)) -> -94.8 | O111: =SUMPRODUCT((Feuil1!$C:$C>=DATEVALUE("01/08/2017"))*((Feuil1!$C:$C<=DATEVALUE("31/08/2017"))*(Feuil1!$A:$A=$A111)*Feuil1!$I:$I)) -> -97.79
A112: 627000 | B112: Frais bancaire | D112: =SUMPRODUCT((Feuil1!$C:$C>=DATEVALUE("01/09/2016"))*((Feuil1!$C:$C<=DATEVALUE("30/09/2016"))*(Feuil1!$A:$A=$A112)*Feuil1!$I:$I)) -> -9.08 | E112: =SUMPRODUCT((Feuil1!$C:$C>=DATEVALUE("01/10/2016"))*((Feuil1!$C:$C<=DATEVALUE("31/10/2016"))*(Feuil1!$A:$A=$A112)*Feuil1!$I:$I)) -> -9.08 | F112: =SUMPRODUCT((Feuil1!$C:$C>=DATEVALUE("01/11/2016"))*((Feuil1!$C:$C<=DATEVALUE("30/11/2016"))*(Feuil1!$A:$A=$A112)*Feuil1!$I:$I)) -> -9.08 | G112: =SUMPRODUCT((Feuil1!$C:$C>=DATEVALUE("01/12/2016"))*((Feuil1!$C:$C<=DATEVALUE("31/12/2016"))*(Feuil1!$A:$A=$A112)*Feuil1!$I:$I)) -> -63.08 | H112: =SUMPRODUCT((Feuil1!$C:$C>=DATEVALUE("01/01/2017"))*((Feuil1!$C:$C<=DATEVALUE("31/01/2017"))*(Feuil1!$A:$A=$A112)*Feuil1!$I:$I)) -> -9.08 | I112: =SUMPRODUCT((Feuil1!$C:$C>=DATEVALUE("01/02/2017"))*((Feuil1!$C:$C<=DATEVALUE("28/02/2017"))*(Feuil1!$A:$A=$A112)*Feuil1!$I:$I)) -> -9.08 | J112: =SUMPRODUCT((Feuil1!$C:$C>=DATEVALUE("01/03/2017"))*((Feuil1!$C:$C<=DATEVALUE("31/03/2017"))*(Feuil1!$A:$A=$A112)*Feuil1!$I:$I)) -> -9.08 | K112: =SUMPRODUCT((Feuil1!$C:$C>=DATEVALUE("01/04/2017"))*((Feuil1!$C:$C<=DATEVALUE("30/04/2017"))*(Feuil1!$A:$A=$A112)*Feuil1!$I:$I)) -> -9.08 | L112: =SUMPRODUCT((Feuil1!$C:$C>=DATEVALUE("01/05/2017"))*((Feuil1!$C:$C<=DATEVALUE("31/05/2017"))*(Feuil1!$A:$A=$A112)*Feuil1!$I:$I)) -> -9.08 | M112: =SUMPRODUCT((Feuil1!$C:$C>=DATEVALUE("01/06/2017"))*((Feuil1!$C:$C<=DATEVALUE("30/06/2017"))*(Feuil1!$A:$A=$A112)*Feuil1!$I:$I)) -> -9.08 | N112: =SUMPRODUCT((Feuil1!$C:$C>=DATEVALUE("01/07/2017"))*((Feuil1!$C:$C<=DATEVALUE("31/07/2017"))*(Feuil1!$A:$A=$A112)*Feuil1!$I:$I)) -> -9.08 | O112: =SUMPRODUCT((Feuil1!$C:$C>=DATEVALUE("01/08/2017"))*((Feuil1!$C:$C<=DATEVALUE("31/08/2017"))*(Feuil1!$A:$A=$A112)*Feuil1!$I:$I)) -> -9.13
A113: 628000 | B113: Publicité diverse | D113: =SUMPRODUCT((Feuil1!$C:$C>=DATEVALUE("01/09/2016"))*((Feuil1!$C:$C<=DATEVALUE("30/09/2016"))*(Feuil1!$A:$A=$A113)*Feuil1!$I:$I)) -> 0 | E113: =SUMPRODUCT((Feuil1!$C:$C>=DATEVALUE("01/10/2016"))*((Feuil1!$C:$C<=DATEVALUE("31/10/2016"))*(Feuil1!$A:$A=$A113)*Feuil1!$I:$I)) -> 0 | F113: =SUMPRODUCT((Feuil1!$C:$C>=DATEVALUE("01/11/2016"))*((Feuil1!$C:$C<=DATEVALUE("30/11/2016"))*(Feuil1!$A:$A=$A113)*Feuil1!$I:$I)) -> 0 | G113: =SUMPRODUCT((Feuil1!$C:$C>=DATEVALUE("01/12/2016"))*((Feuil1!$C:$C<=DATEVALUE("31/12/2016"))*(Feuil1!$A:$A=$A113)*Feuil1!$I:$I)) -> 0 | H113: =SUMPRODUCT((Feuil1!$C:$C>=DATEVALUE("01/01/2017"))*((Feuil1!$C:$C<=DATEVALUE("31/01/2017"))*(Feuil1!$A:$A=$A113)*Feuil1!$I:$I)) -> 0 | I113: =SUMPRODUCT((Feuil1!$C:$C>=DATEVALUE("01/02/2017"))*((Feuil1!$C:$C<=DATEVALUE("28/02/2017"))*(Feuil1!$A:$A=$A113)*Feuil1!$I:$I)) -> 0 | J113: =SUMPRODUCT((Feuil1!$C:$C>=DATEVALUE("01/03/2017"))*((Feuil1!$C:$C<=DATEVALUE("31/03/2017"))*(Feuil1!$A:$A=$A113)*Feuil1!$I:$I)) -> 0 | K113: =SUMPRODUCT((Feuil1!$C:$C>=DATEVALUE("01/04/2017"))*((Feuil1!$C:$C<=DATEVALUE("30/04/2017"))*(Feuil1!$A:$A=$A113)*Feuil1!$I:$I)) -> 0 | L113: =SUMPRODUCT((Feuil1!$C:$C>=DATEVALUE("01/05/2017"))*((Feuil1!$C:$C<=DATEVALUE("31/05/2017"))*(Feuil1!$A:$A=$A113)*Feuil1!$I:$I)) -> 0 | M113: =SUMPRODUCT((Feuil1!$C:$C>=DATEVALUE("01/06/2017"))*((Feuil1!$C:$C<=DATEVALUE("30/06/2017"))*(Feuil1!$A:$A=$A113)*Feuil1!$I:$I)) -> -215.87 | N113: =SUMPRODUCT((Feuil1!$C:$C>=DATEVALUE("01/07/2017"))*((Feuil1!$C:$C<=DATEVALUE("31/07/2017"))*(Feuil1!$A:$A=$A113)*Feuil1!$I:$I)) -> 0 | O113: =SUMPRODUCT((Feuil1!$C:$C>=DATEVALUE("01/08/2017"))*((Feuil1!$C:$C<=DATEVALUE("31/08/2017"))*(Feuil1!$A:$A=$A113)*Feuil1!$I:$I)) -> 0
A114: 625150 | B114: Frais de transport, carburant | D114: =SUMPRODUCT((Feuil1!$C:$C>=DATEVALUE("01/09/2016"))*((Feuil1!$C:$C<=DATEVALUE("30/09/2016"))*(Feuil1!$A:$A=$A114)*Feuil1!$I:$I)) -> 0 | E114: =SUMPRODUCT((Feuil1!$C:$C>=DATEVALUE("01/10/2016"))*((Feuil1!$C:$C<=DATEVALUE("31/10/2016"))*(Feuil1!$A:$A=$A114)*Feuil1!$I:$I)) -> -38.44 | F114: =SUMPRODUCT((Feuil1!$C:$C>=DATEVALUE("01/11/2016"))*((Feuil1!$C:$C<=DATEVALUE("30/11/2016"))*(Feuil1!$A:$A=$A114)*Feuil1!$I:$I)) -> 0 | G114: =SUMPRODUCT((Feuil1!$C:$C>=DATEVALUE("01/12/2016"))*((Feuil1!$C:$C<=DATEVALUE("31/12/2016"))*(Feuil1!$A:$A=$A114)*Feuil1!$I:$I)) -> 0 | H114: =SUMPRODUCT((Feuil1!$C:$C>=DATEVALUE("01/01/2017"))*((Feuil1!$C:$C<=DATEVALUE("31/01/2017"))*(Feuil1!$A:$A=$A114)*Feuil1!$I:$I)) -> 0 | I114: =SUMPRODUCT((Feuil1!$C:$C>=DATEVALUE("01/02/2017"))*((Feuil1!$C:$C<=DATEVALUE("28/02/2017"))*(Feuil1!$A:$A=$A114)*Feuil1!$I:$I)) -> 0 | J114: =SUMPRODUCT((Feuil1!$C:$C>=DATEVALUE("01/03/2017"))*((Feuil1!$C:$C<=DATEVALUE("31/03/2017"))*(Feuil1!$A:$A=$A114)*Feuil1!$I:$I)) -> 0 | K114: =SUMPRODUCT((Feuil1!$C:$C>=DATEVALUE("01/04/2017"))*((Feuil1!$C:$C<=DATEVALUE("30/04/2017"))*(Feuil1!$A:$A=$A114)*Feuil1!$I:$I)) -> 0 | L114: =SUMPRODUCT((Feuil1!$C:$C>=DATEVALUE("01/05/2017"))*((Feuil1!$C:$C<=DATEVALUE("31/05/2017"))*(Feuil1!$A:$A=$A114)*Feuil1!$I:$I)) -> 0 | M114: =SUMPRODUCT((Feuil1!$C:$C>=DATEVALUE("01/06/2017"))*((Feuil1!$C:$C<=DATEVALUE("30/06/2017"))*(Feuil1!$A:$A=$A114)*Feuil1!$I:$I)) -> 0 | N114: =SUMPRODUCT((Feuil1!$C:$C>=DATEVALUE("01/07/2017"))*((Feuil1!$C:$C<=DATEVALUE("31/07/2017"))*(Feuil1!$A:$A=$A114)*Feuil1!$I:$I)) -> 0 | O114: =SUMPRODUCT((Feuil1!$C:$C>=DATEVALUE("01/08/2017"))*((Feuil1!$C:$C<=DATEVALUE("31/08/2017"))*(Feuil1!$A:$A=$A114)*Feuil1!$I:$I)) -> 0
A115: 656000 | B115: Rembt Badges | D115: =SUMPRODUCT((Feuil1!$C:$C>=DATEVALUE("01/09/2016"))*((Feuil1!$C:$C<=DATEVALUE("30/09/2016"))*(Feuil1!$A:$A=$A115)*Feuil1!$I:$I)) -> 0 | E115: =SUMPRODUCT((Feuil1!$C:$C>=DATEVALUE("01/10/2016"))*((Feuil1!$C:$C<=DATEVALUE("31/10/2016"))*(Feuil1!$A:$A=$A115)*Feuil1!$I:$I)) -> 0 | F115: =SUMPRODUCT((Feuil1!$C:$C>=DATEVALUE("01/11/2016"))*((Feuil1!$C:$C<=DATEVALUE("30/11/2016"))*(Feuil1!$A:$A=$A115)*Feuil1!$I:$I)) -> 0 | G115: =SUMPRODUCT((Feuil1!$C:$C>=DATEVALUE("01/12/2016"))*((Feuil1!$C:$C<=DATEVALUE("31/12/2016"))*(Feuil1!$A:$A=$A115)*Feuil1!$I:$I)) -> -40 | H115: =SUMPRODUCT((Feuil1!$C:$C>=DATEVALUE("01/01/2017"))*((Feuil1!$C:$C<=DATEVALUE("31/01/2017"))*(Feuil1!$A:$A=$A115)*Feuil1!$I:$I)) -> 0 | I115: =SUMPRODUCT((Feuil1!$C:$C>=DATEVALUE("01/02/2017"))*((Feuil1!$C:$C<=DATEVALUE("28/02/2017"))*(Feuil1!$A:$A=$A115)*Feuil1!$I:$I)) -> 0 | J115: =SUMPRODUCT((Feuil1!$C:$C>=DATEVALUE("01/03/2017"))*((Feuil1!$C:$C<=DATEVALUE("31/03/2017"))*(Feuil1!$A:$A=$A115)*Feuil1!$I:$I)) -> 0 | K115: =SUMPRODUCT((Feuil1!$C:$C>=DATEVALUE("01/04/2017"))*((Feuil1!$C:$C<=DATEVALUE("30/04/2017"))*(Feuil1!$A:$A=$A115)*Feuil1!$I:$I)) -> 0 | L115: =SUMPRODUCT((Feuil1!$C:$C>=DATEVALUE("01/05/2017"))*((Feuil1!$C:$C<=DATEVALUE("31/05/2017"))*(Feuil1!$A:$A=$A115)*Feuil1!$I:$I)) -> 0 | M115: =SUMPRODUCT((Feuil1!$C:$C>=DATEVALUE("01/06/2017"))*((Feuil1!$C:$C<=DATEVALUE("30/06/2017"))*(Feuil1!$A:$A=$A115)*Feuil1!$I:$I)) -> -20 | N115: =SUMPRODUCT((Feuil1!$C:$C>=DATEVALUE("01/07/2017"))*((Feuil1!$C:$C<=DATEVALUE("31/07/2017"))*(Feuil1!$A:$A=$A115)*Feuil1!$I:$I)) -> 0 | O115: =SUMPRODUCT((Feuil1!$C:$C>=DATEVALUE("01/08/2017"))*((Feuil1!$C:$C<=DATEVALUE("31/08/2017"))*(Feuil1!$A:$A=$A115)*Feuil1!$I:$I)) -> 0
A116: 670000 | B116: Autres charges | D116: =SUMPRODUCT((Feuil1!$C:$C>=DATEVALUE("01/09/2016"))*((Feuil1!$C:$C<=DATEVALUE("30/09/2016"))*(Feuil1!$A:$A=$A116)*Feuil1!$I:$I)) -> -1263.08 | E116: =SUMPRODUCT((Feuil1!$C:$C>=DATEVALUE("01/10/2016"))*((Feuil1!$C:$C<=DATEVALUE("31/10/2016"))*(Feuil1!$A:$A=$A116)*Feuil1!$I:$I)) -> -196.78 | F116: =SUMPRODUCT((Feuil1!$C:$C>=DATEVALUE("01/11/2016"))*((Feuil1!$C:$C<=DATEVALUE("30/11/2016"))*(Feuil1!$A:$A=$A116)*Feuil1!$I:$I)) -> 0 | G116: =SUMPRODUCT((Feuil1!$C:$C>=DATEVALUE("01/12/2016"))*((Feuil1!$C:$C<=DATEVALUE("31/12/2016"))*(Feuil1!$A:$A=$A116)*Feuil1!$I:$I)) -> 0 | H116: =SUMPRODUCT((Feuil1!$C:$C>=DATEVALUE("01/01/2017"))*((Feuil1!$C:$C<=DATEVALUE("31/01/2017"))*(Feuil1!$A:$A=$A116)*Feuil1!$I:$I)) -> -20 | I116: =SUMPRODUCT((Feuil1!$C:$C>=DATEVALUE("01/02/2017"))*((Feuil1!$C:$C<=DATEVALUE("28/02/2017"))*(Feuil1!$A:$A=$A116)*Feuil1!$I:$I)) -> -112.94 | J116: =SUMPRODUCT((Feuil1!$C:$C>=DATEVALUE("01/03/2017"))*((Feuil1!$C:$C<=DATEVALUE("31/03/2017"))*(Feuil1!$A:$A=$A116)*Feuil1!$I:$I)) -> 0 | K116: =SUMPRODUCT((Feuil1!$C:$C>=DATEVALUE("01/04/2017"))*((Feuil1!$C:$C<=DATEVALUE("30/04/2017"))*(Feuil1!$A:$A=$A116)*Feuil1!$I:$I)) -> 0 | L116: =SUMPRODUCT((Feuil1!$C:$C>=DATEVALUE("01/05/2017"))*((Feuil1!$C:$C<=DATEVALUE("31/05/2017"))*(Feuil1!$A:$A=$A116)*Feuil1!$I:$I)) -> -95 | M116: =SUMPRODUCT((Feuil1!$C:$C>=DATEVALUE("01/06/2017"))*((Feuil1!$C:$C<=DATEVALUE("30/06/2017"))*(Feuil1!$A:$A=$A116)*Feuil1!$I:$I)) -> 0 | N116: =SUMPRODUCT((Feuil1!$C:$C>=DATEVALUE("01/07/2017"))*((Feuil1!$C:$C<=DATEVALUE("31/07/2017"))*(Feuil1!$A:$A=$A116)*Feuil1!$I:$I)) -> 0 | O116: =SUMPRODUCT((Feuil1!$C:$C>=DATEVALUE("01/08/2017"))*((Feuil1!$C:$C<=DATEVALUE("31/08/2017"))*(Feuil1!$A:$A=$A116)*Feuil1!$I:$I)) -> 0
A118: Frais fonctionnement et bureau | D118: =SUM(D108:D117) -> -1366.96 | E118: =SUM(E108:E117) -> -386.98 | F118: =SUM(F108:F117) -> -107.08 | G118: =SUM(G108:G117) -> -197.88 | H118: =SUM(H108:H117) -> -130.18 | I118: =SUM(I108:I117) -> -218.52 | J118: =SUM(J108:J117) -> -1509.51 | K118: =SUM(K108:K117) -> -112.88 | ... O118: =SUM(O108:O117) -> -617.22
A120: 620110 | B120: Licence | D120: =SUMPRODUCT((Feuil1!$C:$C>=DATEVALUE("01/09/2016"))*((Feuil1!$C:$C<=DATEVALUE("30/09/2016"))*(Feuil1!$A:$A=$A120)*Feuil1!$I:$I)) -> 0 | E120: =SUMPRODUCT((Feuil1!$C:$C>=DATEVALUE("01/10/2016"))*((Feuil1!$C:$C<=DATEVALUE("31/10/2016"))*(Feuil1!$A:$A=$A120)*Feuil1!$I:$I)) -> -6743 | F120: =SUMPRODUCT((Feuil1!$C:$C>=DATEVALUE("01/11/2016"))*((Feuil1!$C:$C<=DATEVALUE("30/11/2016"))*(Feuil1!$A:$A=$A120)*Feuil1!$I:$I)) -> -1898 | G120: =SUMPRODUCT((Feuil1!$C:$C>=DATEVALUE("01/12/2016"))*((Feuil1!$C:$C<=DATEVALUE("31/12/2016"))*(Feuil1!$A:$A=$A120)*Feuil1!$I:$I)) -> -174 | H120: =SUMPRODUCT((Feuil1!$C:$C>=DATEVALUE("01/01/2017"))*((Feuil1!$C:$C<=DATEVALUE("31/01/2017"))*(Feuil1!$A:$A=$A120)*Feuil1!$I:$I)) -> -390 | I120: =SUMPRODUCT((Feuil1!$C:$C>=DATEVALUE("01/02/2017"))*((Feuil1!$C:$C<=DATEVALUE("28/02/2017"))*(Feuil1!$A:$A=$A120)*Feuil1!$I:$I)) -> -55 | J120: =SUMPRODUCT((Feuil1!$C:$C>=DATEVALUE("01/03/2017"))*((Feuil1!$C:$C<=DATEVALUE("31/03/2017"))*(Feuil1!$A:$A=$A120)*Feuil1!$I:$I)) -> 0 | K120: =SUMPRODUCT((Feuil1!$C:$C>=DATEVALUE("01/04/2017"))*((Feuil1!$C:$C<=DATEVALUE("30/04/2017"))*(Feuil1!$A:$A=$A120)*Feuil1!$I:$I)) -> -58 | L120: =SUMPRODUCT((Feuil1!$C:$C>=DATEVALUE("01/05/2017"))*((Feuil1!$C:$C<=DATEVALUE("31/05/2017"))*(Feuil1!$A:$A=$A120)*Feuil1!$I:$I)) -> -81 | M120: =SUMPRODUCT((Feuil1!$C:$C>=DATEVALUE("01/06/2017"))*((Feuil1!$C:$C<=DATEVALUE("30/06/2017"))*(Feuil1!$A:$A=$A120)*Feuil1!$I:$I)) -> 0 | N120: =SUMPRODUCT((Feuil1!$C:$C>=DATEVALUE("01/07/2017"))*((Feuil1!$C:$C<=DATEVALUE("31/07/2017"))*(Feuil1!$A:$A=$A120)*Feuil1!$I:$I)) -> -70 | O120: =SUMPRODUCT((Feuil1!$C:$C>=DATEVALUE("01/08/2017"))*((Feuil1!$C:$C<=DATEVALUE("31/08/2017"))*(Feuil1!$A:$A=$A120)*Feuil1!$I:$I)) -> -69
A121: 620120 | B121: Trophée P Chatrier | D121: =SUMPRODUCT((Feuil1!$C:$C>=DATEVALUE("01/09/2016"))*((Feuil1!$C:$C<=DATEVALUE("30/09/2016"))*(Feuil1!$A:$A=$A121)*Feuil1!$I:$I)) -> 0 | E121: =SUMPRODUCT((Feuil1!$C:$C>=DATEVALUE("01/10/2016"))*((Feuil1!$C:$C<=DATEVALUE("31/10/2016"))*(Feuil1!$A:$A=$A121)*Feuil1!$I:$I)) -> 0 | F121: =SUMPRODUCT((Feuil1!$C:$C>=DATEVALUE("01/11/2016"))*((Feuil1!$C:$C<=DATEVALUE("30/11/2016"))*(Feuil1!$A:$A=$A121)*Feuil1!$I:$I)) -> 0 | G121: =SUMPRODUCT((Feuil1!$C:$C>=DATEVALUE("01/12/2016"))*((Feuil1!$C:$C<=DATEVALUE("31/12/2016"))*(Feuil1!$A:$A=$A121)*Feuil1!$I:$I)) -> 0 | H121: =SUMPRODUCT((Feuil1!$C:$C>=DATEVALUE("01/01/2017"))*((Feuil1!$C:$C<=DATEVALUE("31/01/2017"))*(Feuil1!$A:$A=$A121)*Feuil1!$I:$I)) -> 0 | I121: =SUMPRODUCT((Feuil1!$C:$C>=DATEVALUE("01/02/2017"))*((Feuil1!$C:$C<=DATEVALUE("28/02/2017"))*(Feuil1!$A:$A=$A121)*Feuil1!$I:$I)) -> 0 | J121: =SUMPRODUCT((Feuil1!$C:$C>=DATEVALUE("01/03/2017"))*((Feuil1!$C:$C<=DATEVALUE("31/03/2017"))*(Feuil1!$A:$A=$A121)*Feuil1!$I:$I)) -> 0 | K121: =SUMPRODUCT((Feuil1!$C:$C>=DATEVALUE("01/04/2017"))*((Feuil1!$C:$C<=DATEVALUE("30/04/2017"))*(Feuil1!$A:$A=$A121)*Feuil1!$I:$I)) -> 0 | L121: =SUMPRODUCT((Feuil1!$C:$C>=DATEVALUE("01/05/2017"))*((Feuil1!$C:$C<=DATEVALUE("31/05/2017"))*(Feuil1!$A:$A=$A121)*Feuil1!$I:$I)) -> 0 | M121: =SUMPRODUCT((Feuil1!$C:$C>=DATEVALUE("01/06/2017"))*((Feuil1!$C:$C<=DATEVALUE("30/06/2017"))*(Feuil1!$A:$A=$A121)*Feuil1!$I:$I)) -> 0 | N121: =SUMPRODUCT((Feuil1!$C:$C>=DATEVALUE("01/07/2017"))*((Feuil1!$C:$C<=DATEVALUE("31/07/2017"))*(Feuil1!$A:$A=$A121)*Feuil1!$I:$I)) -> 0 | O121: =SUMPRODUCT((Feuil1!$C:$C>=DATEVALUE("01/08/2017"))*((Feuil1!$C:$C<=DATEVALUE("31/08/2017"))*(Feuil1!$A:$A=$A121)*Feuil1!$I:$I)) -> -1026
A122: 621110 | B122: Place Rolland Garros | D122: =SUMPRODUCT((Feuil1!$C:$C>=DATEVALUE("01/09/2016"))*((Feuil1!$C:$C<=DATEVALUE("30/09/2016"))*(Feuil1!$A:$A=$A122)*Feuil1!$I:$I)) -> 0 | E122: =SUMPRODUCT((Feuil1!$C:$C>=DATEVALUE("01/10/2016"))*((Feuil1!$C:$C<=DATEVALUE("31/10/2016"))*(Feuil1!$A:$A=$A122)*Feuil1!$I:$I)) -> 0 | F122: =SUMPRODUCT((Feuil1!$C:$C>=DATEVALUE("01/11/2016"))*((Feuil1!$C:$C<=DATEVALUE("30/11/2016"))*(Feuil1!$A:$A=$A122)*Feuil1!$I:$I)) -> 0 | G122: =SUMPRODUCT((Feuil1!$C:$C>=DATEVALUE("01/12/2016"))*((Feuil1!$C:$C<=DATEVALUE("31/12/2016"))*(Feuil1!$A:$A=$A122)*Feuil1!$I:$I)) -> 0 | H122: =SUMPRODUCT((Feuil1!$C:$C>=DATEVALUE("01/01/2017"))*((Feuil1!$C:$C<=DATEVALUE("31/01/2017"))*(Feuil1!$A:$A=$A122)*Feuil1!$I:$I)) -> 0 | I122: =SUMPRODUCT((Feuil1!$C:$C>=DATEVALUE("01/02/2017"))*((Feuil1!$C:$C<=DATEVALUE("28/02/2017"))*(Feuil1!$A:$A=$A122)*Feuil1!$I:$I)) -> 0 | J122: =SUMPRODUCT((Feuil1!$C:$C>=DATEVALUE("01/03/2017"))*((Feuil1!$C:$C<=DATEVALUE("31/03/2017"))*(Feuil1!$A:$A=$A122)*Feuil1!$I:$I)) -> 0 | K122: =SUMPRODUCT((Feuil1!$C:$C>=DATEVALUE("01/04/2017"))*((Feuil1!$C:$C<=DATEVALUE("30/04/2017"))*(Feuil1!$A:$A=$A122)*Feuil1!$I:$I)) -> 0 | L122: =SUMPRODUCT((Feuil1!$C:$C>=DATEVALUE("01/05/2017"))*((Feuil1!$C:$C<=DATEVALUE("31/05/2017"))*(Feuil1!$A:$A=$A122)*Feuil1!$I:$I)) -> 0 | M122: =SUMPRODUCT((Feuil1!$C:$C>=DATEVALUE("01/06/2017"))*((Feuil1!$C:$C<=DATEVALUE("30/06/2017"))*(Feuil1!$A:$A=$A122)*Feuil1!$I:$I)) -> 0 | N122: =SUMPRODUCT((Feuil1!$C:$C>=DATEVALUE("01/07/2017"))*((Feuil1!$C:$C<=DATEVALUE("31/07/2017"))*(Feuil1!$A:$A=$A122)*Feuil1!$I:$I)) -> 0 | O122: =SUMPRODUCT((Feuil1!$C:$C>=DATEVALUE("01/08/2017"))*((Feuil1!$C:$C<=DATEVALUE("31/08/2017"))*(Feuil1!$A:$A=$A122)*Feuil1!$I:$I)) -> 0
A123: 621130 | B123: Autres aides | D123: =SUMPRODUCT((Feuil1!$C:$C>=DATEVALUE("01/09/2016"))*((Feuil1!$C:$C<=DATEVALUE("30/09/2016"))*(Feuil1!$A:$A=$A123)*Feuil1!$I:$I)) -> 0 | E123: =SUMPRODUCT((Feuil1!$C:$C>=DATEVALUE("01/10/2016"))*((Feuil1!$C:$C<=DATEVALUE("31/10/2016"))*(Feuil1!$A:$A=$A123)*Feuil1!$I:$I)) -> 0 | F123: =SUMPRODUCT((Feuil1!$C:$C>=DATEVALUE("01/11/2016"))*((Feuil1!$C:$C<=DATEVALUE("30/11/2016"))*(Feuil1!$A:$A=$A123)*Feuil1!$I:$I)) -> 0 | G123: =SUMPRODUCT((Feuil1!$C:$C>=DATEVALUE("01/12/2016"))*((Feuil1!$C:$C<=DATEVALUE("31/12/2016"))*(Feuil1!$A:$A=$A123)*Feuil1!$I:$I)) -> 0 | H123: =SUMPRODUCT((Feuil1!$C:$C>=DATEVALUE("01/01/2017"))*((Feuil1!$C:$C<=DATEVALUE("31/01/2017"))*(Feuil1!$A:$A=$A123)*Feuil1!$I:$I)) -> 0 | I123: =SUMPRODUCT((Feuil1!$C:$C>=DATEVALUE("01/02/2017"))*((Feuil1!$C:$C<=DATEVALUE("28/02/2017"))*(Feuil1!$A:$A=$A123)*Feuil1!$I:$I)) -> 0 | J123: =SUMPRODUCT((Feuil1!$C:$C>=DATEVALUE("01/03/2017"))*((Feuil1!$C:$C<=DATEVALUE("31/03/2017"))*(Feuil1!$A:$A=$A123)*Feuil1!$I:$I)) -> 0 | K123: =SUMPRODUCT((Feuil1!$C:$C>=DATEVALUE("01/04/2017"))*((Feuil1!$C:$C<=DATEVALUE("30/04/2017"))*(Feuil1!$A:$A=$A123)*Feuil1!$I:$I)) -> 0 | L123: =SUMPRODUCT((Feuil1!$C:$C>=DATEVALUE("01/05/2017"))*((Feuil1!$C:$C<=DATEVALUE("31/05/2017"))*(Feuil1!$A:$A=$A123)*Feuil1!$I:$I)) -> -90 | M123: =SUMPRODUCT((Feuil1!$C:$C>=DATEVALUE("01/06/2017"))*((Feuil1!$C:$C<=DATEVALUE("30/06/2017"))*(Feuil1!$A:$A=$A123)*Feuil1!$I:$I)) -> 0 | N123: =SUMPRODUCT((Feuil1!$C:$C>=DATEVALUE("01/07/2017"))*((Feuil1!$C:$C<=DATEVALUE("31/07/2017"))*(Feuil1!$A:$A=$A123)*Feuil1!$I:$I)) -> 0 | O123: =SUMPRODUCT((Feuil1!$C:$C>=DATEVALUE("01/08/2017"))*((Feuil1!$C:$C<=DATEVALUE("31/08/2017"))*(Feuil1!$A:$A=$A123)*Feuil1!$I:$I)) -> 0
A125: Reversement licence et divers | D125: =SUM(D120:D124) -> 0 | E125: =SUM(E120:E124) -> -6743 | F125: =SUM(F120:F124) -> -1898 | G125: =SUM(G120:G124) -> -174 | H125: =SUM(H120:H124) -> -390 | I125: =SUM(I120:I124) -> -55 | J125: =SUM(J120:J124) -> 0 | K125: =SUM(K120:K124) -> -58 | ... O125: =SUM(O120:O124) -> -1095
A127: 622110 | B127: Frais inscription ligue (+ les taxes tournois) | D127: =SUMPRODUCT((Feuil1!$C:$C>=DATEVALUE("01/09/2016"))*((Feuil1!$C:$C<=DATEVALUE("30/09/2016"))*(Feuil1!$A:$A=$A127)*Feuil1!$I:$I)) -> -152 | E127: =SUMPRODUCT((Feuil1!$C:$C>=DATEVALUE("01/10/2016"))*((Feuil1!$C:$C<=DATEVALUE("31/10/2016"))*(Feuil1!$A:$A=$A127)*Feuil1!$I:$I)) -> -276 | F127: =SUMPRODUCT((Feuil1!$C:$C>=DATEVALUE("01/11/2016"))*((Feuil1!$C:$C<=DATEVALUE("30/11/2016"))*(Feuil1!$A:$A=$A127)*Feuil1!$I:$I)) -> -132 | G127: =SUMPRODUCT((Feuil1!$C:$C>=DATEVALUE("01/12/2016"))*((Feuil1!$C:$C<=DATEVALUE("31/12/2016"))*(Feuil1!$A:$A=$A127)*Feuil1!$I:$I)) -> -92 | H127: =SUMPRODUCT((Feuil1!$C:$C>=DATEVALUE("01/01/2017"))*((Feuil1!$C:$C<=DATEVALUE("31/01/2017"))*(Feuil1!$A:$A=$A127)*Feuil1!$I:$I)) -> -92 | I127: =SUMPRODUCT((Feuil1!$C:$C>=DATEVALUE("01/02/2017"))*((Feuil1!$C:$C<=DATEVALUE("28/02/2017"))*(Feuil1!$A:$A=$A127)*Feuil1!$I:$I)) -> -157 | J127: =SUMPRODUCT((Feuil1!$C:$C>=DATEVALUE("01/03/2017"))*((Feuil1!$C:$C<=DATEVALUE("31/03/2017"))*(Feuil1!$A:$A=$A127)*Feuil1!$I:$I)) -> -138 | K127: =SUMPRODUCT((Feuil1!$C:$C>=DATEVALUE("01/04/2017"))*((Feuil1!$C:$C<=DATEVALUE("30/04/2017"))*(Feuil1!$A:$A=$A127)*Feuil1!$I:$I)) -> -132 | L127: =SUMPRODUCT((Feuil1!$C:$C>=DATEVALUE("01/05/2017"))*((Feuil1!$C:$C<=DATEVALUE("31/05/2017"))*(Feuil1!$A:$A=$A127)*Feuil1!$I:$I)) -> -440 | M127: =SUMPRODUCT((Feuil1!$C:$C>=DATEVALUE("01/06/2017"))*((Feuil1!$C:$C<=DATEVALUE("30/06/2017"))*(Feuil1!$A:$A=$A127)*Feuil1!$I:$I)) -> -48 | N127: =SUMPRODUCT((Feuil1!$C:$C>=DATEVALUE("01/07/2017"))*((Feuil1!$C:$C<=DATEVALUE("31/07/2017"))*(Feuil1!$A:$A=$A127)*Feuil1!$I:$I)) -> 0 | O127: =SUMPRODUCT((Feuil1!$C:$C>=DATEVALUE("01/08/2017"))*((Feuil1!$C:$C<=DATEVALUE("31/08/2017"))*(Feuil1!$A:$A=$A127)*Feuil1!$I:$I)) -> 0
A128: 622120 | B128: Frais d'arbitrage | D128: =SUMPRODUCT((Feuil1!$C:$C>=DATEVALUE("01/09/2016"))*((Feuil1!$C:$C<=DATEVALUE("30/09/2016"))*(Feuil1!$A:$A=$A128)*Feuil1!$I:$I)) -> 0 | E128: =SUMPRODUCT((Feuil1!$C:$C>=DATEVALUE("01/10/2016"))*((Feuil1!$C:$C<=DATEVALUE("31/10/2016"))*(Feuil1!$A:$A=$A128)*Feuil1!$I:$I)) -> 0 | F128: =SUMPRODUCT((Feuil1!$C:$C>=DATEVALUE("01/11/2016"))*((Feuil1!$C:$C<=DATEVALUE("30/11/2016"))*(Feuil1!$A:$A=$A128)*Feuil1!$I:$I)) -> 0 | G128: =SUMPRODUCT((Feuil1!$C:$C>=DATEVALUE("01/12/2016"))*((Feuil1!$C:$C<=DATEVALUE("31/12/2016"))*(Feuil1!$A:$A=$A128)*Feuil1!$I:$I)) -> 0 | H128: =SUMPRODUCT((Feuil1!$C:$C>=DATEVALUE("01/01/2017"))*((Feuil1!$C:$C<=DATEVALUE("31/01/2017"))*(Feuil1!$A:$A=$A128)*Feuil1!$I:$I)) -> 0 | I128: =SUMPRODUCT((Feuil1!$C:$C>=DATEVALUE("01/02/2017"))*((Feuil1!$C:$C<=DATEVALUE("28/02/2017"))*(Feuil1!$A:$A=$A128)*Feuil1!$I:$I)) -> 0 | J128: =SUMPRODUCT((Feuil1!$C:$C>=DATEVALUE("01/03/2017"))*((Feuil1!$C:$C<=DATEVALUE("31/03/2017"))*(Feuil1!$A:$A=$A128)*Feuil1!$I:$I)) -> 0 | K128: =SUMPRODUCT((Feuil1!$C:$C>=DATEVALUE("01/04/2017"))*((Feuil1!$C:$C<=DATEVALUE("30/04/2017"))*(Feuil1!$A:$A=$A128)*Feuil1!$I:$I)) -> -300 | L128: =SUMPRODUCT((Feuil1!$C:$C>=DATEVALUE("01/05/2017"))*((Feuil1!$C:$C<=DATEVALUE("31/05/2017"))*(Feuil1!$A:$A=$A128)*Feuil1!$I:$I)) -> -150 | M128: =SUMPRODUCT((Feuil1!$C:$C>=DATEVALUE("01/06/2017"))*((Feuil1!$C:$C<=DATEVALUE("30/06/2017"))*(Feuil1!$A:$A=$A128)*Feuil1!$I:$I)) -> 0 | N128: =SUMPRODUCT((Feuil1!$C:$C>=DATEVALUE("01/07/2017"))*((Feuil1!$C:$C<=DATEVALUE("31/07/2017"))*(Feuil1!$A:$A=$A128)*Feuil1!$I:$I)) -> 0 | O128: =SUMPRODUCT((Feuil1!$C:$C>=DATEVALUE("01/08/2017"))*((Feuil1!$C:$C<=DATEVALUE("31/08/2017"))*(Feuil1!$A:$A=$A128)*Feuil1!$I:$I)) -> 0
...
